Workbook
Name \i: #REF!
Name _Dias_U_Acumulados: #REF!
Name _Feriados: #REF!
Name _IND1: #REF!
Name a: #REF!
Name aaaaa: #REF!
Name acq: #REF!
Name Acquisition_Date: #REF!
Name adicionado_ant: #REF!
Name adicionados: #REF!
Name aFeriados: #REF!
Name aFeriadosUK: #REF!
Name Agente_Fiduciario: #REF!
Name AllRaw: #REF!
Name AllSummary: #REF!
Name Amortizacao_Mezanino: #REF!
Name Amortizacao_Senior: #REF!
Name Amortizacao_Subordinada: #REF!
Name AMT.SENIOR: OFFSET(#REF!,0,0,#REF!)
Name AMT.SENIOR.CONS: OFFSET(#REF!,0,0,COUNTIF(#REF!,">0"))
Name AMT.SUB: OFFSET(#REF!,0,0,#REF!)
Name AMT.SUB.CONS: OFFSET(#REF!,0,0,COUNTIF(#REF!,">0"))
Name analise_start: #REF!
Name ANO: OFFSET(#REF!,0,0,#REF!)
Name ANO.CONS: OFFSET(#REF!,0,0,COUNTIF(#REF!,">0"))
Name AP_COFINS: #REF!
Name AP_CSLL: #REF!
Name AP_PIS: #REF!
Name aquisição: #REF!
Name AREA: #REF!
Name Área: #REF!
Name AreaResult: #REF!
Name Areas_FC: #REF!
Name arley: #REF!
Name arq_cipasa: #REF!
Name arq_r1: #REF!
Name arq_r2: #REF!
Name arq_r3: #REF!
Name arq_r4: #REF!
Name arq_r5: #REF!
Name arq_r6: #REF!
Name arq_r7: #REF!
Name arred_j: #REF!
Name as: #REF!
Name ASK: #REF!
Name assunto_email_AF: #REF!
Name ATIVO: #REF!
Name aut: #REF!
Name b: #REF!
Name base: #REF!
Name BID: #REF!
Name boletas_consolidadas: #REF!
Name BoletasCalc: #REF!
Name Broker_fee: #REF!
Name BRUS: #REF!
Name BTS_SLB: #REF!
Name But_Close: #REF!
Name But_Print: #REF!
Name C_: #REF!
Name calculo: #REF!

Sheet Fechamento
B4: Apelido da operação: | C4: DEB 4E Precatório Nomos | E4: Código IF 1ªS: | F4: SOUS14 | H4: Conta de PS: | I4: 341 | 0271 | 34338-6 | K4: Emissora: | L4: Sou Capital | O4: Agencia de Rating: | P4: N/A
B5: Instrumento: | C5: DEB | E5: Código ISIN 1ªS: | F5: BRSOUSDBS067 | H5: Conta Arrecadadora: | K5: Coordenador Líder | L5: Sou Capital | O5: Agente Fiduciário: | P5: N/A
B6: Emissão: | C6: 4 | E6: Remuneração 1ªS: | F6: DI + 7,00% | H6: Conta Escrow: | K6: Cedente: | L6: Vários PF | O6: Custodiante: | P6: Oliveira Trust DTVM
B7: Séries: | C7: 2 | E7: Código IF 2ªS: | F7: SOUS24 | H7: Conta Livre Movimentação: | I7: Cedente | K7: Locatária: | O7: Escriturador: | P7: Oliveira Trust DTVM
B8: Data de Emissão: | C8: 46168 | E8: Código ISIN 2ªS: | F8: BRSOUSDBS075 | H8: Liquidante: | I8: Oliveira Trust DTVM | K8: Lastro: | O8: Agente Liquidante: | P8: Oliveira Trust DTVM
B9: Data de Vencimento: | C9: 46533 | E9: Remuneração 2ªS: | F9: - | K9: Garantia:
A11: Data de Verificação | B11: Data de Pgto DEB | C11: Data Final Mês de Referência | D11: Operação | F11: Conta Patrimônio Separado | H11: PMT DEB ("Valor Mínimo Mensal") 1ª Série da 4ª Emissão | K11: PMT DEB ("Valor Mínimo Mensal") 2ª Série da 4ª Emissão | N11: Saldos Pós Evento | P11: Coobrigação/ Devolução - Ordem de Prioridade de Pagamentos | Z11: Fundo de Despesa
D12: Emissão | E12: Série | F12: Ag | G12: c/c | H12: Juros | I12: Amortização | J12: Total | K12: Juros | L12: Amortização | M12: Total | N12: Saldo Devedor 1ª Série da 4ª E (SD - PMT) | O12: Saldo Devedor 2ª Série da 4ª E (SD - PMT) | P12: Recebíveis Direitos Creditórios | Q12: (i) Despesas | R12: (ii) Encargos | S12: (iii) Remuneração da DEB 1ªS | T12: (iv) Amortização de Principal da DEB 1ªS | U12: (v) Resgate da DEB 1ªS (quando aplicável) | V12: (vi) Honorários Assessor Legal 7,5% | W12: (vii) Taxa de Performance | X12: (viii) Prêmio Sobre a Receita dos DC | Y12: (ix) Resgate da DEB 2ªS | Z12: Valor mínimo | AA12: Saldo Fundo de Despesa | AB12: Fundo de Despesa | AC12: Recomposição
A13: =WORKDAY(EOMONTH(C13,-1),10,'Feriados!'!Feriados) -> 46188 | B13: 46199 | C13: =WORKDAY.INTL(EOMONTH(B13,0)+1,-1,1,'Feriados!'!Feriados) -> 46203 | D13: 4ª | E13: 1ª e 2ª | F13: 271 | G13: 34338-6 | H13: =VLOOKUP($B13,'PuDiario 4E 1S'!$A:$BQ,11,0)*VLOOKUP(Fechamento!B13,'PuDiario 4E 1S'!$A:$BQ,19,0) -> 154796.24 | I13: =VLOOKUP($B13,'PuDiario 4E 1S'!$A:$BQ,16,0)*VLOOKUP(Fechamento!B13,'PuDiario 4E 1S'!$A:$BQ,19,0) -> 0 | J13: =IF(H13="","",H13+I13) -> 154796.24 | K13: =VLOOKUP($B13,'PuDiario 4E 2S'!$A:$BQ,11,0)*VLOOKUP(Fechamento!B13,'PuDiario 4E 2S'!$A:$BQ,19,0) -> 0 | L13: =VLOOKUP($B13,'PuDiario 4E 2S'!$A:$BQ,16,0)*VLOOKUP(B13,'PuDiario 4E 2S'!$A:$BQ,19,0) -> 0 | M13: =IF(K13="","",K13+L13) -> 0 | N13: =VLOOKUP($B13,'PuDiario 4E 1S'!$A:$BQ,18,0)*VLOOKUP(Fechamento!B13,'PuDiario 4E 1S'!$A:$BQ,19,0) -> 8868796.2 | O13: =VLOOKUP($B13,'PuDiario 4E 2S'!$A:$BQ,18,0)*VLOOKUP(B13,'PuDiario 4E 2S'!$A:$BQ,19,0) -> 1536000 | P13: 0 | Q13: 0 | R13: 0 | S13: 0 | T13: =I13 -> 0 | U13: 0 | V13: 0 | W13: 0 | X13: 0 | Y13: 0 | Z13: 25000 | AA13: =Fundos!G10 -> 130183.08 | AB13: =IF(AA13<Z13,"Necessário Recomposição","Em Conformidade") -> Em Conformidade | AC13: =IF(AB13="Em Conformidade","0,00",Z13-AA13) -> 0,00
A14: =WORKDAY(EOMONTH(C14,-1),10,'Feriados!'!Feriados) -> 46217 | B14: 46230 | C14: =WORKDAY.INTL(EOMONTH(B14,0)+1,-1,1,'Feriados!'!Feriados) -> 46234 | D14: 4ª | E14: 1ª e 2ª | F14: 271 | G14: 34338-6 | H14: =VLOOKUP($B14,'PuDiario 4E 1S'!$A:$BQ,11,0)*VLOOKUP(Fechamento!B14,'PuDiario 4E 1S'!$A:$BQ,19,0) -> 149053.4 | I14: =VLOOKUP($B14,'PuDiario 4E 1S'!$A:$BQ,16,0)*VLOOKUP(Fechamento!B14,'PuDiario 4E 1S'!$A:$BQ,19,0) -> 0 | J14: =IF(H14="","",H14+I14) -> 149053.4 | K14: =VLOOKUP($B14,'PuDiario 4E 2S'!$A:$BQ,11,0)*VLOOKUP(Fechamento!B14,'PuDiario 4E 2S'!$A:$BQ,19,0) -> 0 | L14: =VLOOKUP($B14,'PuDiario 4E 2S'!$A:$BQ,16,0)*VLOOKUP(B14,'PuDiario 4E 2S'!$A:$BQ,19,0) -> 0 | M14: =IF(K14="","",K14+L14) -> 0 | N14: =VLOOKUP($B14,'PuDiario 4E 1S'!$A:$BQ,18,0)*VLOOKUP(Fechamento!B14,'PuDiario 4E 1S'!$A:$BQ,19,0) -> 9017849.6 | O14: =VLOOKUP($B14,'PuDiario 4E 2S'!$A:$BQ,18,0)*VLOOKUP(B14,'PuDiario 4E 2S'!$A:$BQ,19,0) -> 1536000 | P14: 0 | Q14: 0 | R14: 0 | S14: 0 | T14: =I14 -> 0 | U14: 0 | V14: 0 | W14: 0 | X14: 0 | Y14: 0 | Z14: 25000 | AA14: =Fundos!G11 -> 131396.65 | AB14: =IF(AA14<Z14,"Necessário Recomposição","Em Conformidade") -> Em Conformidade | AC14: =IF(AB14="Em Conformidade","0,00",Z14-AA14) -> 0,00
A15: =WORKDAY(EOMONTH(C15,-1),10,'Feriados!'!Feriados) -> 46248 | B15: 46260 | C15: =WORKDAY.INTL(EOMONTH(B15,0)+1,-1,1,'Feriados!'!Feriados) -> 46265 | D15: 4ª | E15: 1ª e 2ª | F15: 271 | G15: 34338-6 | J15: =IF(H15="","",H15+I15) | M15: =IF(K15="","",K15+L15) | Z15: 25000
A16: =WORKDAY(EOMONTH(C16,-1),10,'Feriados!'!Feriados) -> 46280 | B16: 46293 | C16: =WORKDAY.INTL(EOMONTH(B16,0)+1,-1,1,'Feriados!'!Feriados) -> 46295 | D16: 4ª | E16: 1ª e 2ª | F16: 271 | G16: 34338-6 | J16: =IF(H16="","",H16+I16) | M16: =IF(K16="","",K16+L16) | Z16: 25000
A17: =WORKDAY(EOMONTH(C17,-1),10,'Feriados!'!Feriados) -> 46310 | B17: 46321 | C17: =WORKDAY.INTL(EOMONTH(B17,0)+1,-1,1,'Feriados!'!Feriados) -> 46325 | D17: 4ª | E17: 1ª e 2ª | F17: 271 | G17: 34338-6 | J17: =IF(H17="","",H17+I17) | M17: =IF(K17="","",K17+L17) | Z17: 25000
A18: =WORKDAY(EOMONTH(C18,-1),10,'Feriados!'!Feriados) -> 46342 | B18: 46352 | C18: =WORKDAY.INTL(EOMONTH(B18,0)+1,-1,1,'Feriados!'!Feriados) -> 46356 | D18: 4ª | E18: 1ª e 2ª | F18: 271 | G18: 34338-6 | J18: =IF(H18="","",H18+I18) | M18: =IF(K18="","",K18+L18) | Z18: 25000
A19: =WORKDAY(EOMONTH(C19,-1),10,'Feriados!'!Feriados) -> 46370 | B19: 46384 | C19: =WORKDAY.INTL(EOMONTH(B19,0)+1,-1,1,'Feriados!'!Feriados) -> 46387 | D19: 4ª | E19: 1ª e 2ª | F19: 271 | G19: 34338-6 | J19: =IF(H19="","",H19+I19) | M19: =IF(K19="","",K19+L19) | Z19: 25000
A20: =WORKDAY(EOMONTH(C20,-1),10,'Feriados!'!Feriados) -> 46402 | B20: 46413 | C20: =WORKDAY.INTL(EOMONTH(B20,0)+1,-1,1,'Feriados!'!Feriados) -> 46416 | D20: 4ª | E20: 1ª e 2ª | F20: 271 | G20: 34338-6 | J20: =IF(H20="","",H20+I20) | M20: =IF(K20="","",K20+L20) | Z20: 25000
A21: =WORKDAY(EOMONTH(C21,-1),10,'Feriados!'!Feriados) -> 46434 | B21: 46444 | C21: =WORKDAY.INTL(EOMONTH(B21,0)+1,-1,1,'Feriados!'!Feriados) -> 46444 | D21: 4ª | E21: 1ª e 2ª | F21: 271 | G21: 34338-6 | J21: =IF(H21="","",H21+I21) | M21: =IF(K21="","",K21+L21) | Z21: 25000
A22: =WORKDAY(EOMONTH(C22,-1),10,'Feriados!'!Feriados) -> 46458 | B22: 46475 | C22: =WORKDAY.INTL(EOMONTH(B22,0)+1,-1,1,'Feriados!'!Feriados) -> 46477 | D22: 4ª | E22: 1ª e 2ª | F22: 271 | G22: 34338-6 | J22: =IF(H22="","",H22+I22) | M22: =IF(K22="","",K22+L22) | Z22: 25000
A23: =WORKDAY(EOMONTH(C23,-1),10,'Feriados!'!Feriados) -> 46491 | B23: 46503 | C23: =WORKDAY.INTL(EOMONTH(B23,0)+1,-1,1,'Feriados!'!Feriados) -> 46507 | D23: 4ª | E23: 1ª e 2ª | F23: 271 | G23: 34338-6 | J23: =IF(H23="","",H23+I23) | M23: =IF(K23="","",K23+L23) | Z23: 25000
A24: =WORKDAY(EOMONTH(C24,-1),10,'Feriados!'!Feriados) -> 46521 | B24: 46533 | C24: =WORKDAY.INTL(EOMONTH(B24,0)+1,-1,1,'Feriados!'!Feriados) -> 46538 | D24: 4ª | E24: 1ª e 2ª | F24: 271 | G24: 34338-6 | J24: =IF(H24="","",H24+I24) | M24: =IF(K24="","",K24+L24) | Z24: 25000

Sheet Extrato C_34338-6
B5: Conta Centralizadora
B6: Banco | C6: ITAU
B7: Agência | C7: 271
B8: Conta | C8: 34338-6
B9: Série | C9: 1ª e 2ª
B11: Data | C11: Lançamento | D11: Razão Social | E11: CPF/CNPJ | F11: Valor (R$) | G11: Saldo (R$) | H11: Referência | I11: Classificação | J11: Observação
B12: 29/05/2026 | C12: TED 111.0001.SOU S S | D12: SOU SECURITIZADORA S.A | E12: 62.271.128/0001-47 | F12: 10263995 | H12: =WORKDAY.INTL(EOMONTH(B12,0)+1,-1,1,'Feriados!'!Feriados) -> 46171 | I12: INTEGRALIZAÇÃO | J12: 1ª E 2ª SÉRIES
B13: 29/05/2026 | C13: SISPAG FORNECEDORES | F13: -9763818.8 | H13: =WORKDAY.INTL(EOMONTH(B13,0)+1,-1,1,'Feriados!'!Feriados) -> 46171 | I13: LIBERAÇÃO | J13: CESSÃO
B14: 29/05/2026 | C14: SISPAG FORNECEDORES | F14: -40000 | H14: =WORKDAY.INTL(EOMONTH(B14,0)+1,-1,1,'Feriados!'!Feriados) -> 46171 | I14: DESPESA | J14: FLAT - ASSESSOR LEGAL
B15: 29/05/2026 | C15: SALDO TOTAL DISPONÍVEL DIA | G15: 460175.71 | H15: =WORKDAY.INTL(EOMONTH(B15,0)+1,-1,1,'Feriados!'!Feriados) -> 46171 | I15: SALDO
B16: 01/06/2026 | C16: SISPAG FORNECEDORES | F16: -2142 | H16: =WORKDAY.INTL(EOMONTH(B16,0)+1,-1,1,'Feriados!'!Feriados) -> 46203 | I16: DESPESA | J16: FLAT - PUBLICAÇÃO
B17: 01/06/2026 | C17: SALDO TOTAL DISPONÍVEL DIA | G17: 458033.71 | H17: =WORKDAY.INTL(EOMONTH(B17,0)+1,-1,1,'Feriados!'!Feriados) -> 46203 | I17: SALDO
B18: 02/06/2026 | C18: TAR MANUT CONTA 05/26 | F18: -87 | H18: =WORKDAY.INTL(EOMONTH(B18,0)+1,-1,1,'Feriados!'!Feriados) -> 46203 | I18: DESPESA | J18: TARIFA
B19: 02/06/2026 | C19: TAR PIX PGTO TRANSF | F19: -1.65 | H19: =WORKDAY.INTL(EOMONTH(B19,0)+1,-1,1,'Feriados!'!Feriados) -> 46203 | I19: DESPESA | J19: TARIFA
B20: 02/06/2026 | C20: SISPAG FORNECEDORES | F20: -39037.7 | H20: =WORKDAY.INTL(EOMONTH(B20,0)+1,-1,1,'Feriados!'!Feriados) -> 46203 | I20: DESPESA | J20: FLAT - EMISSÃO E TAXA DE GESTÃO 06.2026 SOU CAPITAL
B21: 02/06/2026 | C21: SALDO TOTAL DISPONÍVEL DIA | G21: 418907.36 | H21: =WORKDAY.INTL(EOMONTH(B21,0)+1,-1,1,'Feriados!'!Feriados) -> 46203 | I21: SALDO | J21: SALDO
B22: 03/06/2026 | C22: APLICACAO CDB DI | F22: -130000 | H22: =WORKDAY.INTL(EOMONTH(B22,0)+1,-1,1,'Feriados!'!Feriados) -> 46203 | I22: APLICAÇÃO
B23: 03/06/2026 | C23: SALDO TOTAL DISPONÍVEL DIA | G23: 288907.36 | H23: =WORKDAY.INTL(EOMONTH(B23,0)+1,-1,1,'Feriados!'!Feriados) -> 46203 | I23: SALDO
B24: 05/06/2026 | C24: SISPAG FORNECEDORES | F24: -238638.24 | H24: =WORKDAY.INTL(EOMONTH(B24,0)+1,-1,1,'Feriados!'!Feriados) -> 46203 | I24: DESPESA | J24: FLAT - ORIGINAÇÃO
B25: 05/06/2026 | C25: SALDO TOTAL DISPONÍVEL DIA | G25: 50269.12 | H25: =WORKDAY.INTL(EOMONTH(B25,0)+1,-1,1,'Feriados!'!Feriados) -> 46203 | I25: SALDO
B26: 08/06/2026 | C26: SISPAG FORNECEDORES | F26: -10000 | H26: =WORKDAY.INTL(EOMONTH(B26,0)+1,-1,1,'Feriados!'!Feriados) -> 46203 | I26: DESPESA | J26: ATLAS FEE
B27: 08/06/2026 | C27: SALDO TOTAL DISPONÍVEL DIA | G27: 40269.12 | H27: =WORKDAY.INTL(EOMONTH(B27,0)+1,-1,1,'Feriados!'!Feriados) -> 46203 | I27: SALDO
B28: 11/06/2026 | C28: PIX RECEBIDO SOU SEC11/06 | D28: SOU SECURITIZADORA S.A | E28: 62.271.128/0001-47 | F28: 8710.3 | H28: =WORKDAY.INTL(EOMONTH(B28,0)+1,-1,1,'Feriados!'!Feriados) -> 46203 | I28: PAGAMENTO | J28: DEVOLUÇÃO PIS COFINS NOMOS
B29: 11/06/2026 | C29: SISPAG FORNECEDORES | F29: -8710.3 | H29: =WORKDAY.INTL(EOMONTH(B29,0)+1,-1,1,'Feriados!'!Feriados) -> 46203 | I29: DESPESA | J29: DEVOLUÇÃO PIS COFINS NOMOS
B30: 11/06/2026 | C30: SISPAG FORNECEDORES | D30: LINK - CONSULTORIA CONTABIL E | E30: 03.997.580/0001-21 | F30: -258.08 | H30: =WORKDAY.INTL(EOMONTH(B30,0)+1,-1,1,'Feriados!'!Feriados) -> 46203 | I30: DESPESA | J30: LINK
B31: 11/06/2026 | C31: SISPAG FORNECEDORES | D31: LINK - CONSULTORIA CONTABIL E | E31: 03.997.580/0001-21 | F31: -16.92 | H31: =WORKDAY.INTL(EOMONTH(B31,0)+1,-1,1,'Feriados!'!Feriados) -> 46203 | I31: DESPESA | J31: SOU REEMBOLSO B3
B32: 11/06/2026 | C32: SALDO TOTAL DISPONÍVEL DIA | G32: 39994.12 | H32: =WORKDAY.INTL(EOMONTH(B32,0)+1,-1,1,'Feriados!'!Feriados) -> 46203 | I32: SALDO
B33: 46196 | C33: SISPAG FORNECEDORES | D33: ATLAS SECURITIZADORA S.A | E33: 66.442.571/0001-94 | F33: -1500 | H33: =WORKDAY.INTL(EOMONTH(B33,0)+1,-1,1,'Feriados!'!Feriados) -> 46203 | I33: DESPESA | J33: TAXA MONITORAMENTO
B34: 23/06/2026 | C34: SALDO TOTAL DISPONÍVEL DIA | G34: 38494.12 | H34: =WORKDAY.INTL(EOMONTH(B34,0)+1,-1,1,'Feriados!'!Feriados) -> 46203 | I34: SALDO
B35: 02/07/2026 | C35: TAR MANUT CONTA 06/26 | F35: -87 | H35: =WORKDAY.INTL(EOMONTH(B35,0)+1,-1,1,'Feriados!'!Feriados) -> 46234 | I35: DESPESA | J35: TARIFA
B36: 02/07/2026 | C36: TAR PIX PGTO TRANSF | F36: -4.4 | H36: =WORKDAY.INTL(EOMONTH(B36,0)+1,-1,1,'Feriados!'!Feriados) -> 46234 | I36: DESPESA | J36: TARIFA
B37: 02/07/2026 | C37: SALDO TOTAL DISPONÍVEL DIA | G37: 38402.72 | H37: =WORKDAY.INTL(EOMONTH(B37,0)+1,-1,1,'Feriados!'!Feriados) -> 46234 | I37: SALDO
B38: 07/07/2026 | C38: SISPAG FORNECEDORES | D38: LINK - CONSULTORIA CONTABIL E | E38: 03.997.580/0001-21 | F38: -258.08 | H38: =WORKDAY.INTL(EOMONTH(B38,0)+1,-1,1,'Feriados!'!Feriados) -> 46234 | I38: DESPESA | J38: LINK
B39: 07/07/2026 | C39: SISPAG FORNECEDORES | D39: LINK - CONSULTORIA CONTABIL E | E39: 03.997.580/0001-21 | F39: -16.92 | H39: =WORKDAY.INTL(EOMONTH(B39,0)+1,-1,1,'Feriados!'!Feriados) -> 46234 | I39: DESPESA | J39: SOU REEMBOLSO B3
B40: 07/07/2026 | C40: SALDO TOTAL DISPONÍVEL DIA | G40: 38127.72 | H40: =WORKDAY.INTL(EOMONTH(B40,0)+1,-1,1,'Feriados!'!Feriados) -> 46234 | I40: SALDO
B41: 08/07/2026 | C41: SISPAG FORNECEDORES | D41: SOU SECURITIZADORA S.A | E41: 62.271.128/0001-47 | F41: -5272.93 | H41: =WORKDAY.INTL(EOMONTH(B41,0)+1,-1,1,'Feriados!'!Feriados) -> 46234 | I41: DESPESA | J41: TAXA DE GESTÃO
B42: 08/07/2026 | C42: SALDO TOTAL DISPONÍVEL DIA | G42: 32854.79 | H42: =WORKDAY.INTL(EOMONTH(B42,0)+1,-1,1,'Feriados!'!Feriados) -> 46234 | I42: SALDO

Sheet Fundos
G5: Valor Inicial Fundo de Despesas | H5: 130000 | L5: Valor Inicial Fundo de Despesas Flat | M5: 346932.8
G6: Valor Mínimo | H6: 25000
F8: Fundo de Despesa | K8: Fundo de Despesas Flat
C9: Período | D9: Data de Apuração | F9: Valor Mínimo | G9: Saldo | H9: Status | I9: Valor para Recomposição | K9: Valor Mínimo | L9: Saldo | M9: Status | N9: Valor para Recomposição
C10: 1 | D10: =Fechamento!A13 -> 46188 | F10: =$H$6 -> 25000 | G10: 130183.08 | H10: =IF(G10="","-",IF(G10>=F10,"Em Conformidade","Necessária Recomposição")) -> Em Conformidade | I10: =IF(H10="-","-",IF(H10="Em Conformidade","-",F10-G10)) -> - | K10: 0 | L10: 20430.96 | M10: =IF(L10="","-",IF(L10>=K10,"Em Conformidade","Necessária Recomposição")) -> Em Conformidade | N10: =IF(M10="-","-",IF(M10="Em Conformidade","-",K10-L10)) -> -
C11: =C10+1 -> 2 | D11: =Fechamento!A14 -> 46217 | F11: =$H$6 -> 25000 | G11: 131396.65 | H11: =IF(G11="","-",IF(G11>=F11,"Em Conformidade","Necessária Recomposição")) -> Em Conformidade | I11: =IF(H11="-","-",IF(H11="Em Conformidade","-",F11-G11)) -> - | K11: 0 | L11: 0 | M11: =IF(L11="","-",IF(L11>=K11,"Em Conformidade","Necessária Recomposição")) -> Em Conformidade | N11: =IF(M11="-","-",IF(M11="Em Conformidade","-",K11-L11)) -> -
C12: =C11+1 -> 3 | D12: =Fechamento!A15 -> 46248 | F12: =$H$6 -> 25000 | H12: =IF(G12="","-",IF(G12>=F12,"Em Conformidade","Necessária Recomposição")) -> - | I12: =IF(H12="-","-",IF(H12="Em Conformidade","-",F12-G12)) -> -
C13: =C12+1 -> 4 | D13: =Fechamento!A16 -> 46280 | F13: =$H$6 -> 25000 | H13: =IF(G13="","-",IF(G13>=F13,"Em Conformidade","Necessária Recomposição")) -> - | I13: =IF(H13="-","-",IF(H13="Em Conformidade","-",F13-G13)) -> -
C14: =C13+1 -> 5 | D14: =Fechamento!A17 -> 46310 | F14: =$H$6 -> 25000 | H14: =IF(G14="","-",IF(G14>=F14,"Em Conformidade","Necessária Recomposição")) -> - | I14: =IF(H14="-","-",IF(H14="Em Conformidade","-",F14-G14)) -> -
C15: =C14+1 -> 6 | D15: =Fechamento!A18 -> 46342 | F15: =$H$6 -> 25000 | H15: =IF(G15="","-",IF(G15>=F15,"Em Conformidade","Necessária Recomposição")) -> - | I15: =IF(H15="-","-",IF(H15="Em Conformidade","-",F15-G15)) -> -
C16: =C15+1 -> 7 | D16: =Fechamento!A19 -> 46370 | F16: =$H$6 -> 25000 | H16: =IF(G16="","-",IF(G16>=F16,"Em Conformidade","Necessária Recomposição")) -> - | I16: =IF(H16="-","-",IF(H16="Em Conformidade","-",F16-G16)) -> -
C17: =C16+1 -> 8 | D17: =Fechamento!A20 -> 46402 | F17: =$H$6 -> 25000 | H17: =IF(G17="","-",IF(G17>=F17,"Em Conformidade","Necessária Recomposição")) -> - | I17: =IF(H17="-","-",IF(H17="Em Conformidade","-",F17-G17)) -> -
C18: =C17+1 -> 9 | D18: =Fechamento!A21 -> 46434 | F18: =$H$6 -> 25000 | H18: =IF(G18="","-",IF(G18>=F18,"Em Conformidade","Necessária Recomposição")) -> - | I18: =IF(H18="-","-",IF(H18="Em Conformidade","-",F18-G18)) -> -
C19: =C18+1 -> 10 | D19: =Fechamento!A22 -> 46458 | F19: =$H$6 -> 25000 | H19: =IF(G19="","-",IF(G19>=F19,"Em Conformidade","Necessária Recomposição")) -> - | I19: =IF(H19="-","-",IF(H19="Em Conformidade","-",F19-G19)) -> -
C20: =C19+1 -> 11 | D20: =Fechamento!A23 -> 46491 | F20: =$H$6 -> 25000 | H20: =IF(G20="","-",IF(G20>=F20,"Em Conformidade","Necessária Recomposição")) -> - | I20: =IF(H20="-","-",IF(H20="Em Conformidade","-",F20-G20)) -> -
C21: =C20+1 -> 12 | D21: =Fechamento!A24 -> 46521 | F21: =$H$6 -> 25000 | H21: =IF(G21="","-",IF(G21>=F21,"Em Conformidade","Necessária Recomposição")) -> - | I21: =IF(H21="-","-",IF(H21="Em Conformidade","-",F21-G21)) -> -

Sheet Despesas
M6: FLAT | R6: STATUS | S6: DATA | T6: NF Site
M7: B3 | N7: Registro da Operação | O7: 6714.5 | P7: 0 | Q7: 6714.5
M8: Atlas | N8: Estruturação | O8: 10000 | P8: 0.0565 | Q8: 10598.83 | R8: PAGO | S8: 46181 | T8: OK
M9: Nomos | N9: Originação | O9: 238638.24 | P9: 0 | Q9: 238638.24 | R9: PAGO | S9: 46178 | T9: OK
M10: Koga | N10: Assessor Legal | O10: 40000 | P10: 0 | Q10: 40000 | R10: PAGO | S10: 46171
M11: SOU | N11: Emissor + Coordenador Líder | O11: 30000 | P11: 0.1115 | Q11: 33764.77 | R11: PAGO | S11: 46175 | T11: OK
M12: OT | N12: Escriturador e Custodiante | O12: 10000 | P12: 0.1465 | Q12: 11716.46
M13: JUCESP | N13: Registro na Junta | O13: 2000 | P13: 0 | Q13: 2000
M14: Jornal | N14: Publicação ata de Emissão | O14: 3500 | P14: 0 | Q14: 3500 | R14: PAGO | S14: 46174
O15: =SUM(O7:O14) -> 340852.74 | Q15: =SUM(Q7:Q14) -> 346932.8
M18: RECORRENTE ANUAL | R18: 2026
R19: STATUS | S19: DATA | T19: NF Site
M20: CLA Audit | N20: Auditoria | O20: 3000 | P20: 0.1425 | Q20: 3498.54
M21: OT | N21: Escriturador e Custodiante | O21: 10000 | P21: 0.1465 | Q21: 11716.46 | R21: PAGO | S21: 46181
O22: =SUM(O20:O21) -> 13000 | Q22: =SUM(Q20:Q21) -> 15215
M25: RECORRENTE MENSAL | R25: 46174 | U25: 46204 | X25: 46235 | AA25: 46266
R26: STATUS | S26: DATA | T26: NF Site | U26: STATUS | V26: DATA | W26: NF Site | X26: STATUS | Y26: DATA | Z26: NF Site | AA26: STATUS | AB26: DATA | AC26: NF Site
M27: SOU | N27: Taxa de Gestão | O27: 4685 | P27: 0.1115 | Q27: 5272.93 | R27: PAGO | S27: 46175 | T27: OK
M28: Atlas | N28: Taxa de Monitoramento | O28: 1500 | P28: 0 | Q28: 1500 | R28: PAGO | S28: 46196 | T28: OK
M29: Link | N29: Contador | O29: 270 | P29: 0.0965 | Q29: 298.84 | R29: PAGO | S29: 46184
M30: Itaú | N30: Conta corrente / Banco Liq | O30: 100 | P30: 0 | Q30: 100
O31: =SUM(O27:O30) -> 6555 | Q31: =SUM(Q27:Q30) -> 7171.77

Sheet Integralizações
B5: Data | C5: Nome | D5: Quantidade | E5: Serie | F5: PU | G5: Financeiro
B6: 46170 | C6: Itauna | D6: 8714 | E6: 1 | F6: 1000 | G6: =F6*D6 -> 8714000
B7: 46170 | C7: Itauna | D7: 1536 | E7: 2 | F7: 1000 | G7: =F7*D7 -> 1536000
D8: =SUM(D6:D7) -> 10250 | G8: =SUM(G6:G7) -> 10250000

Sheet Mapa de Cláusulas
B5: Partes | J5: Contas | S5: Registro e colocação das Debêntures | AB5: Cessão | AJ5: Verificação 10º DU | AR5: AMEX Obrigatória - Cash Sweep | BA5: Ordem de Prioridade de Pagamentos | BJ5: Fundo de Despesas | BS5: Prêmio 2ªS | CA5: Evento de Aceleração | CK5: Administração dos Direitos Creditórios
J19: Notificação B3
AC81: TOTAL | AE81: CEDIDO
AB82: a) | AC82: 1147888.2 | AE82: 1147888.2
AB83: a) | AC83: 1707048.6
AB84: b) | AC84: 1147888.2 | AE84: 1147888.2
AB85: b) | AC85: 1138032.4
AB86: c) | AC86: 1147888.2 | AE86: 1147888.2
AB87: c) | AC87: 1138032.4
AB88: d) | AC88: 1147888.2 | AE88: 1147888.2
AB89: d) | AC89: 341409.71
AB90: e) | AC90: 1503744.8 | AE90: 573944.1
AB91: e) | AC91: 227606.48
AB92: f) | AC92: 3443664.6 | AE92: 3443664.6
AB93: g) | AC93: 178911.82 | AE93: 178911.82
AB94: h) | AC94: 172183.23 | AE94: 608300.19
AB95: h) | AC95: 2325853.7
AB96: i) | AC96: 2295776.4 | AE96: 1147888.2
AB97: i) | AC97: 1192745.5
AB98: j) | AC98: 357823.64 | AE98: 357823.64
AC99: =SUM(AC82:AC98) -> 20614386 | AE99: =SUM(AE82:AE98) -> 10902085

Sheet PuDiario 4E 1S
A1: Nome | B1: DEB 4E S1 (Precatório Nomos)
A2: Nome Fantasia | B2: DEB 4E S1 (Precatório Nomos)
A3: Código do Contrato CETIP | B3: SOUS14
A4: Agente Fiduciário
A5: Taxa de Juros (26/05/2026) | B5: CDI + 7.0000 % a.a.
A7: Data | B7: Valor Unitário Base | C7: Fator Correção | D7: Valor Unitário Corrigido | E7: Fator DI | F7: Fator DI Acumulado | G7: Fator Spread | H7: Fator Spread X DI | I7: Juros Esperado | J7: Juros Extra | K7: Juros Real | L7: Valor Unitário Corrigido Mais Juros (Valor Unitário Atualizado) | M7: Tai (%) | N7: Amortização Esperada | O7: Amortização Extra | P7: Amortização Real | Q7: Valor Unitário Liberação | R7: Valor Unitário Residual | S7: Quantidade | T7: Valor Total | U7: Pagamento Curva Un. | V7: Prêmio Pré-pagamento Un. | W7: Prêmio Genérico Un. | X7: Pgto. Juros Total | Y7: Pgto. Amort. Ord. (Principal) Total | Z7: Pgto. Amort. Ord. (Correção) Total | AA7: Pgto. Amex (Principal) Total | AB7: Pgto. Amex (Correção) Total | AC7: Pgto. Prêmios Total | AD7: Pgto. Total (Sem inadimpência) | AE7: Data Original Evento | AF7: Data de Vencimento do Evento | AG7: Fator Índice desde Início | AH7: DUP Correção | AI7: DUT Correção | AJ7: DUP Juros | AK7: DUT Juros | AL7: Data Do Índice Utilizado | AM7: Valor Do Índice Utilizado | AN7: Data Do Índice Utilizado (div) | AO7: Valor Do Índice Utilizado (div) | AP7: Fator Multa | AQ7: Fator Mora | AR7: Mora DUP | AS7: Mora DUT | AT7: PU do Juros Inad. p/ Multa | AU7: Multa do Juros | AV7: PU da Amort Inad. p/ Multa | AW7: Multa da Amort | AX7: PU do Juros Inad. p/ Mora | AY7: Correção Inad. Juros | AZ7: Juros sobre Inad. Juros | BA7: Mora Inad. Juros | BB7: PU da Amort Inad. p/ Mora | BC7: Correção Inad. Amort | BD7: Juros sobre Inad. Amort | BE7: Mora Inad. Amort | BF7: Pgto. Multa Juros | BG7: Pgto. Multa Amort | BH7: Pgto. Mora Juros | BI7: Pgto. Mora Amort | BJ7: Pgto. Juros sobre Juros Inad. | BK7: Pgto. Juros sobre Amort Inad. | BL7: Pgto. Correção Juros Inad. | BM7: Pgto. Correção Amort Inad. | BN7: Pgto. Principal Juros Inad. | BO7: Pgto. Principal Amort Inad. | BP7: Pgto. Total | BQ7: Houve Incorporação de Juros?
A8: 46168 | B8: 1000 | D8: 1000 | E8: 1 | F8: 1 | G8: 0 | H8: 0 | I8: 0 | J8: 0 | K8: 0 | L8: 1000 | M8: 0 | N8: 0 | O8: 0 | P8: 0 | Q8: 0 | R8: 1000 | S8: 0 | T8: 0 | U8: 0 | V8: 0 | W8: 0 | X8: 0 | Y8: 0 | Z8: 0 | AA8: 0 | AB8: 0 | AC8: 0 | AD8: 0 | AG8: 0 | AH8: 0 | AI8: 0 | AJ8: 0 | AK8: 0 | AL8: 46164 | AM8: 14.4 | AP8: 0 | AQ8: 0 | AR8: 0 | AS8: 0 | AT8: 0 | AU8: 0 | AV8: 0 | AW8: 0 | AX8: 0 | AY8: 0 | AZ8: 0 | BA8: 0 | BB8: 0 | BC8: 0 | BD8: 0 | BE8: 0 | BF8: 0 | BG8: 0 | BH8: 0 | BI8: 0 | BJ8: 0 | BK8: 0 | BL8: 0 | BM8: 0 | BN8: 0 | BO8: 0 | BP8: 0 | BQ8: Não
A9: 46169 | B9: 1000 | D9: 1000 | E9: 1.000534 | F9: 1.000534 | G9: 1.0002685 | H9: 1.0008027 | I9: 0.802666 | J9: 0 | K9: 0.802666 | L9: 1000.8027 | N9: 0 | O9: 0 | P9: 0 | Q9: 0 | R9: 1000.8027 | S9: 0 | T9: 0 | U9: 0 | V9: 0 | W9: 0 | X9: 0 | Y9: 0 | Z9: 0 | AA9: 0 | AB9: 0 | AC9: 0 | AD9: 0 | AG9: 0 | AH9: 0 | AI9: 0 | AJ9: 1 | AK9: 252 | AL9: 46167 | AM9: 14.4 | AP9: 0 | AQ9: 0 | AR9: 0 | AS9: 0 | AT9: 0 | AU9: 0 | AV9: 0 | AW9: 0 | AX9: 0 | AY9: 0 | AZ9: 0 | BA9: 0 | BB9: 0 | BC9: 0 | BD9: 0 | BE9: 0 | BF9: 0 | BG9: 0 | BH9: 0 | BI9: 0 | BJ9: 0 | BK9: 0 | BL9: 0 | BM9: 0 | BN9: 0 | BO9: 0 | BP9: 0 | BQ9: Não
A10: 46170 | B10: 1000 | D10: 1000 | E10: 1.000534 | F10: 1.0010683 | G10: 1.0005371 | H10: 1.001606 | I10: 1.605982 | J10: 0 | K10: 1.605982 | L10: 1001.606 | N10: 0 | O10: 0 | P10: 0 | Q10: 0 | R10: 1001.606 | S10: 8714 | T10: 8727994.5 | U10: 0 | V10: 0 | W10: 0 | X10: 0 | Y10: 0 | Z10: 0 | AA10: 0 | AB10: 0 | AC10: 0 | AD10: 0 | AG10: 0 | AH10: 0 | AI10: 0 | AJ10: 2 | AK10: 252 | AL10: 46168 | AM10: 14.4 | AP10: 0 | AQ10: 0 | AR10: 0 | AS10: 0 | AT10: 0 | AU10: 0 | AV10: 0 | AW10: 0 | AX10: 0 | AY10: 0 | AZ10: 0 | BA10: 0 | BB10: 0 | BC10: 0 | BD10: 0 | BE10: 0 | BF10: 0 | BG10: 0 | BH10: 0 | BI10: 0 | BJ10: 0 | BK10: 0 | BL10: 0 | BM10: 0 | BN10: 0 | BO10: 0 | BP10: 0 | BQ10: Não
A11: 46171 | B11: 1000 | D11: 1000 | E11: 1.000534 | F11: 1.0016029 | G11: 1.0008058 | H11: 1.0024099 | I11: 2.409937 | J11: 0 | K11: 2.409937 | L11: 1002.4099 | N11: 0 | O11: 0 | P11: 0 | Q11: 0 | R11: 1002.4099 | S11: 8714 | T11: 8735000.2 | U11: 0 | V11: 0 | W11: 0 | X11: 0 | Y11: 0 | Z11: 0 | AA11: 0 | AB11: 0 | AC11: 0 | AD11: 0 | AG11: 0 | AH11: 0 | AI11: 0 | AJ11: 3 | AK11: 252 | AL11: 46169 | AM11: 14.4 | AP11: 0 | AQ11: 0 | AR11: 0 | AS11: 0 | AT11: 0 | AU11: 0 | AV11: 0 | AW11: 0 | AX11: 0 | AY11: 0 | AZ11: 0 | BA11: 0 | BB11: 0 | BC11: 0 | BD11: 0 | BE11: 0 | BF11: 0 | BG11: 0 | BH11: 0 | BI11: 0 | BJ11: 0 | BK11: 0 | BL11: 0 | BM11: 0 | BN11: 0 | BO11: 0 | BP11: 0 | BQ11: Não
A12: 46172 | B12: 1000 | D12: 1000 | E12: 1 | F12: 1.0016029 | G12: 1.0008058 | H12: 1.0024099 | I12: 2.409937 | J12: 0 | K12: 2.409937 | L12: 1002.4099 | N12: 0 | O12: 0 | P12: 0 | Q12: 0 | R12: 1002.4099 | S12: 8714 | T12: 8735000.2 | U12: 0 | V12: 0 | W12: 0 | X12: 0 | Y12: 0 | Z12: 0 | AA12: 0 | AB12: 0 | AC12: 0 | AD12: 0 | AG12: 0 | AH12: 0 | AI12: 0 | AJ12: 3 | AK12: 252 | AL12: 46170 | AM12: 14.4 | AP12: 0 | AQ12: 0 | AR12: 0 | AS12: 0 | AT12: 0 | AU12: 0 | AV12: 0 | AW12: 0 | AX12: 0 | AY12: 0 | AZ12: 0 | BA12: 0 | BB12: 0 | BC12: 0 | BD12: 0 | BE12: 0 | BF12: 0 | BG12: 0 | BH12: 0 | BI12: 0 | BJ12: 0 | BK12: 0 | BL12: 0 | BM12: 0 | BN12: 0 | BO12: 0 | BP12: 0 | BQ12: Não
A13: 46173 | B13: 1000 | D13: 1000 | E13: 1 | F13: 1.0016029 | G13: 1.0008058 | H13: 1.0024099 | I13: 2.409937 | J13: 0 | K13: 2.409937 | L13: 1002.4099 | N13: 0 | O13: 0 | P13: 0 | Q13: 0 | R13: 1002.4099 | S13: 8714 | T13: 8735000.2 | U13: 0 | V13: 0 | W13: 0 | X13: 0 | Y13: 0 | Z13: 0 | AA13: 0 | AB13: 0 | AC13: 0 | AD13: 0 | AG13: 0 | AH13: 0 | AI13: 0 | AJ13: 3 | AK13: 252 | AL13: 46170 | AM13: 14.4 | AP13: 0 | AQ13: 0 | AR13: 0 | AS13: 0 | AT13: 0 | AU13: 0 | AV13: 0 | AW13: 0 | AX13: 0 | AY13: 0 | AZ13: 0 | BA13: 0 | BB13: 0 | BC13: 0 | BD13: 0 | BE13: 0 | BF13: 0 | BG13: 0 | BH13: 0 | BI13: 0 | BJ13: 0 | BK13: 0 | BL13: 0 | BM13: 0 | BN13: 0 | BO13: 0 | BP13: 0 | BQ13: Não
A14: 46174 | B14: 1000 | D14: 1000 | E14: 1.000534 | F14: 1.0021377 | G14: 1.0010745 | H14: 1.0032145 | I14: 3.214531 | J14: 0 | K14: 3.214531 | L14: 1003.2145 | N14: 0 | O14: 0 | P14: 0 | Q14: 0 | R14: 1003.2145 | S14: 8714 | T14: 8742011.4 | U14: 0 | V14: 0 | W14: 0 | X14: 0 | Y14: 0 | Z14: 0 | AA14: 0 | AB14: 0 | AC14: 0 | AD14: 0 | AG14: 0 | AH14: 0 | AI14: 0 | AJ14: 4 | AK14: 252 | AL14: 46170 | AM14: 14.4 | AP14: 0 | AQ14: 0 | AR14: 0 | AS14: 0 | AT14: 0 | AU14: 0 | AV14: 0 | AW14: 0 | AX14: 0 | AY14: 0 | AZ14: 0 | BA14: 0 | BB14: 0 | BC14: 0 | BD14: 0 | BE14: 0 | BF14: 0 | BG14: 0 | BH14: 0 | BI14: 0 | BJ14: 0 | BK14: 0 | BL14: 0 | BM14: 0 | BN14: 0 | BO14: 0 | BP14: 0 | BQ14: Não
A15: 46175 | B15: 1000 | D15: 1000 | E15: 1.000534 | F15: 1.0026729 | G15: 1.0013433 | H15: 1.0040198 | I15: 4.019776 | J15: 0 | K15: 4.019776 | L15: 1004.0198 | N15: 0 | O15: 0 | P15: 0 | Q15: 0 | R15: 1004.0198 | S15: 8714 | T15: 8749028.3 | U15: 0 | V15: 0 | W15: 0 | X15: 0 | Y15: 0 | Z15: 0 | AA15: 0 | AB15: 0 | AC15: 0 | AD15: 0 | AG15: 0 | AH15: 0 | AI15: 0 | AJ15: 5 | AK15: 252 | AL15: 46171 | AM15: 14.4 | AP15: 0 | AQ15: 0 | AR15: 0 | AS15: 0 | AT15: 0 | AU15: 0 | AV15: 0 | AW15: 0 | AX15: 0 | AY15: 0 | AZ15: 0 | BA15: 0 | BB15: 0 | BC15: 0 | BD15: 0 | BE15: 0 | BF15: 0 | BG15: 0 | BH15: 0 | BI15: 0 | BJ15: 0 | BK15: 0 | BL15: 0 | BM15: 0 | BN15: 0 | BO15: 0 | BP15: 0 | BQ15: Não
A16: 46176 | B16: 1000 | D16: 1000 | E16: 1.000534 | F16: 1.0032083 | G16: 1.0016122 | H16: 1.0048257 | I16: 4.82567 | J16: 0 | K16: 4.82567 | L16: 1004.8257 | N16: 0 | O16: 0 | P16: 0 | Q16: 0 | R16: 1004.8257 | S16: 8714 | T16: 8756050.9 | U16: 0 | V16: 0 | W16: 0 | X16: 0 | Y16: 0 | Z16: 0 | AA16: 0 | AB16: 0 | AC16: 0 | AD16: 0 | AG16: 0 | AH16: 0 | AI16: 0 | AJ16: 6 | AK16: 252 | AL16: 46174 | AM16: 14.4 | AP16: 0 | AQ16: 0 | AR16: 0 | AS16: 0 | AT16: 0 | AU16: 0 | AV16: 0 | AW16: 0 | AX16: 0 | AY16: 0 | AZ16: 0 | BA16: 0 | BB16: 0 | BC16: 0 | BD16: 0 | BE16: 0 | BF16: 0 | BG16: 0 | BH16: 0 | BI16: 0 | BJ16: 0 | BK16: 0 | BL16: 0 | BM16: 0 | BN16: 0 | BO16: 0 | BP16: 0 | BQ16: Não
A17: 46177 | B17: 1000 | D17: 1000 | E17: 1 | F17: 1.0032083 | G17: 1.0016122 | H17: 1.0048257 | I17: 4.82567 | J17: 0 | K17: 4.82567 | L17: 1004.8257 | N17: 0 | O17: 0 | P17: 0 | Q17: 0 | R17: 1004.8257 | S17: 8714 | T17: 8756050.9 | U17: 0 | V17: 0 | W17: 0 | X17: 0 | Y17: 0 | Z17: 0 | AA17: 0 | AB17: 0 | AC17: 0 | AD17: 0 | AG17: 0 | AH17: 0 | AI17: 0 | AJ17: 6 | AK17: 252 | AL17: 46175 | AM17: 14.4 | AP17: 0 | AQ17: 0 | AR17: 0 | AS17: 0 | AT17: 0 | AU17: 0 | AV17: 0 | AW17: 0 | AX17: 0 | AY17: 0 | AZ17: 0 | BA17: 0 | BB17: 0 | BC17: 0 | BD17: 0 | BE17: 0 | BF17: 0 | BG17: 0 | BH17: 0 | BI17: 0 | BJ17: 0 | BK17: 0 | BL17: 0 | BM17: 0 | BN17: 0 | BO17: 0 | BP17: 0 | BQ17: Não
A18: 46178 | B18: 1000 | D18: 1000 | E18: 1.000534 | F18: 1.003744 | G18: 1.0018812 | H18: 1.0056322 | I18: 5.632207 | J18: 0 | K18: 5.632207 | L18: 1005.6322 | N18: 0 | O18: 0 | P18: 0 | Q18: 0 | R18: 1005.6322 | S18: 8714 | T18: 8763079.1 | U18: 0 | V18: 0 | W18: 0 | X18: 0 | Y18: 0 | Z18: 0 | AA18: 0 | AB18: 0 | AC18: 0 | AD18: 0 | AG18: 0 | AH18: 0 | AI18: 0 | AJ18: 7 | AK18: 252 | AL18: 46175 | AM18: 14.4 | AP18: 0 | AQ18: 0 | AR18: 0 | AS18: 0 | AT18: 0 | AU18: 0 | AV18: 0 | AW18: 0 | AX18: 0 | AY18: 0 | AZ18: 0 | BA18: 0 | BB18: 0 | BC18: 0 | BD18: 0 | BE18: 0 | BF18: 0 | BG18: 0 | BH18: 0 | BI18: 0 | BJ18: 0 | BK18: 0 | BL18: 0 | BM18: 0 | BN18: 0 | BO18: 0 | BP18: 0 | BQ18: Não
A19: 46179 | B19: 1000 | D19: 1000 | E19: 1 | F19: 1.003744 | G19: 1.0018812 | H19: 1.0056322 | I19: 5.632207 | J19: 0 | K19: 5.632207 | L19: 1005.6322 | N19: 0 | O19: 0 | P19: 0 | Q19: 0 | R19: 1005.6322 | S19: 8714 | T19: 8763079.1 | U19: 0 | V19: 0 | W19: 0 | X19: 0 | Y19: 0 | Z19: 0 | AA19: 0 | AB19: 0 | AC19: 0 | AD19: 0 | AG19: 0 | AH19: 0 | AI19: 0 | AJ19: 7 | AK19: 252 | AL19: 46176 | AM19: 14.4 | AP19: 0 | AQ19: 0 | AR19: 0 | AS19: 0 | AT19: 0 | AU19: 0 | AV19: 0 | AW19: 0 | AX19: 0 | AY19: 0 | AZ19: 0 | BA19: 0 | BB19: 0 | BC19: 0 | BD19: 0 | BE19: 0 | BF19: 0 | BG19: 0 | BH19: 0 | BI19: 0 | BJ19: 0 | BK19: 0 | BL19: 0 | BM19: 0 | BN19: 0 | BO19: 0 | BP19: 0 | BQ19: Não
A20: 46180 | B20: 1000 | D20: 1000 | E20: 1 | F20: 1.003744 | G20: 1.0018812 | H20: 1.0056322 | I20: 5.632207 | J20: 0 | K20: 5.632207 | L20: 1005.6322 | N20: 0 | O20: 0 | P20: 0 | Q20: 0 | R20: 1005.6322 | S20: 8714 | T20: 8763079.1 | U20: 0 | V20: 0 | W20: 0 | X20: 0 | Y20: 0 | Z20: 0 | AA20: 0 | AB20: 0 | AC20: 0 | AD20: 0 | AG20: 0 | AH20: 0 | AI20: 0 | AJ20: 7 | AK20: 252 | AL20: 46176 | AM20: 14.4 | AP20: 0 | AQ20: 0 | AR20: 0 | AS20: 0 | AT20: 0 | AU20: 0 | AV20: 0 | AW20: 0 | AX20: 0 | AY20: 0 | AZ20: 0 | BA20: 0 | BB20: 0 | BC20: 0 | BD20: 0 | BE20: 0 | BF20: 0 | BG20: 0 | BH20: 0 | BI20: 0 | BJ20: 0 | BK20: 0 | BL20: 0 | BM20: 0 | BN20: 0 | BO20: 0 | BP20: 0 | BQ20: Não
... A38: 46198 | B38: 1000 | D38: 1000 | E38: 1.0005253 | F38: 1.011239 | G38: 1.0056541 | H38: 1.0169566 | I38: 16.956642 | J38: 0 | K38: 16.956642 | L38: 1016.9566 | N38: 0 | O38: 0 | P38: 0 | Q38: 0 | R38: 1016.9566 | S38: 8714 | T38: 8861760.2 | U38: 0 | V38: 0 | W38: 0 | X38: 0 | Y38: 0 | Z38: 0 | AA38: 0 | AB38: 0 | AC38: 0 | AD38: 0 | AG38: 0 | AH38: 0 | AI38: 0 | AJ38: 21 | AK38: 252 | AL38: 46196 | AM38: 14.15 | AP38: 0 | AQ38: 0 | AR38: 0 | AS38: 0 | AT38: 0 | AU38: 0 | AV38: 0 | AW38: 0 | AX38: 0 | AY38: 0 | AZ38: 0 | BA38: 0 | BB38: 0 | BC38: 0 | BD38: 0 | BE38: 0 | BF38: 0 | BG38: 0 | BH38: 0 | BI38: 0 | BJ38: 0 | BK38: 0 | BL38: 0 | BM38: 0 | BN38: 0 | BO38: 0 | BP38: 0 | BQ38: Não
A39: 46199 | B39: 1000 | D39: 1000 | E39: 1.0005253 | F39: 1.0117702 | G39: 1.0059242 | H39: 1.0177641 | I39: 17.764085 | J39: 0 | K39: 17.764085 | L39: 1017.7641 | M39: 0 | N39: 0 | O39: 0 | P39: 0 | Q39: 0 | R39: 1017.7641 | S39: 8714 | T39: 8868796.2 | U39: 0 | V39: 0 | W39: 0 | X39: 0 | Y39: 0 | Z39: 0 | AA39: 0 | AB39: 0 | AC39: 0 | AD39: 0 | AG39: 0 | AH39: 0 | AI39: 0 | AJ39: 22 | AK39: 252 | AL39: 46197 | AM39: 14.15 | AP39: 0 | AQ39: 0 | AR39: 0 | AS39: 0 | AT39: 0 | AU39: 0 | AV39: 0 | AW39: 0 | AX39: 0 | AY39: 0 | AZ39: 0 | BA39: 0 | BB39: 0 | BC39: 0 | BD39: 0 | BE39: 0 | BF39: 0 | BG39: 0 | BH39: 0 | BI39: 0 | BJ39: 0 | BK39: 0 | BL39: 0 | BM39: 0 | BN39: 0 | BO39: 0 | BP39: 0 | BQ39: Sim
A40: 46200 | B40: 1017.7641 | D40: 1017.7641 | E40: 1 | F40: 1 | G40: 1 | H40: 1 | I40: 0 | J40: 0 | K40: 0 | L40: 1017.7641 | N40: 0 | O40: 0 | P40: 0 | Q40: 0 | R40: 1017.7641 | S40: 8714 | T40: 8868796.2 | U40: 0 | V40: 0 | W40: 0 | X40: 0 | Y40: 0 | Z40: 0 | AA40: 0 | AB40: 0 | AC40: 0 | AD40: 0 | AG40: 0 | AH40: 0 | AI40: 0 | AJ40: 0 | AK40: 252 | AL40: 46198 | AM40: 14.15 | AP40: 0 | AQ40: 0 | AR40: 0 | AS40: 0 | AT40: 0 | AU40: 0 | AV40: 0 | AW40: 0 | AX40: 0 | AY40: 0 | AZ40: 0 | BA40: 0 | BB40: 0 | BC40: 0 | BD40: 0 | BE40: 0 | BF40: 0 | BG40: 0 | BH40: 0 | BI40: 0 | BJ40: 0 | BK40: 0 | BL40: 0 | BM40: 0 | BN40: 0 | BO40: 0 | BP40: 0 | BQ40: Não
A41: 46201 | B41: 1017.7641 | D41: 1017.7641 | E41: 1 | F41: 1 | G41: 1 | H41: 1 | I41: 0 | J41: 0 | K41: 0 | L41: 1017.7641 | N41: 0 | O41: 0 | P41: 0 | Q41: 0 | R41: 1017.7641 | S41: 8714 | T41: 8868796.2 | U41: 0 | V41: 0 | W41: 0 | X41: 0 | Y41: 0 | Z41: 0 | AA41: 0 | AB41: 0 | AC41: 0 | AD41: 0 | AG41: 0 | AH41: 0 | AI41: 0 | AJ41: 0 | AK41: 252 | AL41: 46198 | AM41: 14.15 | AP41: 0 | AQ41: 0 | AR41: 0 | AS41: 0 | AT41: 0 | AU41: 0 | AV41: 0 | AW41: 0 | AX41: 0 | AY41: 0 | AZ41: 0 | BA41: 0 | BB41: 0 | BC41: 0 | BD41: 0 | BE41: 0 | BF41: 0 | BG41: 0 | BH41: 0 | BI41: 0 | BJ41: 0 | BK41: 0 | BL41: 0 | BM41: 0 | BN41: 0 | BO41: 0 | BP41: 0 | BQ41: Não
A42: 46202 | B42: 1017.7641 | D42: 1017.7641 | E42: 1.0005253 | F42: 1.0005253 | G42: 1.0002685 | H42: 1.000794 | I42: 0.80807822 | J42: 0 | K42: 0.80807822 | L42: 1018.5722 | N42: 0 | O42: 0 | P42: 0 | Q42: 0 | R42: 1018.5722 | S42: 8714 | T42: 8875837.8 | U42: 0 | V42: 0 | W42: 0 | X42: 0 | Y42: 0 | Z42: 0 | AA42: 0 | AB42: 0 | AC42: 0 | AD42: 0 | AG42: 0 | AH42: 0 | AI42: 0 | AJ42: 1 | AK42: 252 | AL42: 46198 | AM42: 14.15 | AP42: 0 | AQ42: 0 | AR42: 0 | AS42: 0 | AT42: 0 | AU42: 0 | AV42: 0 | AW42: 0 | AX42: 0 | AY42: 0 | AZ42: 0 | BA42: 0 | BB42: 0 | BC42: 0 | BD42: 0 | BE42: 0 | BF42: 0 | BG42: 0 | BH42: 0 | BI42: 0 | BJ42: 0 | BK42: 0 | BL42: 0 | BM42: 0 | BN42: 0 | BO42: 0 | BP42: 0 | BQ42: Não
A43: 46203 | B43: 1017.7641 | D43: 1017.7641 | E43: 1.0005253 | F43: 1.0010509 | G43: 1.0005371 | H43: 1.0015886 | I43: 1.6168017 | J43: 0 | K43: 1.6168017 | L43: 1019.3809 | N43: 0 | O43: 0 | P43: 0 | Q43: 0 | R43: 1019.3809 | S43: 8714 | T43: 8882885 | U43: 0 | V43: 0 | W43: 0 | X43: 0 | Y43: 0 | Z43: 0 | AA43: 0 | AB43: 0 | AC43: 0 | AD43: 0 | AG43: 0 | AH43: 0 | AI43: 0 | AJ43: 2 | AK43: 252 | AL43: 46199 | AM43: 14.15 | AP43: 0 | AQ43: 0 | AR43: 0 | AS43: 0 | AT43: 0 | AU43: 0 | AV43: 0 | AW43: 0 | AX43: 0 | AY43: 0 | AZ43: 0 | BA43: 0 | BB43: 0 | BC43: 0 | BD43: 0 | BE43: 0 | BF43: 0 | BG43: 0 | BH43: 0 | BI43: 0 | BJ43: 0 | BK43: 0 | BL43: 0 | BM43: 0 | BN43: 0 | BO43: 0 | BP43: 0 | BQ43: Não
A44: 46204 | B44: 1017.7641 | D44: 1017.7641 | E44: 1.0005253 | F44: 1.0015768 | G44: 1.0008058 | H44: 1.0023838 | I44: 2.4261623 | J44: 0 | K44: 2.4261623 | L44: 1020.1902 | N44: 0 | O44: 0 | P44: 0 | Q44: 0 | R44: 1020.1902 | S44: 8714 | T44: 8889937.8 | U44: 0 | V44: 0 | W44: 0 | X44: 0 | Y44: 0 | Z44: 0 | AA44: 0 | AB44: 0 | AC44: 0 | AD44: 0 | AG44: 0 | AH44: 0 | AI44: 0 | AJ44: 3 | AK44: 252 | AL44: 46202 | AM44: 14.15 | AP44: 0 | AQ44: 0 | AR44: 0 | AS44: 0 | AT44: 0 | AU44: 0 | AV44: 0 | AW44: 0 | AX44: 0 | AY44: 0 | AZ44: 0 | BA44: 0 | BB44: 0 | BC44: 0 | BD44: 0 | BE44: 0 | BF44: 0 | BG44: 0 | BH44: 0 | BI44: 0 | BJ44: 0 | BK44: 0 | BL44: 0 | BM44: 0 | BN44: 0 | BO44: 0 | BP44: 0 | BQ44: Não
A45: 46205 | B45: 1017.7641 | D45: 1017.7641 | E45: 1.0005253 | F45: 1.0021029 | G45: 1.0010745 | H45: 1.0031797 | I45: 3.2361682 | J45: 0 | K45: 3.2361682 | L45: 1021.0003 | N45: 0 | O45: 0 | P45: 0 | Q45: 0 | R45: 1021.0003 | S45: 8714 | T45: 8896996.2 | U45: 0 | V45: 0 | W45: 0 | X45: 0 | Y45: 0 | Z45: 0 | AA45: 0 | AB45: 0 | AC45: 0 | AD45: 0 | AG45: 0 | AH45: 0 | AI45: 0 | AJ45: 4 | AK45: 252 | AL45: 46203 | AM45: 14.15 | AP45: 0 | AQ45: 0 | AR45: 0 | AS45: 0 | AT45: 0 | AU45: 0 | AV45: 0 | AW45: 0 | AX45: 0 | AY45: 0 | AZ45: 0 | BA45: 0 | BB45: 0 | BC45: 0 | BD45: 0 | BE45: 0 | BF45: 0 | BG45: 0 | BH45: 0 | BI45: 0 | BJ45: 0 | BK45: 0 | BL45: 0 | BM45: 0 | BN45: 0 | BO45: 0 | BP45: 0 | BQ45: Não
A46: 46206 | B46: 1017.7641 | D46: 1017.7641 | E46: 1.0005253 | F46: 1.0026293 | G46: 1.0013433 | H46: 1.0039762 | I46: 4.0468101 | J46: 0 | K46: 4.0468101 | L46: 1021.8109 | N46: 0 | O46: 0 | P46: 0 | Q46: 0 | R46: 1021.8109 | S46: 8714 | T46: 8904060.1 | U46: 0 | V46: 0 | W46: 0 | X46: 0 | Y46: 0 | Z46: 0 | AA46: 0 | AB46: 0 | AC46: 0 | AD46: 0 | AG46: 0 | AH46: 0 | AI46: 0 | AJ46: 5 | AK46: 252 | AL46: 46204 | AM46: 14.15 | AP46: 0 | AQ46: 0 | AR46: 0 | AS46: 0 | AT46: 0 | AU46: 0 | AV46: 0 | AW46: 0 | AX46: 0 | AY46: 0 | AZ46: 0 | BA46: 0 | BB46: 0 | BC46: 0 | BD46: 0 | BE46: 0 | BF46: 0 | BG46: 0 | BH46: 0 | BI46: 0 | BJ46: 0 | BK46: 0 | BL46: 0 | BM46: 0 | BN46: 0 | BO46: 0 | BP46: 0 | BQ46: Não
A47: 46207 | B47: 1017.7641 | D47: 1017.7641 | E47: 1 | F47: 1.0026293 | G47: 1.0013433 | H47: 1.0039762 | I47: 4.0468101 | J47: 0 | K47: 4.0468101 | L47: 1021.8109 | N47: 0 | O47: 0 | P47: 0 | Q47: 0 | R47: 1021.8109 | S47: 8714 | T47: 8904060.1 | U47: 0 | V47: 0 | W47: 0 | X47: 0 | Y47: 0 | Z47: 0 | AA47: 0 | AB47: 0 | AC47: 0 | AD47: 0 | AG47: 0 | AH47: 0 | AI47: 0 | AJ47: 5 | AK47: 252 | AL47: 46205 | AM47: 14.15 | AP47: 0 | AQ47: 0 | AR47: 0 | AS47: 0 | AT47: 0 | AU47: 0 | AV47: 0 | AW47: 0 | AX47: 0 | AY47: 0 | AZ47: 0 | BA47: 0 | BB47: 0 | BC47: 0 | BD47: 0 | BE47: 0 | BF47: 0 | BG47: 0 | BH47: 0 | BI47: 0 | BJ47: 0 | BK47: 0 | BL47: 0 | BM47: 0 | BN47: 0 | BO47: 0 | BP47: 0 | BQ47: Não
A48: 46208 | B48: 1017.7641 | D48: 1017.7641 | E48: 1 | F48: 1.0026293 | G48: 1.0013433 | H48: 1.0039762 | I48: 4.0468101 | J48: 0 | K48: 4.0468101 | L48: 1021.8109 | N48: 0 | O48: 0 | P48: 0 | Q48: 0 | R48: 1021.8109 | S48: 8714 | T48: 8904060.1 | U48: 0 | V48: 0 | W48: 0 | X48: 0 | Y48: 0 | Z48: 0 | AA48: 0 | AB48: 0 | AC48: 0 | AD48: 0 | AG48: 0 | AH48: 0 | AI48: 0 | AJ48: 5 | AK48: 252 | AL48: 46205 | AM48: 14.15 | AP48: 0 | AQ48: 0 | AR48: 0 | AS48: 0 | AT48: 0 | AU48: 0 | AV48: 0 | AW48: 0 | AX48: 0 | AY48: 0 | AZ48: 0 | BA48: 0 | BB48: 0 | BC48: 0 | BD48: 0 | BE48: 0 | BF48: 0 | BG48: 0 | BH48: 0 | BI48: 0 | BJ48: 0 | BK48: 0 | BL48: 0 | BM48: 0 | BN48: 0 | BO48: 0 | BP48: 0 | BQ48: Não
A49: 46209 | B49: 1017.7641 | D49: 1017.7641 | E49: 1.0005253 | F49: 1.003156 | G49: 1.0016122 | H49: 1.0047733 | I49: 4.8580994 | J49: 0 | K49: 4.8580994 | L49: 1022.6222 | N49: 0 | O49: 0 | P49: 0 | Q49: 0 | R49: 1022.6222 | S49: 8714 | T49: 8911129.7 | U49: 0 | V49: 0 | W49: 0 | X49: 0 | Y49: 0 | Z49: 0 | AA49: 0 | AB49: 0 | AC49: 0 | AD49: 0 | AG49: 0 | AH49: 0 | AI49: 0 | AJ49: 6 | AK49: 252 | AL49: 46205 | AM49: 14.15 | AP49: 0 | AQ49: 0 | AR49: 0 | AS49: 0 | AT49: 0 | AU49: 0 | AV49: 0 | AW49: 0 | AX49: 0 | AY49: 0 | AZ49: 0 | BA49: 0 | BB49: 0 | BC49: 0 | BD49: 0 | BE49: 0 | BF49: 0 | BG49: 0 | BH49: 0 | BI49: 0 | BJ49: 0 | BK49: 0 | BL49: 0 | BM49: 0 | BN49: 0 | BO49: 0 | BP49: 0 | BQ49: Não
A50: 46210 | B50: 1017.7641 | D50: 1017.7641 | E50: 1.0005253 | F50: 1.003683 | G50: 1.0018812 | H50: 1.0055711 | I50: 5.670037 | J50: 0 | K50: 5.670037 | L50: 1023.4341 | N50: 0 | O50: 0 | P50: 0 | Q50: 0 | R50: 1023.4341 | S50: 8714 | T50: 8918204.9 | U50: 0 | V50: 0 | W50: 0 | X50: 0 | Y50: 0 | Z50: 0 | AA50: 0 | AB50: 0 | AC50: 0 | AD50: 0 | AG50: 0 | AH50: 0 | AI50: 0 | AJ50: 7 | AK50: 252 | AL50: 46206 | AM50: 14.15 | AP50: 0 | AQ50: 0 | AR50: 0 | AS50: 0 | AT50: 0 | AU50: 0 | AV50: 0 | AW50: 0 | AX50: 0 | AY50: 0 | AZ50: 0 | BA50: 0 | BB50: 0 | BC50: 0 | BD50: 0 | BE50: 0 | BF50: 0 | BG50: 0 | BH50: 0 | BI50: 0 | BJ50: 0 | BK50: 0 | BL50: 0 | BM50: 0 | BN50: 0 | BO50: 0 | BP50: 0 | BQ50: Não
A51: 46211 | B51: 1017.7641 | D51: 1017.7641 | E51: 1.0005253 | F51: 1.0042102 | G51: 1.0021502 | H51: 1.0063695 | I51: 6.4826127 | J51: 0 | K51: 6.4826127 | L51: 1024.2467 | N51: 0 | O51: 0 | P51: 0 | Q51: 0 | R51: 1024.2467 | S51: 8714 | T51: 8925285.7 | U51: 0 | V51: 0 | W51: 0 | X51: 0 | Y51: 0 | Z51: 0 | AA51: 0 | AB51: 0 | AC51: 0 | AD51: 0 | AG51: 0 | AH51: 0 | AI51: 0 | AJ51: 8 | AK51: 252 | AL51: 46209 | AM51: 14.15 | AP51: 0 | AQ51: 0 | AR51: 0 | AS51: 0 | AT51: 0 | AU51: 0 | AV51: 0 | AW51: 0 | AX51: 0 | AY51: 0 | AZ51: 0 | BA51: 0 | BB51: 0 | BC51: 0 | BD51: 0 | BE51: 0 | BF51: 0 | BG51: 0 | BH51: 0 | BI51: 0 | BJ51: 0 | BK51: 0 | BL51: 0 | BM51: 0 | BN51: 0 | BO51: 0 | BP51: 0 | BQ51: Não
... A57: 46217 | B57: 1017.7641 | D57: 1017.7641 | E57: 1.0005253 | F57: 1.006322 | G57: 1.003227 | H57: 1.0095694 | I57: 9.7393886 | J57: 0 | K57: 9.7393886 | L57: 1027.5035 | N57: 0 | O57: 0 | P57: 0 | Q57: 0 | R57: 1027.5035 | S57: 8714 | T57: 8953665.3 | U57: 0 | V57: 0 | W57: 0 | X57: 0 | Y57: 0 | Z57: 0 | AA57: 0 | AB57: 0 | AC57: 0 | AD57: 0 | AG57: 0 | AH57: 0 | AI57: 0 | AJ57: 12 | AK57: 252 | AL57: 46213 | AM57: 14.15 | AP57: 0 | AQ57: 0 | AR57: 0 | AS57: 0 | AT57: 0 | AU57: 0 | AV57: 0 | AW57: 0 | AX57: 0 | AY57: 0 | AZ57: 0 | BA57: 0 | BB57: 0 | BC57: 0 | BD57: 0 | BE57: 0 | BF57: 0 | BG57: 0 | BH57: 0 | BI57: 0 | BJ57: 0 | BK57: 0 | BL57: 0 | BM57: 0 | BN57: 0 | BO57: 0 | BP57: 0 | BQ57: Não
A58: 46218 | B58: 1017.7641 | D58: 1017.7641 | E58: 1.0005253 | F58: 1.0068506 | G58: 1.0034964 | H58: 1.010371 | I58: 10.555209 | J58: 0 | K58: 10.555209 | L58: 1028.3193 | N58: 0 | O58: 0 | P58: 0 | Q58: 0 | R58: 1028.3193 | S58: 8714 | T58: 8960774.3 | U58: 0 | V58: 0 | W58: 0 | X58: 0 | Y58: 0 | Z58: 0 | AA58: 0 | AB58: 0 | AC58: 0 | AD58: 0 | AG58: 0 | AH58: 0 | AI58: 0 | AJ58: 13 | AK58: 252 | AP58: 0 | AQ58: 0 | AR58: 0 | AS58: 0 | AT58: 0 | AU58: 0 | AV58: 0 | AW58: 0 | AX58: 0 | AY58: 0 | AZ58: 0 | BA58: 0 | BB58: 0 | BC58: 0 | BD58: 0 | BE58: 0 | BF58: 0 | BG58: 0 | BH58: 0 | BI58: 0 | BJ58: 0 | BK58: 0 | BL58: 0 | BM58: 0 | BN58: 0 | BO58: 0 | BP58: 0 | BQ58: Não
A59: 46219 | B59: 1017.7641 | D59: 1017.7641 | E59: 1.0005253 | F59: 1.0073795 | G59: 1.0037659 | H59: 1.0111732 | I59: 11.371658 | J59: 0 | K59: 11.371658 | L59: 1029.1357 | N59: 0 | O59: 0 | P59: 0 | Q59: 0 | R59: 1029.1357 | S59: 8714 | T59: 8967888.9 | U59: 0 | V59: 0 | W59: 0 | X59: 0 | Y59: 0 | Z59: 0 | AA59: 0 | AB59: 0 | AC59: 0 | AD59: 0 | AG59: 0 | AH59: 0 | AI59: 0 | AJ59: 14 | AK59: 252 | AP59: 0 | AQ59: 0 | AR59: 0 | AS59: 0 | AT59: 0 | AU59: 0 | AV59: 0 | AW59: 0 | AX59: 0 | AY59: 0 | AZ59: 0 | BA59: 0 | BB59: 0 | BC59: 0 | BD59: 0 | BE59: 0 | BF59: 0 | BG59: 0 | BH59: 0 | BI59: 0 | BJ59: 0 | BK59: 0 | BL59: 0 | BM59: 0 | BN59: 0 | BO59: 0 | BP59: 0 | BQ59: Não
A60: 46220 | B60: 1017.7641 | D60: 1017.7641 | E60: 1.0005253 | F60: 1.0079087 | G60: 1.0040354 | H60: 1.011976 | I60: 12.188769 | J60: 0 | K60: 12.188769 | L60: 1029.9529 | N60: 0 | O60: 0 | P60: 0 | Q60: 0 | R60: 1029.9529 | S60: 8714 | T60: 8975009.2 | U60: 0 | V60: 0 | W60: 0 | X60: 0 | Y60: 0 | Z60: 0 | AA60: 0 | AB60: 0 | AC60: 0 | AD60: 0 | AG60: 0 | AH60: 0 | AI60: 0 | AJ60: 15 | AK60: 252 | AP60: 0 | AQ60: 0 | AR60: 0 | AS60: 0 | AT60: 0 | AU60: 0 | AV60: 0 | AW60: 0 | AX60: 0 | AY60: 0 | AZ60: 0 | BA60: 0 | BB60: 0 | BC60: 0 | BD60: 0 | BE60: 0 | BF60: 0 | BG60: 0 | BH60: 0 | BI60: 0 | BJ60: 0 | BK60: 0 | BL60: 0 | BM60: 0 | BN60: 0 | BO60: 0 | BP60: 0 | BQ60: Não
A61: 46221 | B61: 1017.7641 | D61: 1017.7641 | E61: 1 | F61: 1.0079087 | G61: 1.0040354 | H61: 1.011976 | I61: 12.188769 | J61: 0 | K61: 12.188769 | L61: 1029.9529 | N61: 0 | O61: 0 | P61: 0 | Q61: 0 | R61: 1029.9529 | S61: 8714 | T61: 8975009.2 | U61: 0 | V61: 0 | W61: 0 | X61: 0 | Y61: 0 | Z61: 0 | AA61: 0 | AB61: 0 | AC61: 0 | AD61: 0 | AG61: 0 | AH61: 0 | AI61: 0 | AJ61: 15 | AK61: 252 | AP61: 0 | AQ61: 0 | AR61: 0 | AS61: 0 | AT61: 0 | AU61: 0 | AV61: 0 | AW61: 0 | AX61: 0 | AY61: 0 | AZ61: 0 | BA61: 0 | BB61: 0 | BC61: 0 | BD61: 0 | BE61: 0 | BF61: 0 | BG61: 0 | BH61: 0 | BI61: 0 | BJ61: 0 | BK61: 0 | BL61: 0 | BM61: 0 | BN61: 0 | BO61: 0 | BP61: 0 | BQ61: Não
A62: 46222 | B62: 1017.7641 | D62: 1017.7641 | E62: 1 | F62: 1.0079087 | G62: 1.0040354 | H62: 1.011976 | I62: 12.188769 | J62: 0 | K62: 12.188769 | L62: 1029.9529 | N62: 0 | O62: 0 | P62: 0 | Q62: 0 | R62: 1029.9529 | S62: 8714 | T62: 8975009.2 | U62: 0 | V62: 0 | W62: 0 | X62: 0 | Y62: 0 | Z62: 0 | AA62: 0 | AB62: 0 | AC62: 0 | AD62: 0 | AG62: 0 | AH62: 0 | AI62: 0 | AJ62: 15 | AK62: 252 | AP62: 0 | AQ62: 0 | AR62: 0 | AS62: 0 | AT62: 0 | AU62: 0 | AV62: 0 | AW62: 0 | AX62: 0 | AY62: 0 | AZ62: 0 | BA62: 0 | BB62: 0 | BC62: 0 | BD62: 0 | BE62: 0 | BF62: 0 | BG62: 0 | BH62: 0 | BI62: 0 | BJ62: 0 | BK62: 0 | BL62: 0 | BM62: 0 | BN62: 0 | BO62: 0 | BP62: 0 | BQ62: Não
A63: 46223 | B63: 1017.7641 | D63: 1017.7641 | E63: 1.0005253 | F63: 1.0084382 | G63: 1.004305 | H63: 1.0127795 | I63: 13.00653 | J63: 0 | K63: 13.00653 | L63: 1030.7706 | N63: 0 | O63: 0 | P63: 0 | Q63: 0 | R63: 1030.7706 | S63: 8714 | T63: 8982135.1 | U63: 0 | V63: 0 | W63: 0 | X63: 0 | Y63: 0 | Z63: 0 | AA63: 0 | AB63: 0 | AC63: 0 | AD63: 0 | AG63: 0 | AH63: 0 | AI63: 0 | AJ63: 16 | AK63: 252 | AP63: 0 | AQ63: 0 | AR63: 0 | AS63: 0 | AT63: 0 | AU63: 0 | AV63: 0 | AW63: 0 | AX63: 0 | AY63: 0 | AZ63: 0 | BA63: 0 | BB63: 0 | BC63: 0 | BD63: 0 | BE63: 0 | BF63: 0 | BG63: 0 | BH63: 0 | BI63: 0 | BJ63: 0 | BK63: 0 | BL63: 0 | BM63: 0 | BN63: 0 | BO63: 0 | BP63: 0 | BQ63: Não
A64: 46224 | B64: 1017.7641 | D64: 1017.7641 | E64: 1.0005253 | F64: 1.0089679 | G64: 1.0045747 | H64: 1.0135836 | I64: 13.824933 | J64: 0 | K64: 13.824933 | L64: 1031.589 | N64: 0 | O64: 0 | P64: 0 | Q64: 0 | R64: 1031.589 | S64: 8714 | T64: 8989266.7 | U64: 0 | V64: 0 | W64: 0 | X64: 0 | Y64: 0 | Z64: 0 | AA64: 0 | AB64: 0 | AC64: 0 | AD64: 0 | AG64: 0 | AH64: 0 | AI64: 0 | AJ64: 17 | AK64: 252 | AP64: 0 | AQ64: 0 | AR64: 0 | AS64: 0 | AT64: 0 | AU64: 0 | AV64: 0 | AW64: 0 | AX64: 0 | AY64: 0 | AZ64: 0 | BA64: 0 | BB64: 0 | BC64: 0 | BD64: 0 | BE64: 0 | BF64: 0 | BG64: 0 | BH64: 0 | BI64: 0 | BJ64: 0 | BK64: 0 | BL64: 0 | BM64: 0 | BN64: 0 | BO64: 0 | BP64: 0 | BQ64: Não
A65: 46225 | B65: 1017.7641 | D65: 1017.7641 | E65: 1.0005253 | F65: 1.0094979 | G65: 1.0048445 | H65: 1.0143884 | I65: 14.643986 | J65: 0 | K65: 14.643986 | L65: 1032.4081 | N65: 0 | O65: 0 | P65: 0 | Q65: 0 | R65: 1032.4081 | S65: 8714 | T65: 8996403.9 | U65: 0 | V65: 0 | W65: 0 | X65: 0 | Y65: 0 | Z65: 0 | AA65: 0 | AB65: 0 | AC65: 0 | AD65: 0 | AG65: 0 | AH65: 0 | AI65: 0 | AJ65: 18 | AK65: 252 | AP65: 0 | AQ65: 0 | AR65: 0 | AS65: 0 | AT65: 0 | AU65: 0 | AV65: 0 | AW65: 0 | AX65: 0 | AY65: 0 | AZ65: 0 | BA65: 0 | BB65: 0 | BC65: 0 | BD65: 0 | BE65: 0 | BF65: 0 | BG65: 0 | BH65: 0 | BI65: 0 | BJ65: 0 | BK65: 0 | BL65: 0 | BM65: 0 | BN65: 0 | BO65: 0 | BP65: 0 | BQ65: Não
A66: 46226 | B66: 1017.7641 | D66: 1017.7641 | E66: 1.0005253 | F66: 1.0100282 | G66: 1.0051143 | H66: 1.0151938 | I66: 15.463692 | J66: 0 | K66: 15.463692 | L66: 1033.2278 | N66: 0 | O66: 0 | P66: 0 | Q66: 0 | R66: 1033.2278 | S66: 8714 | T66: 9003546.8 | U66: 0 | V66: 0 | W66: 0 | X66: 0 | Y66: 0 | Z66: 0 | AA66: 0 | AB66: 0 | AC66: 0 | AD66: 0 | AG66: 0 | AH66: 0 | AI66: 0 | AJ66: 19 | AK66: 252 | AP66: 0 | AQ66: 0 | AR66: 0 | AS66: 0 | AT66: 0 | AU66: 0 | AV66: 0 | AW66: 0 | AX66: 0 | AY66: 0 | AZ66: 0 | BA66: 0 | BB66: 0 | BC66: 0 | BD66: 0 | BE66: 0 | BF66: 0 | BG66: 0 | BH66: 0 | BI66: 0 | BJ66: 0 | BK66: 0 | BL66: 0 | BM66: 0 | BN66: 0 | BO66: 0 | BP66: 0 | BQ66: Não
A67: 46227 | B67: 1017.7641 | D67: 1017.7641 | E67: 1.0005253 | F67: 1.0105588 | G67: 1.0053842 | H67: 1.0159998 | I67: 16.284049 | J67: 0 | K67: 16.284049 | L67: 1034.0481 | N67: 0 | O67: 0 | P67: 0 | Q67: 0 | R67: 1034.0481 | S67: 8714 | T67: 9010695.4 | U67: 0 | V67: 0 | W67: 0 | X67: 0 | Y67: 0 | Z67: 0 | AA67: 0 | AB67: 0 | AC67: 0 | AD67: 0 | AG67: 0 | AH67: 0 | AI67: 0 | AJ67: 20 | AK67: 252 | AP67: 0 | AQ67: 0 | AR67: 0 | AS67: 0 | AT67: 0 | AU67: 0 | AV67: 0 | AW67: 0 | AX67: 0 | AY67: 0 | AZ67: 0 | BA67: 0 | BB67: 0 | BC67: 0 | BD67: 0 | BE67: 0 | BF67: 0 | BG67: 0 | BH67: 0 | BI67: 0 | BJ67: 0 | BK67: 0 | BL67: 0 | BM67: 0 | BN67: 0 | BO67: 0 | BP67: 0 | BQ67: Não
A68: 46228 | B68: 1017.7641 | D68: 1017.7641 | E68: 1 | F68: 1.0105588 | G68: 1.0053842 | H68: 1.0159998 | I68: 16.284049 | J68: 0 | K68: 16.284049 | L68: 1034.0481 | N68: 0 | O68: 0 | P68: 0 | Q68: 0 | R68: 1034.0481 | S68: 8714 | T68: 9010695.4 | U68: 0 | V68: 0 | W68: 0 | X68: 0 | Y68: 0 | Z68: 0 | AA68: 0 | AB68: 0 | AC68: 0 | AD68: 0 | AG68: 0 | AH68: 0 | AI68: 0 | AJ68: 20 | AK68: 252 | AP68: 0 | AQ68: 0 | AR68: 0 | AS68: 0 | AT68: 0 | AU68: 0 | AV68: 0 | AW68: 0 | AX68: 0 | AY68: 0 | AZ68: 0 | BA68: 0 | BB68: 0 | BC68: 0 | BD68: 0 | BE68: 0 | BF68: 0 | BG68: 0 | BH68: 0 | BI68: 0 | BJ68: 0 | BK68: 0 | BL68: 0 | BM68: 0 | BN68: 0 | BO68: 0 | BP68: 0 | BQ68: Não
A69: 46229 | B69: 1017.7641 | D69: 1017.7641 | E69: 1 | F69: 1.0105588 | G69: 1.0053842 | H69: 1.0159998 | I69: 16.284049 | J69: 0 | K69: 16.284049 | L69: 1034.0481 | N69: 0 | O69: 0 | P69: 0 | Q69: 0 | R69: 1034.0481 | S69: 8714 | T69: 9010695.4 | U69: 0 | V69: 0 | W69: 0 | X69: 0 | Y69: 0 | Z69: 0 | AA69: 0 | AB69: 0 | AC69: 0 | AD69: 0 | AG69: 0 | AH69: 0 | AI69: 0 | AJ69: 20 | AK69: 252 | AP69: 0 | AQ69: 0 | AR69: 0 | AS69: 0 | AT69: 0 | AU69: 0 | AV69: 0 | AW69: 0 | AX69: 0 | AY69: 0 | AZ69: 0 | BA69: 0 | BB69: 0 | BC69: 0 | BD69: 0 | BE69: 0 | BF69: 0 | BG69: 0 | BH69: 0 | BI69: 0 | BJ69: 0 | BK69: 0 | BL69: 0 | BM69: 0 | BN69: 0 | BO69: 0 | BP69: 0 | BQ69: Não
A70: 46230 | B70: 1017.7641 | D70: 1017.7641 | E70: 1.0005253 | F70: 1.0110897 | G70: 1.0056541 | H70: 1.0168065 | I70: 17.105049 | J70: 0 | K70: 17.105049 | L70: 1034.8691 | M70: 0 | N70: 0 | O70: 0 | P70: 0 | Q70: 0 | R70: 1034.8691 | S70: 8714 | T70: 9017849.6 | U70: 0 | V70: 0 | W70: 0 | X70: 0 | Y70: 0 | Z70: 0 | AA70: 0 | AB70: 0 | AC70: 0 | AD70: 0 | AG70: 0 | AH70: 0 | AI70: 0 | AJ70: 21 | AK70: 252 | AP70: 0 | AQ70: 0 | AR70: 0 | AS70: 0 | AT70: 0 | AU70: 0 | AV70: 0 | AW70: 0 | AX70: 0 | AY70: 0 | AZ70: 0 | BA70: 0 | BB70: 0 | BC70: 0 | BD70: 0 | BE70: 0 | BF70: 0 | BG70: 0 | BH70: 0 | BI70: 0 | BJ70: 0 | BK70: 0 | BL70: 0 | BM70: 0 | BN70: 0 | BO70: 0 | BP70: 0 | BQ70: Sim
A71: 46231 | B71: 1034.8691 | D71: 1034.8691 | E71: 1.0005253 | F71: 1.0005253 | G71: 1.0002685 | H71: 1.000794 | I71: 0.82165918 | J71: 0 | K71: 0.82165918 | L71: 1035.6908 | N71: 0 | O71: 0 | P71: 0 | Q71: 0 | R71: 1035.6908 | S71: 8714 | T71: 9025009.6 | U71: 0 | V71: 0 | W71: 0 | X71: 0 | Y71: 0 | Z71: 0 | AA71: 0 | AB71: 0 | AC71: 0 | AD71: 0 | AG71: 0 | AH71: 0 | AI71: 0 | AJ71: 1 | AK71: 252 | AP71: 0 | AQ71: 0 | AR71: 0 | AS71: 0 | AT71: 0 | AU71: 0 | AV71: 0 | AW71: 0 | AX71: 0 | AY71: 0 | AZ71: 0 | BA71: 0 | BB71: 0 | BC71: 0 | BD71: 0 | BE71: 0 | BF71: 0 | BG71: 0 | BH71: 0 | BI71: 0 | BJ71: 0 | BK71: 0 | BL71: 0 | BM71: 0 | BN71: 0 | BO71: 0 | BP71: 0 | BQ71: Não
A72: 46232 | B72: 1034.8691 | D72: 1034.8691 | E72: 1.0005253 | F72: 1.0010509 | G72: 1.0005371 | H72: 1.0015886 | I72: 1.6439745 | J72: 0 | K72: 1.6439745 | L72: 1036.5131 | N72: 0 | O72: 0 | P72: 0 | Q72: 0 | R72: 1036.5131 | S72: 8714 | T72: 9032175.2 | U72: 0 | V72: 0 | W72: 0 | X72: 0 | Y72: 0 | Z72: 0 | AA72: 0 | AB72: 0 | AC72: 0 | AD72: 0 | AG72: 0 | AH72: 0 | AI72: 0 | AJ72: 2 | AK72: 252 | AP72: 0 | AQ72: 0 | AR72: 0 | AS72: 0 | AT72: 0 | AU72: 0 | AV72: 0 | AW72: 0 | AX72: 0 | AY72: 0 | AZ72: 0 | BA72: 0 | BB72: 0 | BC72: 0 | BD72: 0 | BE72: 0 | BF72: 0 | BG72: 0 | BH72: 0 | BI72: 0 | BJ72: 0 | BK72: 0 | BL72: 0 | BM72: 0 | BN72: 0 | BO72: 0 | BP72: 0 | BQ72: Não
A73: 46233 | B73: 1034.8691 | D73: 1034.8691 | E73: 1.0005253 | F73: 1.0015768 | G73: 1.0008058 | H73: 1.0023838 | I73: 2.4669376 | J73: 0 | K73: 2.4669376 | L73: 1037.3361 | N73: 0 | O73: 0 | P73: 0 | Q73: 0 | R73: 1037.3361 | S73: 8714 | T73: 9039346.5 | U73: 0 | V73: 0 | W73: 0 | X73: 0 | Y73: 0 | Z73: 0 | AA73: 0 | AB73: 0 | AC73: 0 | AD73: 0 | AG73: 0 | AH73: 0 | AI73: 0 | AJ73: 3 | AK73: 252 | AP73: 0 | AQ73: 0 | AR73: 0 | AS73: 0 | AT73: 0 | AU73: 0 | AV73: 0 | AW73: 0 | AX73: 0 | AY73: 0 | AZ73: 0 | BA73: 0 | BB73: 0 | BC73: 0 | BD73: 0 | BE73: 0 | BF73: 0 | BG73: 0 | BH73: 0 | BI73: 0 | BJ73: 0 | BK73: 0 | BL73: 0 | BM73: 0 | BN73: 0 | BO73: 0 | BP73: 0 | BQ73: Não
A74: 46234 | B74: 1034.8691 | D74: 1034.8691 | E74: 1.0005253 | F74: 1.0021029 | G74: 1.0010745 | H74: 1.0031797 | I74: 3.2905568 | J74: 0 | K74: 3.2905568 | L74: 1038.1597 | N74: 0 | O74: 0 | P74: 0 | Q74: 0 | R74: 1038.1597 | S74: 8714 | T74: 9046523.5 | U74: 0 | V74: 0 | W74: 0 | X74: 0 | Y74: 0 | Z74: 0 | AA74: 0 | AB74: 0 | AC74: 0 | AD74: 0 | AG74: 0 | AH74: 0 | AI74: 0 | AJ74: 4 | AK74: 252 | AP74: 0 | AQ74: 0 | AR74: 0 | AS74: 0 | AT74: 0 | AU74: 0 | AV74: 0 | AW74: 0 | AX74: 0 | AY74: 0 | AZ74: 0 | BA74: 0 | BB74: 0 | BC74: 0 | BD74: 0 | BE74: 0 | BF74: 0 | BG74: 0 | BH74: 0 | BI74: 0 | BJ74: 0 | BK74: 0 | BL74: 0 | BM74: 0 | BN74: 0 | BO74: 0 | BP74: 0 | BQ74: Não
A75: 46235 | B75: 1034.8691 | D75: 1034.8691 | E75: 1 | F75: 1.0021029 | G75: 1.0010745 | H75: 1.0031797 | I75: 3.2905568 | J75: 0 | K75: 3.2905568 | L75: 1038.1597 | N75: 0 | O75: 0 | P75: 0 | Q75: 0 | R75: 1038.1597 | S75: 8714 | T75: 9046523.5 | U75: 0 | V75: 0 | W75: 0 | X75: 0 | Y75: 0 | Z75: 0 | AA75: 0 | AB75: 0 | AC75: 0 | AD75: 0 | AG75: 0 | AH75: 0 | AI75: 0 | AJ75: 4 | AK75: 252 | AP75: 0 | AQ75: 0 | AR75: 0 | AS75: 0 | AT75: 0 | AU75: 0 | AV75: 0 | AW75: 0 | AX75: 0 | AY75: 0 | AZ75: 0 | BA75: 0 | BB75: 0 | BC75: 0 | BD75: 0 | BE75: 0 | BF75: 0 | BG75: 0 | BH75: 0 | BI75: 0 | BJ75: 0 | BK75: 0 | BL75: 0 | BM75: 0 | BN75: 0 | BO75: 0 | BP75: 0 | BQ75: Não
A76: 46236 | B76: 1034.8691 | D76: 1034.8691 | E76: 1 | F76: 1.0021029 | G76: 1.0010745 | H76: 1.0031797 | I76: 3.2905568 | J76: 0 | K76: 3.2905568 | L76: 1038.1597 | N76: 0 | O76: 0 | P76: 0 | Q76: 0 | R76: 1038.1597 | S76: 8714 | T76: 9046523.5 | U76: 0 | V76: 0 | W76: 0 | X76: 0 | Y76: 0 | Z76: 0 | AA76: 0 | AB76: 0 | AC76: 0 | AD76: 0 | AG76: 0 | AH76: 0 | AI76: 0 | AJ76: 4 | AK76: 252 | AP76: 0 | AQ76: 0 | AR76: 0 | AS76: 0 | AT76: 0 | AU76: 0 | AV76: 0 | AW76: 0 | AX76: 0 | AY76: 0 | AZ76: 0 | BA76: 0 | BB76: 0 | BC76: 0 | BD76: 0 | BE76: 0 | BF76: 0 | BG76: 0 | BH76: 0 | BI76: 0 | BJ76: 0 | BK76: 0 | BL76: 0 | BM76: 0 | BN76: 0 | BO76: 0 | BP76: 0 | BQ76: Não
A77: 46237 | B77: 1034.8691 | D77: 1034.8691 | E77: 1.0005253 | F77: 1.0026293 | G77: 1.0013433 | H77: 1.0039762 | I77: 4.1148228 | J77: 0 | K77: 4.1148228 | L77: 1038.984 | N77: 0 | O77: 0 | P77: 0 | Q77: 0 | R77: 1038.984 | S77: 8714 | T77: 9053706.2 | U77: 0 | V77: 0 | W77: 0 | X77: 0 | Y77: 0 | Z77: 0 | AA77: 0 | AB77: 0 | AC77: 0 | AD77: 0 | AG77: 0 | AH77: 0 | AI77: 0 | AJ77: 5 | AK77: 252 | AP77: 0 | AQ77: 0 | AR77: 0 | AS77: 0 | AT77: 0 | AU77: 0 | AV77: 0 | AW77: 0 | AX77: 0 | AY77: 0 | AZ77: 0 | BA77: 0 | BB77: 0 | BC77: 0 | BD77: 0 | BE77: 0 | BF77: 0 | BG77: 0 | BH77: 0 | BI77: 0 | BJ77: 0 | BK77: 0 | BL77: 0 | BM77: 0 | BN77: 0 | BO77: 0 | BP77: 0 | BQ77: Não
A78: 46238 | B78: 1034.8691 | D78: 1034.8691 | E78: 1.0005253 | F78: 1.003156 | G78: 1.0016122 | H78: 1.0047733 | I78: 4.939747 | J78: 0 | K78: 4.939747 | L78: 1039.8089 | N78: 0 | O78: 0 | P78: 0 | Q78: 0 | R78: 1039.8089 | S78: 8714 | T78: 9060894.6 | U78: 0 | V78: 0 | W78: 0 | X78: 0 | Y78: 0 | Z78: 0 | AA78: 0 | AB78: 0 | AC78: 0 | AD78: 0 | AG78: 0 | AH78: 0 | AI78: 0 | AJ78: 6 | AK78: 252 | AP78: 0 | AQ78: 0 | AR78: 0 | AS78: 0 | AT78: 0 | AU78: 0 | AV78: 0 | AW78: 0 | AX78: 0 | AY78: 0 | AZ78: 0 | BA78: 0 | BB78: 0 | BC78: 0 | BD78: 0 | BE78: 0 | BF78: 0 | BG78: 0 | BH78: 0 | BI78: 0 | BJ78: 0 | BK78: 0 | BL78: 0 | BM78: 0 | BN78: 0 | BO78: 0 | BP78: 0 | BQ78: Não
A79: 46239 | B79: 1034.8691 | D79: 1034.8691 | E79: 1.0005253 | F79: 1.003683 | G79: 1.0018812 | H79: 1.0055711 | I79: 5.7653305 | J79: 0 | K79: 5.7653305 | L79: 1040.6345 | N79: 0 | O79: 0 | P79: 0 | Q79: 0 | R79: 1040.6345 | S79: 8714 | T79: 9068088.7 | U79: 0 | V79: 0 | W79: 0 | X79: 0 | Y79: 0 | Z79: 0 | AA79: 0 | AB79: 0 | AC79: 0 | AD79: 0 | AG79: 0 | AH79: 0 | AI79: 0 | AJ79: 7 | AK79: 252 | AP79: 0 | AQ79: 0 | AR79: 0 | AS79: 0 | AT79: 0 | AU79: 0 | AV79: 0 | AW79: 0 | AX79: 0 | AY79: 0 | AZ79: 0 | BA79: 0 | BB79: 0 | BC79: 0 | BD79: 0 | BE79: 0 | BF79: 0 | BG79: 0 | BH79: 0 | BI79: 0 | BJ79: 0 | BK79: 0 | BL79: 0 | BM79: 0 | BN79: 0 | BO79: 0 | BP79: 0 | BQ79: Não
A80: 46240 | B80: 1034.8691 | D80: 1034.8691 | E80: 1.0005253 | F80: 1.0042102 | G80: 1.0021502 | H80: 1.0063695 | I80: 6.5915627 | J80: 0 | K80: 6.5915627 | L80: 1041.4607 | N80: 0 | O80: 0 | P80: 0 | Q80: 0 | R80: 1041.4607 | S80: 8714 | T80: 9075288.5 | U80: 0 | V80: 0 | W80: 0 | X80: 0 | Y80: 0 | Z80: 0 | AA80: 0 | AB80: 0 | AC80: 0 | AD80: 0 | AG80: 0 | AH80: 0 | AI80: 0 | AJ80: 8 | AK80: 252 | AP80: 0 | AQ80: 0 | AR80: 0 | AS80: 0 | AT80: 0 | AU80: 0 | AV80: 0 | AW80: 0 | AX80: 0 | AY80: 0 | AZ80: 0 | BA80: 0 | BB80: 0 | BC80: 0 | BD80: 0 | BE80: 0 | BF80: 0 | BG80: 0 | BH80: 0 | BI80: 0 | BJ80: 0 | BK80: 0 | BL80: 0 | BM80: 0 | BN80: 0 | BO80: 0 | BP80: 0 | BQ80: Não
A81: 46241 | B81: 1034.8691 | D81: 1034.8691 | E81: 1.0005253 | F81: 1.0047377 | G81: 1.0024193 | H81: 1.0071685 | I81: 7.4184635 | J81: 0 | K81: 7.4184635 | L81: 1042.2876 | N81: 0 | O81: 0 | P81: 0 | Q81: 0 | R81: 1042.2876 | S81: 8714 | T81: 9082494.1 | U81: 0 | V81: 0 | W81: 0 | X81: 0 | Y81: 0 | Z81: 0 | AA81: 0 | AB81: 0 | AC81: 0 | AD81: 0 | AG81: 0 | AH81: 0 | AI81: 0 | AJ81: 9 | AK81: 252 | AP81: 0 | AQ81: 0 | AR81: 0 | AS81: 0 | AT81: 0 | AU81: 0 | AV81: 0 | AW81: 0 | AX81: 0 | AY81: 0 | AZ81: 0 | BA81: 0 | BB81: 0 | BC81: 0 | BD81: 0 | BE81: 0 | BF81: 0 | BG81: 0 | BH81: 0 | BI81: 0 | BJ81: 0 | BK81: 0 | BL81: 0 | BM81: 0 | BN81: 0 | BO81: 0 | BP81: 0 | BQ81: Não
A82: 46242 | B82: 1034.8691 | D82: 1034.8691 | E82: 1 | F82: 1.0047377 | G82: 1.0024193 | H82: 1.0071685 | I82: 7.4184635 | J82: 0 | K82: 7.4184635 | L82: 1042.2876 | N82: 0 | O82: 0 | P82: 0 | Q82: 0 | R82: 1042.2876 | S82: 8714 | T82: 9082494.1 | U82: 0 | V82: 0 | W82: 0 | X82: 0 | Y82: 0 | Z82: 0 | AA82: 0 | AB82: 0 | AC82: 0 | AD82: 0 | AG82: 0 | AH82: 0 | AI82: 0 | AJ82: 9 | AK82: 252 | AP82: 0 | AQ82: 0 | AR82: 0 | AS82: 0 | AT82: 0 | AU82: 0 | AV82: 0 | AW82: 0 | AX82: 0 | AY82: 0 | AZ82: 0 | BA82: 0 | BB82: 0 | BC82: 0 | BD82: 0 | BE82: 0 | BF82: 0 | BG82: 0 | BH82: 0 | BI82: 0 | BJ82: 0 | BK82: 0 | BL82: 0 | BM82: 0 | BN82: 0 | BO82: 0 | BP82: 0 | BQ82: Não
... A99: 46259 | B99: 1034.8691 | D99: 1034.8691 | E99: 1.0005253 | F99: 1.0110897 | G99: 1.0056541 | H99: 1.0168065 | I99: 17.392525 | J99: 0 | K99: 17.392525 | L99: 1052.2617 | N99: 0 | O99: 0 | P99: 0 | Q99: 0 | R99: 1052.2617 | S99: 8714 | T99: 9169408.1 | U99: 0 | V99: 0 | W99: 0 | X99: 0 | Y99: 0 | Z99: 0 | AA99: 0 | AB99: 0 | AC99: 0 | AD99: 0 | AG99: 0 | AH99: 0 | AI99: 0 | AJ99: 21 | AK99: 252 | AP99: 0 | AQ99: 0 | AR99: 0 | AS99: 0 | AT99: 0 | AU99: 0 | AV99: 0 | AW99: 0 | AX99: 0 | AY99: 0 | AZ99: 0 | BA99: 0 | BB99: 0 | BC99: 0 | BD99: 0 | BE99: 0 | BF99: 0 | BG99: 0 | BH99: 0 | BI99: 0 | BJ99: 0 | BK99: 0 | BL99: 0 | BM99: 0 | BN99: 0 | BO99: 0 | BP99: 0 | BQ99: Não
A100: 46260 | B100: 1034.8691 | D100: 1034.8691 | E100: 1.0005253 | F100: 1.0116208 | G100: 1.0059242 | H100: 1.0176138 | I100: 18.227999 | J100: 0 | K100: 18.227999 | L100: 1053.0971 | M100: 0 | N100: 0 | O100: 0 | P100: 0 | Q100: 0 | R100: 1053.0971 | S100: 8714 | T100: 9176688.4 | U100: 0 | V100: 0 | W100: 0 | X100: 0 | Y100: 0 | Z100: 0 | AA100: 0 | AB100: 0 | AC100: 0 | AD100: 0 | AG100: 0 | AH100: 0 | AI100: 0 | AJ100: 22 | AK100: 252 | AP100: 0 | AQ100: 0 | AR100: 0 | AS100: 0 | AT100: 0 | AU100: 0 | AV100: 0 | AW100: 0 | AX100: 0 | AY100: 0 | AZ100: 0 | BA100: 0 | BB100: 0 | BC100: 0 | BD100: 0 | BE100: 0 | BF100: 0 | BG100: 0 | BH100: 0 | BI100: 0 | BJ100: 0 | BK100: 0 | BL100: 0 | BM100: 0 | BN100: 0 | BO100: 0 | BP100: 0 | BQ100: Sim
A101: 46261 | B101: 1053.0971 | D101: 1053.0971 | E101: 1.0005253 | F101: 1.0005253 | G101: 1.0002685 | H101: 1.000794 | I101: 0.83613174 | J101: 0 | K101: 0.83613174 | L101: 1053.9333 | N101: 0 | O101: 0 | P101: 0 | Q101: 0 | R101: 1053.9333 | S101: 8714 | T101: 9183974.5 | U101: 0 | V101: 0 | W101: 0 | X101: 0 | Y101: 0 | Z101: 0 | AA101: 0 | AB101: 0 | AC101: 0 | AD101: 0 | AG101: 0 | AH101: 0 | AI101: 0 | AJ101: 1 | AK101: 252 | AP101: 0 | AQ101: 0 | AR101: 0 | AS101: 0 | AT101: 0 | AU101: 0 | AV101: 0 | AW101: 0 | AX101: 0 | AY101: 0 | AZ101: 0 | BA101: 0 | BB101: 0 | BC101: 0 | BD101: 0 | BE101: 0 | BF101: 0 | BG101: 0 | BH101: 0 | BI101: 0 | BJ101: 0 | BK101: 0 | BL101: 0 | BM101: 0 | BN101: 0 | BO101: 0 | BP101: 0 | BQ101: Não
A102: 46262 | B102: 1053.0971 | D102: 1053.0971 | E102: 1.0005253 | F102: 1.0010509 | G102: 1.0005371 | H102: 1.0015886 | I102: 1.6729311 | J102: 0 | K102: 1.6729311 | L102: 1054.7701 | N102: 0 | O102: 0 | P102: 0 | Q102: 0 | R102: 1054.7701 | S102: 8714 | T102: 9191266.3 | U102: 0 | V102: 0 | W102: 0 | X102: 0 | Y102: 0 | Z102: 0 | AA102: 0 | AB102: 0 | AC102: 0 | AD102: 0 | AG102: 0 | AH102: 0 | AI102: 0 | AJ102: 2 | AK102: 252 | AP102: 0 | AQ102: 0 | AR102: 0 | AS102: 0 | AT102: 0 | AU102: 0 | AV102: 0 | AW102: 0 | AX102: 0 | AY102: 0 | AZ102: 0 | BA102: 0 | BB102: 0 | BC102: 0 | BD102: 0 | BE102: 0 | BF102: 0 | BG102: 0 | BH102: 0 | BI102: 0 | BJ102: 0 | BK102: 0 | BL102: 0 | BM102: 0 | BN102: 0 | BO102: 0 | BP102: 0 | BQ102: Não
A103: 46263 | B103: 1053.0971 | D103: 1053.0971 | E103: 1 | F103: 1.0010509 | G103: 1.0005371 | H103: 1.0015886 | I103: 1.6729311 | J103: 0 | K103: 1.6729311 | L103: 1054.7701 | N103: 0 | O103: 0 | P103: 0 | Q103: 0 | R103: 1054.7701 | S103: 8714 | T103: 9191266.3 | U103: 0 | V103: 0 | W103: 0 | X103: 0 | Y103: 0 | Z103: 0 | AA103: 0 | AB103: 0 | AC103: 0 | AD103: 0 | AG103: 0 | AH103: 0 | AI103: 0 | AJ103: 2 | AK103: 252 | AP103: 0 | AQ103: 0 | AR103: 0 | AS103: 0 | AT103: 0 | AU103: 0 | AV103: 0 | AW103: 0 | AX103: 0 | AY103: 0 | AZ103: 0 | BA103: 0 | BB103: 0 | BC103: 0 | BD103: 0 | BE103: 0 | BF103: 0 | BG103: 0 | BH103: 0 | BI103: 0 | BJ103: 0 | BK103: 0 | BL103: 0 | BM103: 0 | BN103: 0 | BO103: 0 | BP103: 0 | BQ103: Não
A104: 46264 | B104: 1053.0971 | D104: 1053.0971 | E104: 1 | F104: 1.0010509 | G104: 1.0005371 | H104: 1.0015886 | I104: 1.6729311 | J104: 0 | K104: 1.6729311 | L104: 1054.7701 | N104: 0 | O104: 0 | P104: 0 | Q104: 0 | R104: 1054.7701 | S104: 8714 | T104: 9191266.3 | U104: 0 | V104: 0 | W104: 0 | X104: 0 | Y104: 0 | Z104: 0 | AA104: 0 | AB104: 0 | AC104: 0 | AD104: 0 | AG104: 0 | AH104: 0 | AI104: 0 | AJ104: 2 | AK104: 252 | AP104: 0 | AQ104: 0 | AR104: 0 | AS104: 0 | AT104: 0 | AU104: 0 | AV104: 0 | AW104: 0 | AX104: 0 | AY104: 0 | AZ104: 0 | BA104: 0 | BB104: 0 | BC104: 0 | BD104: 0 | BE104: 0 | BF104: 0 | BG104: 0 | BH104: 0 | BI104: 0 | BJ104: 0 | BK104: 0 | BL104: 0 | BM104: 0 | BN104: 0 | BO104: 0 | BP104: 0 | BQ104: Não
A105: 46265 | B105: 1053.0971 | D105: 1053.0971 | E105: 1.0005253 | F105: 1.0015768 | G105: 1.0008058 | H105: 1.0023838 | I105: 2.5103898 | J105: 0 | K105: 2.5103898 | L105: 1055.6075 | N105: 0 | O105: 0 | P105: 0 | Q105: 0 | R105: 1055.6075 | S105: 8714 | T105: 9198564 | U105: 0 | V105: 0 | W105: 0 | X105: 0 | Y105: 0 | Z105: 0 | AA105: 0 | AB105: 0 | AC105: 0 | AD105: 0 | AG105: 0 | AH105: 0 | AI105: 0 | AJ105: 3 | AK105: 252 | AP105: 0 | AQ105: 0 | AR105: 0 | AS105: 0 | AT105: 0 | AU105: 0 | AV105: 0 | AW105: 0 | AX105: 0 | AY105: 0 | AZ105: 0 | BA105: 0 | BB105: 0 | BC105: 0 | BD105: 0 | BE105: 0 | BF105: 0 | BG105: 0 | BH105: 0 | BI105: 0 | BJ105: 0 | BK105: 0 | BL105: 0 | BM105: 0 | BN105: 0 | BO105: 0 | BP105: 0 | BQ105: Não
A106: 46266 | B106: 1053.0971 | D106: 1053.0971 | E106: 1.0005253 | F106: 1.0021029 | G106: 1.0010745 | H106: 1.0031797 | I106: 3.3485161 | J106: 0 | K106: 3.3485161 | L106: 1056.4456 | N106: 0 | O106: 0 | P106: 0 | Q106: 0 | R106: 1056.4456 | S106: 8714 | T106: 9205867.4 | U106: 0 | V106: 0 | W106: 0 | X106: 0 | Y106: 0 | Z106: 0 | AA106: 0 | AB106: 0 | AC106: 0 | AD106: 0 | AG106: 0 | AH106: 0 | AI106: 0 | AJ106: 4 | AK106: 252 | AP106: 0 | AQ106: 0 | AR106: 0 | AS106: 0 | AT106: 0 | AU106: 0 | AV106: 0 | AW106: 0 | AX106: 0 | AY106: 0 | AZ106: 0 | BA106: 0 | BB106: 0 | BC106: 0 | BD106: 0 | BE106: 0 | BF106: 0 | BG106: 0 | BH106: 0 | BI106: 0 | BJ106: 0 | BK106: 0 | BL106: 0 | BM106: 0 | BN106: 0 | BO106: 0 | BP106: 0 | BQ106: Não
A107: 46267 | B107: 1053.0971 | D107: 1053.0971 | E107: 1.0005253 | F107: 1.0026293 | G107: 1.0013433 | H107: 1.0039762 | I107: 4.1873006 | J107: 0 | K107: 4.1873006 | L107: 1057.2844 | N107: 0 | O107: 0 | P107: 0 | Q107: 0 | R107: 1057.2844 | S107: 8714 | T107: 9213176.6 | U107: 0 | V107: 0 | W107: 0 | X107: 0 | Y107: 0 | Z107: 0 | AA107: 0 | AB107: 0 | AC107: 0 | AD107: 0 | AG107: 0 | AH107: 0 | AI107: 0 | AJ107: 5 | AK107: 252 | AP107: 0 | AQ107: 0 | AR107: 0 | AS107: 0 | AT107: 0 | AU107: 0 | AV107: 0 | AW107: 0 | AX107: 0 | AY107: 0 | AZ107: 0 | BA107: 0 | BB107: 0 | BC107: 0 | BD107: 0 | BE107: 0 | BF107: 0 | BG107: 0 | BH107: 0 | BI107: 0 | BJ107: 0 | BK107: 0 | BL107: 0 | BM107: 0 | BN107: 0 | BO107: 0 | BP107: 0 | BQ107: Não
A108: 46268 | B108: 1053.0971 | D108: 1053.0971 | E108: 1.0005253 | F108: 1.003156 | G108: 1.0016122 | H108: 1.0047733 | I108: 5.0267549 | J108: 0 | K108: 5.0267549 | L108: 1058.1239 | N108: 0 | O108: 0 | P108: 0 | Q108: 0 | R108: 1058.1239 | S108: 8714 | T108: 9220491.6 | U108: 0 | V108: 0 | W108: 0 | X108: 0 | Y108: 0 | Z108: 0 | AA108: 0 | AB108: 0 | AC108: 0 | AD108: 0 | AG108: 0 | AH108: 0 | AI108: 0 | AJ108: 6 | AK108: 252 | AP108: 0 | AQ108: 0 | AR108: 0 | AS108: 0 | AT108: 0 | AU108: 0 | AV108: 0 | AW108: 0 | AX108: 0 | AY108: 0 | AZ108: 0 | BA108: 0 | BB108: 0 | BC108: 0 | BD108: 0 | BE108: 0 | BF108: 0 | BG108: 0 | BH108: 0 | BI108: 0 | BJ108: 0 | BK108: 0 | BL108: 0 | BM108: 0 | BN108: 0 | BO108: 0 | BP108: 0 | BQ108: Não
A109: 46269 | B109: 1053.0971 | D109: 1053.0971 | E109: 1.0005253 | F109: 1.003683 | G109: 1.0018812 | H109: 1.0055711 | I109: 5.8668799 | J109: 0 | K109: 5.8668799 | L109: 1058.964 | N109: 0 | O109: 0 | P109: 0 | Q109: 0 | R109: 1058.964 | S109: 8714 | T109: 9227812.4 | U109: 0 | V109: 0 | W109: 0 | X109: 0 | Y109: 0 | Z109: 0 | AA109: 0 | AB109: 0 | AC109: 0 | AD109: 0 | AG109: 0 | AH109: 0 | AI109: 0 | AJ109: 7 | AK109: 252 | AP109: 0 | AQ109: 0 | AR109: 0 | AS109: 0 | AT109: 0 | AU109: 0 | AV109: 0 | AW109: 0 | AX109: 0 | AY109: 0 | AZ109: 0 | BA109: 0 | BB109: 0 | BC109: 0 | BD109: 0 | BE109: 0 | BF109: 0 | BG109: 0 | BH109: 0 | BI109: 0 | BJ109: 0 | BK109: 0 | BL109: 0 | BM109: 0 | BN109: 0 | BO109: 0 | BP109: 0 | BQ109: Não
A110: 46270 | B110: 1053.0971 | D110: 1053.0971 | E110: 1 | F110: 1.003683 | G110: 1.0018812 | H110: 1.0055711 | I110: 5.8668799 | J110: 0 | K110: 5.8668799 | L110: 1058.964 | N110: 0 | O110: 0 | P110: 0 | Q110: 0 | R110: 1058.964 | S110: 8714 | T110: 9227812.4 | U110: 0 | V110: 0 | W110: 0 | X110: 0 | Y110: 0 | Z110: 0 | AA110: 0 | AB110: 0 | AC110: 0 | AD110: 0 | AG110: 0 | AH110: 0 | AI110: 0 | AJ110: 7 | AK110: 252 | AP110: 0 | AQ110: 0 | AR110: 0 | AS110: 0 | AT110: 0 | AU110: 0 | AV110: 0 | AW110: 0 | AX110: 0 | AY110: 0 | AZ110: 0 | BA110: 0 | BB110: 0 | BC110: 0 | BD110: 0 | BE110: 0 | BF110: 0 | BG110: 0 | BH110: 0 | BI110: 0 | BJ110: 0 | BK110: 0 | BL110: 0 | BM110: 0 | BN110: 0 | BO110: 0 | BP110: 0 | BQ110: Não
A111: 46271 | B111: 1053.0971 | D111: 1053.0971 | E111: 1 | F111: 1.003683 | G111: 1.0018812 | H111: 1.0055711 | I111: 5.8668799 | J111: 0 | K111: 5.8668799 | L111: 1058.964 | N111: 0 | O111: 0 | P111: 0 | Q111: 0 | R111: 1058.964 | S111: 8714 | T111: 9227812.4 | U111: 0 | V111: 0 | W111: 0 | X111: 0 | Y111: 0 | Z111: 0 | AA111: 0 | AB111: 0 | AC111: 0 | AD111: 0 | AG111: 0 | AH111: 0 | AI111: 0 | AJ111: 7 | AK111: 252 | AP111: 0 | AQ111: 0 | AR111: 0 | AS111: 0 | AT111: 0 | AU111: 0 | AV111: 0 | AW111: 0 | AX111: 0 | AY111: 0 | AZ111: 0 | BA111: 0 | BB111: 0 | BC111: 0 | BD111: 0 | BE111: 0 | BF111: 0 | BG111: 0 | BH111: 0 | BI111: 0 | BJ111: 0 | BK111: 0 | BL111: 0 | BM111: 0 | BN111: 0 | BO111: 0 | BP111: 0 | BQ111: Não
A112: 46272 | B112: 1053.0971 | D112: 1053.0971 | E112: 1 | F112: 1.003683 | G112: 1.0018812 | H112: 1.0055711 | I112: 5.8668799 | J112: 0 | K112: 5.8668799 | L112: 1058.964 | N112: 0 | O112: 0 | P112: 0 | Q112: 0 | R112: 1058.964 | S112: 8714 | T112: 9227812.4 | U112: 0 | V112: 0 | W112: 0 | X112: 0 | Y112: 0 | Z112: 0 | AA112: 0 | AB112: 0 | AC112: 0 | AD112: 0 | AG112: 0 | AH112: 0 | AI112: 0 | AJ112: 7 | AK112: 252 | AP112: 0 | AQ112: 0 | AR112: 0 | AS112: 0 | AT112: 0 | AU112: 0 | AV112: 0 | AW112: 0 | AX112: 0 | AY112: 0 | AZ112: 0 | BA112: 0 | BB112: 0 | BC112: 0 | BD112: 0 | BE112: 0 | BF112: 0 | BG112: 0 | BH112: 0 | BI112: 0 | BJ112: 0 | BK112: 0 | BL112: 0 | BM112: 0 | BN112: 0 | BO112: 0 | BP112: 0 | BQ112: Não
... A132: 46292 | B132: 1053.0971 | D132: 1053.0971 | E132: 1 | F132: 1.0110897 | G132: 1.0056541 | H132: 1.0168065 | I132: 17.698874 | J132: 0 | K132: 17.698874 | L132: 1070.796 | N132: 0 | O132: 0 | P132: 0 | Q132: 0 | R132: 1070.796 | S132: 8714 | T132: 9330916.4 | U132: 0 | V132: 0 | W132: 0 | X132: 0 | Y132: 0 | Z132: 0 | AA132: 0 | AB132: 0 | AC132: 0 | AD132: 0 | AG132: 0 | AH132: 0 | AI132: 0 | AJ132: 21 | AK132: 252 | AP132: 0 | AQ132: 0 | AR132: 0 | AS132: 0 | AT132: 0 | AU132: 0 | AV132: 0 | AW132: 0 | AX132: 0 | AY132: 0 | AZ132: 0 | BA132: 0 | BB132: 0 | BC132: 0 | BD132: 0 | BE132: 0 | BF132: 0 | BG132: 0 | BH132: 0 | BI132: 0 | BJ132: 0 | BK132: 0 | BL132: 0 | BM132: 0 | BN132: 0 | BO132: 0 | BP132: 0 | BQ132: Não
A133: 46293 | B133: 1053.0971 | D133: 1053.0971 | E133: 1.0005253 | F133: 1.0116208 | G133: 1.0059242 | H133: 1.0176138 | I133: 18.549063 | J133: 0 | K133: 18.549063 | L133: 1071.6462 | M133: 0 | N133: 0 | O133: 0 | P133: 0 | Q133: 0 | R133: 1071.6462 | S133: 8714 | T133: 9338325 | U133: 0 | V133: 0 | W133: 0 | X133: 0 | Y133: 0 | Z133: 0 | AA133: 0 | AB133: 0 | AC133: 0 | AD133: 0 | AG133: 0 | AH133: 0 | AI133: 0 | AJ133: 22 | AK133: 252 | AP133: 0 | AQ133: 0 | AR133: 0 | AS133: 0 | AT133: 0 | AU133: 0 | AV133: 0 | AW133: 0 | AX133: 0 | AY133: 0 | AZ133: 0 | BA133: 0 | BB133: 0 | BC133: 0 | BD133: 0 | BE133: 0 | BF133: 0 | BG133: 0 | BH133: 0 | BI133: 0 | BJ133: 0 | BK133: 0 | BL133: 0 | BM133: 0 | BN133: 0 | BO133: 0 | BP133: 0 | BQ133: Sim
A134: 46294 | B134: 1071.6462 | D134: 1071.6462 | E134: 1.0005253 | F134: 1.0005253 | G134: 1.0002685 | H134: 1.000794 | I134: 0.85085921 | J134: 0 | K134: 0.85085921 | L134: 1072.4971 | N134: 0 | O134: 0 | P134: 0 | Q134: 0 | R134: 1072.4971 | S134: 8714 | T134: 9345739.3 | U134: 0 | V134: 0 | W134: 0 | X134: 0 | Y134: 0 | Z134: 0 | AA134: 0 | AB134: 0 | AC134: 0 | AD134: 0 | AG134: 0 | AH134: 0 | AI134: 0 | AJ134: 1 | AK134: 252 | AP134: 0 | AQ134: 0 | AR134: 0 | AS134: 0 | AT134: 0 | AU134: 0 | AV134: 0 | AW134: 0 | AX134: 0 | AY134: 0 | AZ134: 0 | BA134: 0 | BB134: 0 | BC134: 0 | BD134: 0 | BE134: 0 | BF134: 0 | BG134: 0 | BH134: 0 | BI134: 0 | BJ134: 0 | BK134: 0 | BL134: 0 | BM134: 0 | BN134: 0 | BO134: 0 | BP134: 0 | BQ134: Não
A135: 46295 | B135: 1071.6462 | D135: 1071.6462 | E135: 1.0005253 | F135: 1.0010509 | G135: 1.0005371 | H135: 1.0015886 | I135: 1.7023979 | J135: 0 | K135: 1.7023979 | L135: 1073.3486 | N135: 0 | O135: 0 | P135: 0 | Q135: 0 | R135: 1073.3486 | S135: 8714 | T135: 9353159.6 | U135: 0 | V135: 0 | W135: 0 | X135: 0 | Y135: 0 | Z135: 0 | AA135: 0 | AB135: 0 | AC135: 0 | AD135: 0 | AG135: 0 | AH135: 0 | AI135: 0 | AJ135: 2 | AK135: 252 | AP135: 0 | AQ135: 0 | AR135: 0 | AS135: 0 | AT135: 0 | AU135: 0 | AV135: 0 | AW135: 0 | AX135: 0 | AY135: 0 | AZ135: 0 | BA135: 0 | BB135: 0 | BC135: 0 | BD135: 0 | BE135: 0 | BF135: 0 | BG135: 0 | BH135: 0 | BI135: 0 | BJ135: 0 | BK135: 0 | BL135: 0 | BM135: 0 | BN135: 0 | BO135: 0 | BP135: 0 | BQ135: Não
A136: 46296 | B136: 1071.6462 | D136: 1071.6462 | E136: 1.0005253 | F136: 1.0015768 | G136: 1.0008058 | H136: 1.0023838 | I136: 2.5546073 | J136: 0 | K136: 2.5546073 | L136: 1074.2008 | N136: 0 | O136: 0 | P136: 0 | Q136: 0 | R136: 1074.2008 | S136: 8714 | T136: 9360585.8 | U136: 0 | V136: 0 | W136: 0 | X136: 0 | Y136: 0 | Z136: 0 | AA136: 0 | AB136: 0 | AC136: 0 | AD136: 0 | AG136: 0 | AH136: 0 | AI136: 0 | AJ136: 3 | AK136: 252 | AP136: 0 | AQ136: 0 | AR136: 0 | AS136: 0 | AT136: 0 | AU136: 0 | AV136: 0 | AW136: 0 | AX136: 0 | AY136: 0 | AZ136: 0 | BA136: 0 | BB136: 0 | BC136: 0 | BD136: 0 | BE136: 0 | BF136: 0 | BG136: 0 | BH136: 0 | BI136: 0 | BJ136: 0 | BK136: 0 | BL136: 0 | BM136: 0 | BN136: 0 | BO136: 0 | BP136: 0 | BQ136: Não
A137: 46297 | B137: 1071.6462 | D137: 1071.6462 | E137: 1.0005253 | F137: 1.0021029 | G137: 1.0010745 | H137: 1.0031797 | I137: 3.4074963 | J137: 0 | K137: 3.4074963 | L137: 1075.0537 | N137: 0 | O137: 0 | P137: 0 | Q137: 0 | R137: 1075.0537 | S137: 8714 | T137: 9368017.9 | U137: 0 | V137: 0 | W137: 0 | X137: 0 | Y137: 0 | Z137: 0 | AA137: 0 | AB137: 0 | AC137: 0 | AD137: 0 | AG137: 0 | AH137: 0 | AI137: 0 | AJ137: 4 | AK137: 252 | AP137: 0 | AQ137: 0 | AR137: 0 | AS137: 0 | AT137: 0 | AU137: 0 | AV137: 0 | AW137: 0 | AX137: 0 | AY137: 0 | AZ137: 0 | BA137: 0 | BB137: 0 | BC137: 0 | BD137: 0 | BE137: 0 | BF137: 0 | BG137: 0 | BH137: 0 | BI137: 0 | BJ137: 0 | BK137: 0 | BL137: 0 | BM137: 0 | BN137: 0 | BO137: 0 | BP137: 0 | BQ137: Não
A138: 46298 | B138: 1071.6462 | D138: 1071.6462 | E138: 1 | F138: 1.0021029 | G138: 1.0010745 | H138: 1.0031797 | I138: 3.4074963 | J138: 0 | K138: 3.4074963 | L138: 1075.0537 | N138: 0 | O138: 0 | P138: 0 | Q138: 0 | R138: 1075.0537 | S138: 8714 | T138: 9368017.9 | U138: 0 | V138: 0 | W138: 0 | X138: 0 | Y138: 0 | Z138: 0 | AA138: 0 | AB138: 0 | AC138: 0 | AD138: 0 | AG138: 0 | AH138: 0 | AI138: 0 | AJ138: 4 | AK138: 252 | AP138: 0 | AQ138: 0 | AR138: 0 | AS138: 0 | AT138: 0 | AU138: 0 | AV138: 0 | AW138: 0 | AX138: 0 | AY138: 0 | AZ138: 0 | BA138: 0 | BB138: 0 | BC138: 0 | BD138: 0 | BE138: 0 | BF138: 0 | BG138: 0 | BH138: 0 | BI138: 0 | BJ138: 0 | BK138: 0 | BL138: 0 | BM138: 0 | BN138: 0 | BO138: 0 | BP138: 0 | BQ138: Não
A139: 46299 | B139: 1071.6462 | D139: 1071.6462 | E139: 1 | F139: 1.0021029 | G139: 1.0010745 | H139: 1.0031797 | I139: 3.4074963 | J139: 0 | K139: 3.4074963 | L139: 1075.0537 | N139: 0 | O139: 0 | P139: 0 | Q139: 0 | R139: 1075.0537 | S139: 8714 | T139: 9368017.9 | U139: 0 | V139: 0 | W139: 0 | X139: 0 | Y139: 0 | Z139: 0 | AA139: 0 | AB139: 0 | AC139: 0 | AD139: 0 | AG139: 0 | AH139: 0 | AI139: 0 | AJ139: 4 | AK139: 252 | AP139: 0 | AQ139: 0 | AR139: 0 | AS139: 0 | AT139: 0 | AU139: 0 | AV139: 0 | AW139: 0 | AX139: 0 | AY139: 0 | AZ139: 0 | BA139: 0 | BB139: 0 | BC139: 0 | BD139: 0 | BE139: 0 | BF139: 0 | BG139: 0 | BH139: 0 | BI139: 0 | BJ139: 0 | BK139: 0 | BL139: 0 | BM139: 0 | BN139: 0 | BO139: 0 | BP139: 0 | BQ139: Não
A140: 46300 | B140: 1071.6462 | D140: 1071.6462 | E140: 1.0005253 | F140: 1.0026293 | G140: 1.0013433 | H140: 1.0039762 | I140: 4.261055 | J140: 0 | K140: 4.261055 | L140: 1075.9073 | N140: 0 | O140: 0 | P140: 0 | Q140: 0 | R140: 1075.9073 | S140: 8714 | T140: 9375455.8 | U140: 0 | V140: 0 | W140: 0 | X140: 0 | Y140: 0 | Z140: 0 | AA140: 0 | AB140: 0 | AC140: 0 | AD140: 0 | AG140: 0 | AH140: 0 | AI140: 0 | AJ140: 5 | AK140: 252 | AP140: 0 | AQ140: 0 | AR140: 0 | AS140: 0 | AT140: 0 | AU140: 0 | AV140: 0 | AW140: 0 | AX140: 0 | AY140: 0 | AZ140: 0 | BA140: 0 | BB140: 0 | BC140: 0 | BD140: 0 | BE140: 0 | BF140: 0 | BG140: 0 | BH140: 0 | BI140: 0 | BJ140: 0 | BK140: 0 | BL140: 0 | BM140: 0 | BN140: 0 | BO140: 0 | BP140: 0 | BQ140: Não
A141: 46301 | B141: 1071.6462 | D141: 1071.6462 | E141: 1.0005253 | F141: 1.003156 | G141: 1.0016122 | H141: 1.0047733 | I141: 5.1152952 | J141: 0 | K141: 5.1152952 | L141: 1076.7615 | N141: 0 | O141: 0 | P141: 0 | Q141: 0 | R141: 1076.7615 | S141: 8714 | T141: 9382899.6 | U141: 0 | V141: 0 | W141: 0 | X141: 0 | Y141: 0 | Z141: 0 | AA141: 0 | AB141: 0 | AC141: 0 | AD141: 0 | AG141: 0 | AH141: 0 | AI141: 0 | AJ141: 6 | AK141: 252 | AP141: 0 | AQ141: 0 | AR141: 0 | AS141: 0 | AT141: 0 | AU141: 0 | AV141: 0 | AW141: 0 | AX141: 0 | AY141: 0 | AZ141: 0 | BA141: 0 | BB141: 0 | BC141: 0 | BD141: 0 | BE141: 0 | BF141: 0 | BG141: 0 | BH141: 0 | BI141: 0 | BJ141: 0 | BK141: 0 | BL141: 0 | BM141: 0 | BN141: 0 | BO141: 0 | BP141: 0 | BQ141: Não
A142: 46302 | B142: 1071.6462 | D142: 1071.6462 | E142: 1.0005253 | F142: 1.003683 | G142: 1.0018812 | H142: 1.0055711 | I142: 5.9702181 | J142: 0 | K142: 5.9702181 | L142: 1077.6164 | N142: 0 | O142: 0 | P142: 0 | Q142: 0 | R142: 1077.6164 | S142: 8714 | T142: 9390349.4 | U142: 0 | V142: 0 | W142: 0 | X142: 0 | Y142: 0 | Z142: 0 | AA142: 0 | AB142: 0 | AC142: 0 | AD142: 0 | AG142: 0 | AH142: 0 | AI142: 0 | AJ142: 7 | AK142: 252 | AP142: 0 | AQ142: 0 | AR142: 0 | AS142: 0 | AT142: 0 | AU142: 0 | AV142: 0 | AW142: 0 | AX142: 0 | AY142: 0 | AZ142: 0 | BA142: 0 | BB142: 0 | BC142: 0 | BD142: 0 | BE142: 0 | BF142: 0 | BG142: 0 | BH142: 0 | BI142: 0 | BJ142: 0 | BK142: 0 | BL142: 0 | BM142: 0 | BN142: 0 | BO142: 0 | BP142: 0 | BQ142: Não
A143: 46303 | B143: 1071.6462 | D143: 1071.6462 | E143: 1.0005253 | F143: 1.0042102 | G143: 1.0021502 | H143: 1.0063695 | I143: 6.8258129 | J143: 0 | K143: 6.8258129 | L143: 1078.472 | N143: 0 | O143: 0 | P143: 0 | Q143: 0 | R143: 1078.472 | S143: 8714 | T143: 9397805.1 | U143: 0 | V143: 0 | W143: 0 | X143: 0 | Y143: 0 | Z143: 0 | AA143: 0 | AB143: 0 | AC143: 0 | AD143: 0 | AG143: 0 | AH143: 0 | AI143: 0 | AJ143: 8 | AK143: 252 | AP143: 0 | AQ143: 0 | AR143: 0 | AS143: 0 | AT143: 0 | AU143: 0 | AV143: 0 | AW143: 0 | AX143: 0 | AY143: 0 | AZ143: 0 | BA143: 0 | BB143: 0 | BC143: 0 | BD143: 0 | BE143: 0 | BF143: 0 | BG143: 0 | BH143: 0 | BI143: 0 | BJ143: 0 | BK143: 0 | BL143: 0 | BM143: 0 | BN143: 0 | BO143: 0 | BP143: 0 | BQ143: Não
A144: 46304 | B144: 1071.6462 | D144: 1071.6462 | E144: 1.0005253 | F144: 1.0047377 | G144: 1.0024193 | H144: 1.0071685 | I144: 7.6821 | J144: 0 | K144: 7.6821 | L144: 1079.3283 | N144: 0 | O144: 0 | P144: 0 | Q144: 0 | R144: 1079.3283 | S144: 8714 | T144: 9405266.8 | U144: 0 | V144: 0 | W144: 0 | X144: 0 | Y144: 0 | Z144: 0 | AA144: 0 | AB144: 0 | AC144: 0 | AD144: 0 | AG144: 0 | AH144: 0 | AI144: 0 | AJ144: 9 | AK144: 252 | AP144: 0 | AQ144: 0 | AR144: 0 | AS144: 0 | AT144: 0 | AU144: 0 | AV144: 0 | AW144: 0 | AX144: 0 | AY144: 0 | AZ144: 0 | BA144: 0 | BB144: 0 | BC144: 0 | BD144: 0 | BE144: 0 | BF144: 0 | BG144: 0 | BH144: 0 | BI144: 0 | BJ144: 0 | BK144: 0 | BL144: 0 | BM144: 0 | BN144: 0 | BO144: 0 | BP144: 0 | BQ144: Não
A145: 46305 | B145: 1071.6462 | D145: 1071.6462 | E145: 1 | F145: 1.0047377 | G145: 1.0024193 | H145: 1.0071685 | I145: 7.6821 | J145: 0 | K145: 7.6821 | L145: 1079.3283 | N145: 0 | O145: 0 | P145: 0 | Q145: 0 | R145: 1079.3283 | S145: 8714 | T145: 9405266.8 | U145: 0 | V145: 0 | W145: 0 | X145: 0 | Y145: 0 | Z145: 0 | AA145: 0 | AB145: 0 | AC145: 0 | AD145: 0 | AG145: 0 | AH145: 0 | AI145: 0 | AJ145: 9 | AK145: 252 | AP145: 0 | AQ145: 0 | AR145: 0 | AS145: 0 | AT145: 0 | AU145: 0 | AV145: 0 | AW145: 0 | AX145: 0 | AY145: 0 | AZ145: 0 | BA145: 0 | BB145: 0 | BC145: 0 | BD145: 0 | BE145: 0 | BF145: 0 | BG145: 0 | BH145: 0 | BI145: 0 | BJ145: 0 | BK145: 0 | BL145: 0 | BM145: 0 | BN145: 0 | BO145: 0 | BP145: 0 | BQ145: Não
... A160: 46320 | B160: 1071.6462 | D160: 1071.6462 | E160: 1 | F160: 1.0094979 | G160: 1.0048445 | H160: 1.0143884 | I160: 15.419262 | J160: 0 | K160: 15.419262 | L160: 1087.0655 | N160: 0 | O160: 0 | P160: 0 | Q160: 0 | R160: 1087.0655 | S160: 8714 | T160: 9472688.4 | U160: 0 | V160: 0 | W160: 0 | X160: 0 | Y160: 0 | Z160: 0 | AA160: 0 | AB160: 0 | AC160: 0 | AD160: 0 | AG160: 0 | AH160: 0 | AI160: 0 | AJ160: 18 | AK160: 252 | AP160: 0 | AQ160: 0 | AR160: 0 | AS160: 0 | AT160: 0 | AU160: 0 | AV160: 0 | AW160: 0 | AX160: 0 | AY160: 0 | AZ160: 0 | BA160: 0 | BB160: 0 | BC160: 0 | BD160: 0 | BE160: 0 | BF160: 0 | BG160: 0 | BH160: 0 | BI160: 0 | BJ160: 0 | BK160: 0 | BL160: 0 | BM160: 0 | BN160: 0 | BO160: 0 | BP160: 0 | BQ160: Não
A161: 46321 | B161: 1071.6462 | D161: 1071.6462 | E161: 1.0005253 | F161: 1.0100282 | G161: 1.0051143 | H161: 1.0151938 | I161: 16.282365 | J161: 0 | K161: 16.282365 | L161: 1087.9286 | M161: 0 | N161: 0 | O161: 0 | P161: 0 | Q161: 0 | R161: 1087.9286 | S161: 8714 | T161: 9480209.5 | U161: 0 | V161: 0 | W161: 0 | X161: 0 | Y161: 0 | Z161: 0 | AA161: 0 | AB161: 0 | AC161: 0 | AD161: 0 | AG161: 0 | AH161: 0 | AI161: 0 | AJ161: 19 | AK161: 252 | AP161: 0 | AQ161: 0 | AR161: 0 | AS161: 0 | AT161: 0 | AU161: 0 | AV161: 0 | AW161: 0 | AX161: 0 | AY161: 0 | AZ161: 0 | BA161: 0 | BB161: 0 | BC161: 0 | BD161: 0 | BE161: 0 | BF161: 0 | BG161: 0 | BH161: 0 | BI161: 0 | BJ161: 0 | BK161: 0 | BL161: 0 | BM161: 0 | BN161: 0 | BO161: 0 | BP161: 0 | BQ161: Sim
A162: 46322 | B162: 1087.9286 | D162: 1087.9286 | E162: 1.0005253 | F162: 1.0005253 | G162: 1.0002685 | H162: 1.000794 | I162: 0.86378699 | J162: 0 | K162: 0.86378699 | L162: 1088.7923 | N162: 0 | O162: 0 | P162: 0 | Q162: 0 | R162: 1088.7923 | S162: 8714 | T162: 9487736.5 | U162: 0 | V162: 0 | W162: 0 | X162: 0 | Y162: 0 | Z162: 0 | AA162: 0 | AB162: 0 | AC162: 0 | AD162: 0 | AG162: 0 | AH162: 0 | AI162: 0 | AJ162: 1 | AK162: 252 | AP162: 0 | AQ162: 0 | AR162: 0 | AS162: 0 | AT162: 0 | AU162: 0 | AV162: 0 | AW162: 0 | AX162: 0 | AY162: 0 | AZ162: 0 | BA162: 0 | BB162: 0 | BC162: 0 | BD162: 0 | BE162: 0 | BF162: 0 | BG162: 0 | BH162: 0 | BI162: 0 | BJ162: 0 | BK162: 0 | BL162: 0 | BM162: 0 | BN162: 0 | BO162: 0 | BP162: 0 | BQ162: Não
A163: 46323 | B163: 1087.9286 | D163: 1087.9286 | E163: 1.0005253 | F163: 1.0010509 | G163: 1.0005371 | H163: 1.0015886 | I163: 1.7282637 | J163: 0 | K163: 1.7282637 | L163: 1089.6568 | N163: 0 | O163: 0 | P163: 0 | Q163: 0 | R163: 1089.6568 | S163: 8714 | T163: 9495269.6 | U163: 0 | V163: 0 | W163: 0 | X163: 0 | Y163: 0 | Z163: 0 | AA163: 0 | AB163: 0 | AC163: 0 | AD163: 0 | AG163: 0 | AH163: 0 | AI163: 0 | AJ163: 2 | AK163: 252 | AP163: 0 | AQ163: 0 | AR163: 0 | AS163: 0 | AT163: 0 | AU163: 0 | AV163: 0 | AW163: 0 | AX163: 0 | AY163: 0 | AZ163: 0 | BA163: 0 | BB163: 0 | BC163: 0 | BD163: 0 | BE163: 0 | BF163: 0 | BG163: 0 | BH163: 0 | BI163: 0 | BJ163: 0 | BK163: 0 | BL163: 0 | BM163: 0 | BN163: 0 | BO163: 0 | BP163: 0 | BQ163: Não
A164: 46324 | B164: 1087.9286 | D164: 1087.9286 | E164: 1.0005253 | F164: 1.0015768 | G164: 1.0008058 | H164: 1.0023838 | I164: 2.5934215 | J164: 0 | K164: 2.5934215 | L164: 1090.522 | N164: 0 | O164: 0 | P164: 0 | Q164: 0 | R164: 1090.522 | S164: 8714 | T164: 9502808.6 | U164: 0 | V164: 0 | W164: 0 | X164: 0 | Y164: 0 | Z164: 0 | AA164: 0 | AB164: 0 | AC164: 0 | AD164: 0 | AG164: 0 | AH164: 0 | AI164: 0 | AJ164: 3 | AK164: 252 | AP164: 0 | AQ164: 0 | AR164: 0 | AS164: 0 | AT164: 0 | AU164: 0 | AV164: 0 | AW164: 0 | AX164: 0 | AY164: 0 | AZ164: 0 | BA164: 0 | BB164: 0 | BC164: 0 | BD164: 0 | BE164: 0 | BF164: 0 | BG164: 0 | BH164: 0 | BI164: 0 | BJ164: 0 | BK164: 0 | BL164: 0 | BM164: 0 | BN164: 0 | BO164: 0 | BP164: 0 | BQ164: Não
A165: 46325 | B165: 1087.9286 | D165: 1087.9286 | E165: 1.0005253 | F165: 1.0021029 | G165: 1.0010745 | H165: 1.0031797 | I165: 3.459269 | J165: 0 | K165: 3.459269 | L165: 1091.3878 | N165: 0 | O165: 0 | P165: 0 | Q165: 0 | R165: 1091.3878 | S165: 8714 | T165: 9510353.6 | U165: 0 | V165: 0 | W165: 0 | X165: 0 | Y165: 0 | Z165: 0 | AA165: 0 | AB165: 0 | AC165: 0 | AD165: 0 | AG165: 0 | AH165: 0 | AI165: 0 | AJ165: 4 | AK165: 252 | AP165: 0 | AQ165: 0 | AR165: 0 | AS165: 0 | AT165: 0 | AU165: 0 | AV165: 0 | AW165: 0 | AX165: 0 | AY165: 0 | AZ165: 0 | BA165: 0 | BB165: 0 | BC165: 0 | BD165: 0 | BE165: 0 | BF165: 0 | BG165: 0 | BH165: 0 | BI165: 0 | BJ165: 0 | BK165: 0 | BL165: 0 | BM165: 0 | BN165: 0 | BO165: 0 | BP165: 0 | BQ165: Não
A166: 46326 | B166: 1087.9286 | D166: 1087.9286 | E166: 1 | F166: 1.0021029 | G166: 1.0010745 | H166: 1.0031797 | I166: 3.459269 | J166: 0 | K166: 3.459269 | L166: 1091.3878 | N166: 0 | O166: 0 | P166: 0 | Q166: 0 | R166: 1091.3878 | S166: 8714 | T166: 9510353.6 | U166: 0 | V166: 0 | W166: 0 | X166: 0 | Y166: 0 | Z166: 0 | AA166: 0 | AB166: 0 | AC166: 0 | AD166: 0 | AG166: 0 | AH166: 0 | AI166: 0 | AJ166: 4 | AK166: 252 | AP166: 0 | AQ166: 0 | AR166: 0 | AS166: 0 | AT166: 0 | AU166: 0 | AV166: 0 | AW166: 0 | AX166: 0 | AY166: 0 | AZ166: 0 | BA166: 0 | BB166: 0 | BC166: 0 | BD166: 0 | BE166: 0 | BF166: 0 | BG166: 0 | BH166: 0 | BI166: 0 | BJ166: 0 | BK166: 0 | BL166: 0 | BM166: 0 | BN166: 0 | BO166: 0 | BP166: 0 | BQ166: Não
A167: 46327 | B167: 1087.9286 | D167: 1087.9286 | E167: 1 | F167: 1.0021029 | G167: 1.0010745 | H167: 1.0031797 | I167: 3.459269 | J167: 0 | K167: 3.459269 | L167: 1091.3878 | N167: 0 | O167: 0 | P167: 0 | Q167: 0 | R167: 1091.3878 | S167: 8714 | T167: 9510353.6 | U167: 0 | V167: 0 | W167: 0 | X167: 0 | Y167: 0 | Z167: 0 | AA167: 0 | AB167: 0 | AC167: 0 | AD167: 0 | AG167: 0 | AH167: 0 | AI167: 0 | AJ167: 4 | AK167: 252 | AP167: 0 | AQ167: 0 | AR167: 0 | AS167: 0 | AT167: 0 | AU167: 0 | AV167: 0 | AW167: 0 | AX167: 0 | AY167: 0 | AZ167: 0 | BA167: 0 | BB167: 0 | BC167: 0 | BD167: 0 | BE167: 0 | BF167: 0 | BG167: 0 | BH167: 0 | BI167: 0 | BJ167: 0 | BK167: 0 | BL167: 0 | BM167: 0 | BN167: 0 | BO167: 0 | BP167: 0 | BQ167: Não
A168: 46328 | B168: 1087.9286 | D168: 1087.9286 | E168: 1 | F168: 1.0021029 | G168: 1.0010745 | H168: 1.0031797 | I168: 3.459269 | J168: 0 | K168: 3.459269 | L168: 1091.3878 | N168: 0 | O168: 0 | P168: 0 | Q168: 0 | R168: 1091.3878 | S168: 8714 | T168: 9510353.6 | U168: 0 | V168: 0 | W168: 0 | X168: 0 | Y168: 0 | Z168: 0 | AA168: 0 | AB168: 0 | AC168: 0 | AD168: 0 | AG168: 0 | AH168: 0 | AI168: 0 | AJ168: 4 | AK168: 252 | AP168: 0 | AQ168: 0 | AR168: 0 | AS168: 0 | AT168: 0 | AU168: 0 | AV168: 0 | AW168: 0 | AX168: 0 | AY168: 0 | AZ168: 0 | BA168: 0 | BB168: 0 | BC168: 0 | BD168: 0 | BE168: 0 | BF168: 0 | BG168: 0 | BH168: 0 | BI168: 0 | BJ168: 0 | BK168: 0 | BL168: 0 | BM168: 0 | BN168: 0 | BO168: 0 | BP168: 0 | BQ168: Não
A169: 46329 | B169: 1087.9286 | D169: 1087.9286 | E169: 1.0005253 | F169: 1.0026293 | G169: 1.0013433 | H169: 1.0039762 | I169: 4.3257965 | J169: 0 | K169: 4.3257965 | L169: 1092.2544 | N169: 0 | O169: 0 | P169: 0 | Q169: 0 | R169: 1092.2544 | S169: 8714 | T169: 9517904.5 | U169: 0 | V169: 0 | W169: 0 | X169: 0 | Y169: 0 | Z169: 0 | AA169: 0 | AB169: 0 | AC169: 0 | AD169: 0 | AG169: 0 | AH169: 0 | AI169: 0 | AJ169: 5 | AK169: 252 | AP169: 0 | AQ169: 0 | AR169: 0 | AS169: 0 | AT169: 0 | AU169: 0 | AV169: 0 | AW169: 0 | AX169: 0 | AY169: 0 | AZ169: 0 | BA169: 0 | BB169: 0 | BC169: 0 | BD169: 0 | BE169: 0 | BF169: 0 | BG169: 0 | BH169: 0 | BI169: 0 | BJ169: 0 | BK169: 0 | BL169: 0 | BM169: 0 | BN169: 0 | BO169: 0 | BP169: 0 | BQ169: Não
A170: 46330 | B170: 1087.9286 | D170: 1087.9286 | E170: 1.0005253 | F170: 1.003156 | G170: 1.0016122 | H170: 1.0047733 | I170: 5.1930159 | J170: 0 | K170: 5.1930159 | L170: 1093.1216 | N170: 0 | O170: 0 | P170: 0 | Q170: 0 | R170: 1093.1216 | S170: 8714 | T170: 9525461.4 | U170: 0 | V170: 0 | W170: 0 | X170: 0 | Y170: 0 | Z170: 0 | AA170: 0 | AB170: 0 | AC170: 0 | AD170: 0 | AG170: 0 | AH170: 0 | AI170: 0 | AJ170: 6 | AK170: 252 | AP170: 0 | AQ170: 0 | AR170: 0 | AS170: 0 | AT170: 0 | AU170: 0 | AV170: 0 | AW170: 0 | AX170: 0 | AY170: 0 | AZ170: 0 | BA170: 0 | BB170: 0 | BC170: 0 | BD170: 0 | BE170: 0 | BF170: 0 | BG170: 0 | BH170: 0 | BI170: 0 | BJ170: 0 | BK170: 0 | BL170: 0 | BM170: 0 | BN170: 0 | BO170: 0 | BP170: 0 | BQ170: Não
A171: 46331 | B171: 1087.9286 | D171: 1087.9286 | E171: 1.0005253 | F171: 1.003683 | G171: 1.0018812 | H171: 1.0055711 | I171: 6.0609283 | J171: 0 | K171: 6.0609283 | L171: 1093.9895 | N171: 0 | O171: 0 | P171: 0 | Q171: 0 | R171: 1093.9895 | S171: 8714 | T171: 9533024.4 | U171: 0 | V171: 0 | W171: 0 | X171: 0 | Y171: 0 | Z171: 0 | AA171: 0 | AB171: 0 | AC171: 0 | AD171: 0 | AG171: 0 | AH171: 0 | AI171: 0 | AJ171: 7 | AK171: 252 | AP171: 0 | AQ171: 0 | AR171: 0 | AS171: 0 | AT171: 0 | AU171: 0 | AV171: 0 | AW171: 0 | AX171: 0 | AY171: 0 | AZ171: 0 | BA171: 0 | BB171: 0 | BC171: 0 | BD171: 0 | BE171: 0 | BF171: 0 | BG171: 0 | BH171: 0 | BI171: 0 | BJ171: 0 | BK171: 0 | BL171: 0 | BM171: 0 | BN171: 0 | BO171: 0 | BP171: 0 | BQ171: Não
A172: 46332 | B172: 1087.9286 | D172: 1087.9286 | E172: 1.0005253 | F172: 1.0042102 | G172: 1.0021502 | H172: 1.0063695 | I172: 6.9295229 | J172: 0 | K172: 6.9295229 | L172: 1094.8581 | N172: 0 | O172: 0 | P172: 0 | Q172: 0 | R172: 1094.8581 | S172: 8714 | T172: 9540593.3 | U172: 0 | V172: 0 | W172: 0 | X172: 0 | Y172: 0 | Z172: 0 | AA172: 0 | AB172: 0 | AC172: 0 | AD172: 0 | AG172: 0 | AH172: 0 | AI172: 0 | AJ172: 8 | AK172: 252 | AP172: 0 | AQ172: 0 | AR172: 0 | AS172: 0 | AT172: 0 | AU172: 0 | AV172: 0 | AW172: 0 | AX172: 0 | AY172: 0 | AZ172: 0 | BA172: 0 | BB172: 0 | BC172: 0 | BD172: 0 | BE172: 0 | BF172: 0 | BG172: 0 | BH172: 0 | BI172: 0 | BJ172: 0 | BK172: 0 | BL172: 0 | BM172: 0 | BN172: 0 | BO172: 0 | BP172: 0 | BQ172: Não
...

Sheet PuDiario 4E 2S
A1: Nome | B1: DEB 4E S2 (Precatório Nomos)
A2: Nome Fantasia | B2: DEB 4E S2 (Precatório Nomos)
A3: Código do Contrato CETIP | B3: SOUS24
A4: Agente Fiduciário
A5: Taxa de Juros (26/05/2026) | B5: 0.0000 % a.a.
A7: Data | B7: Valor Unitário Base | C7: Fator Correção | D7: Valor Unitário Corrigido | E7: Fator DI | F7: Fator DI Acumulado | G7: Fator Spread | H7: Fator Spread X DI | I7: Juros Esperado | J7: Juros Extra | K7: Juros Real | L7: Valor Unitário Corrigido Mais Juros (Valor Unitário Atualizado) | M7: Tai (%) | N7: Amortização Esperada | O7: Amortização Extra | P7: Amortização Real | Q7: Valor Unitário Liberação | R7: Valor Unitário Residual | S7: Quantidade | T7: Valor Total | U7: Pagamento Curva Un. | V7: Prêmio Pré-pagamento Un. | W7: Prêmio Genérico Un. | X7: Pgto. Juros Total | Y7: Pgto. Amort. Ord. (Principal) Total | Z7: Pgto. Amort. Ord. (Correção) Total | AA7: Pgto. Amex (Principal) Total | AB7: Pgto. Amex (Correção) Total | AC7: Pgto. Prêmios Total | AD7: Pgto. Total (Sem inadimpência) | AE7: Data Original Evento | AF7: Data de Vencimento do Evento | AG7: Fator Índice desde Início | AH7: DUP Correção | AI7: DUT Correção | AJ7: DUP Juros | AK7: DUT Juros | AL7: Data Do Índice Utilizado | AM7: Valor Do Índice Utilizado | AN7: Data Do Índice Utilizado (div) | AO7: Valor Do Índice Utilizado (div) | AP7: Fator Multa | AQ7: Fator Mora | AR7: Mora DUP | AS7: Mora DUT | AT7: PU do Juros Inad. p/ Multa | AU7: Multa do Juros | AV7: PU da Amort Inad. p/ Multa | AW7: Multa da Amort | AX7: PU do Juros Inad. p/ Mora | AY7: Correção Inad. Juros | AZ7: Juros sobre Inad. Juros | BA7: Mora Inad. Juros | BB7: PU da Amort Inad. p/ Mora | BC7: Correção Inad. Amort | BD7: Juros sobre Inad. Amort | BE7: Mora Inad. Amort | BF7: Pgto. Multa Juros | BG7: Pgto. Multa Amort | BH7: Pgto. Mora Juros | BI7: Pgto. Mora Amort | BJ7: Pgto. Juros sobre Juros Inad. | BK7: Pgto. Juros sobre Amort Inad. | BL7: Pgto. Correção Juros Inad. | BM7: Pgto. Correção Amort Inad. | BN7: Pgto. Principal Juros Inad. | BO7: Pgto. Principal Amort Inad. | BP7: Pgto. Total | BQ7: Houve Incorporação de Juros?
A8: 46168 | B8: 1000 | D8: 1000 | G8: 1 | I8: 0 | J8: 0 | K8: 0 | L8: 1000 | M8: 0 | N8: 0 | O8: 0 | P8: 0 | Q8: 0 | R8: 1000 | S8: 0 | T8: 0 | U8: 0 | V8: 0 | W8: 0 | X8: 0 | Y8: 0 | Z8: 0 | AA8: 0 | AB8: 0 | AC8: 0 | AD8: 0 | AG8: 0 | AH8: 0 | AI8: 0 | AJ8: 0 | AK8: 360 | AP8: 0 | AQ8: 0 | AR8: 0 | AS8: 0 | AT8: 0 | AU8: 0 | AV8: 0 | AW8: 0 | AX8: 0 | AY8: 0 | AZ8: 0 | BA8: 0 | BB8: 0 | BC8: 0 | BD8: 0 | BE8: 0 | BF8: 0 | BG8: 0 | BH8: 0 | BI8: 0 | BJ8: 0 | BK8: 0 | BL8: 0 | BM8: 0 | BN8: 0 | BO8: 0 | BP8: 0 | BQ8: Não
A9: 46169 | B9: 1000 | D9: 1000 | G9: 1 | I9: 0 | J9: 0 | K9: 0 | L9: 1000 | N9: 0 | O9: 0 | P9: 0 | Q9: 0 | R9: 1000 | S9: 0 | T9: 0 | U9: 0 | V9: 0 | W9: 0 | X9: 0 | Y9: 0 | Z9: 0 | AA9: 0 | AB9: 0 | AC9: 0 | AD9: 0 | AG9: 0 | AH9: 1 | AI9: 31 | AJ9: 1 | AK9: 360 | AP9: 0 | AQ9: 0 | AR9: 0 | AS9: 0 | AT9: 0 | AU9: 0 | AV9: 0 | AW9: 0 | AX9: 0 | AY9: 0 | AZ9: 0 | BA9: 0 | BB9: 0 | BC9: 0 | BD9: 0 | BE9: 0 | BF9: 0 | BG9: 0 | BH9: 0 | BI9: 0 | BJ9: 0 | BK9: 0 | BL9: 0 | BM9: 0 | BN9: 0 | BO9: 0 | BP9: 0 | BQ9: Não
A10: 46170 | B10: 1000 | D10: 1000 | G10: 1 | I10: 0 | J10: 0 | K10: 0 | L10: 1000 | N10: 0 | O10: 0 | P10: 0 | Q10: 0 | R10: 1000 | S10: 1536 | T10: 1536000 | U10: 0 | V10: 0 | W10: 0 | X10: 0 | Y10: 0 | Z10: 0 | AA10: 0 | AB10: 0 | AC10: 0 | AD10: 0 | AG10: 0 | AH10: 2 | AI10: 31 | AJ10: 2 | AK10: 360 | AP10: 0 | AQ10: 0 | AR10: 0 | AS10: 0 | AT10: 0 | AU10: 0 | AV10: 0 | AW10: 0 | AX10: 0 | AY10: 0 | AZ10: 0 | BA10: 0 | BB10: 0 | BC10: 0 | BD10: 0 | BE10: 0 | BF10: 0 | BG10: 0 | BH10: 0 | BI10: 0 | BJ10: 0 | BK10: 0 | BL10: 0 | BM10: 0 | BN10: 0 | BO10: 0 | BP10: 0 | BQ10: Não
A11: 46171 | B11: 1000 | D11: 1000 | G11: 1 | I11: 0 | J11: 0 | K11: 0 | L11: 1000 | N11: 0 | O11: 0 | P11: 0 | Q11: 0 | R11: 1000 | S11: 1536 | T11: 1536000 | U11: 0 | V11: 0 | W11: 0 | X11: 0 | Y11: 0 | Z11: 0 | AA11: 0 | AB11: 0 | AC11: 0 | AD11: 0 | AG11: 0 | AH11: 3 | AI11: 31 | AJ11: 3 | AK11: 360 | AP11: 0 | AQ11: 0 | AR11: 0 | AS11: 0 | AT11: 0 | AU11: 0 | AV11: 0 | AW11: 0 | AX11: 0 | AY11: 0 | AZ11: 0 | BA11: 0 | BB11: 0 | BC11: 0 | BD11: 0 | BE11: 0 | BF11: 0 | BG11: 0 | BH11: 0 | BI11: 0 | BJ11: 0 | BK11: 0 | BL11: 0 | BM11: 0 | BN11: 0 | BO11: 0 | BP11: 0 | BQ11: Não
A12: 46172 | B12: 1000 | D12: 1000 | G12: 1 | I12: 0 | J12: 0 | K12: 0 | L12: 1000 | N12: 0 | O12: 0 | P12: 0 | Q12: 0 | R12: 1000 | S12: 1536 | T12: 1536000 | U12: 0 | V12: 0 | W12: 0 | X12: 0 | Y12: 0 | Z12: 0 | AA12: 0 | AB12: 0 | AC12: 0 | AD12: 0 | AG12: 0 | AH12: 4 | AI12: 31 | AJ12: 4 | AK12: 360 | AP12: 0 | AQ12: 0 | AR12: 0 | AS12: 0 | AT12: 0 | AU12: 0 | AV12: 0 | AW12: 0 | AX12: 0 | AY12: 0 | AZ12: 0 | BA12: 0 | BB12: 0 | BC12: 0 | BD12: 0 | BE12: 0 | BF12: 0 | BG12: 0 | BH12: 0 | BI12: 0 | BJ12: 0 | BK12: 0 | BL12: 0 | BM12: 0 | BN12: 0 | BO12: 0 | BP12: 0 | BQ12: Não
A13: 46173 | B13: 1000 | D13: 1000 | G13: 1 | I13: 0 | J13: 0 | K13: 0 | L13: 1000 | N13: 0 | O13: 0 | P13: 0 | Q13: 0 | R13: 1000 | S13: 1536 | T13: 1536000 | U13: 0 | V13: 0 | W13: 0 | X13: 0 | Y13: 0 | Z13: 0 | AA13: 0 | AB13: 0 | AC13: 0 | AD13: 0 | AG13: 0 | AH13: 5 | AI13: 31 | AJ13: 5 | AK13: 360 | AP13: 0 | AQ13: 0 | AR13: 0 | AS13: 0 | AT13: 0 | AU13: 0 | AV13: 0 | AW13: 0 | AX13: 0 | AY13: 0 | AZ13: 0 | BA13: 0 | BB13: 0 | BC13: 0 | BD13: 0 | BE13: 0 | BF13: 0 | BG13: 0 | BH13: 0 | BI13: 0 | BJ13: 0 | BK13: 0 | BL13: 0 | BM13: 0 | BN13: 0 | BO13: 0 | BP13: 0 | BQ13: Não
A14: 46174 | B14: 1000 | D14: 1000 | G14: 1 | I14: 0 | J14: 0 | K14: 0 | L14: 1000 | N14: 0 | O14: 0 | P14: 0 | Q14: 0 | R14: 1000 | S14: 1536 | T14: 1536000 | U14: 0 | V14: 0 | W14: 0 | X14: 0 | Y14: 0 | Z14: 0 | AA14: 0 | AB14: 0 | AC14: 0 | AD14: 0 | AG14: 0 | AH14: 6 | AI14: 31 | AJ14: 6 | AK14: 360 | AP14: 0 | AQ14: 0 | AR14: 0 | AS14: 0 | AT14: 0 | AU14: 0 | AV14: 0 | AW14: 0 | AX14: 0 | AY14: 0 | AZ14: 0 | BA14: 0 | BB14: 0 | BC14: 0 | BD14: 0 | BE14: 0 | BF14: 0 | BG14: 0 | BH14: 0 | BI14: 0 | BJ14: 0 | BK14: 0 | BL14: 0 | BM14: 0 | BN14: 0 | BO14: 0 | BP14: 0 | BQ14: Não
A15: 46175 | B15: 1000 | D15: 1000 | G15: 1 | I15: 0 | J15: 0 | K15: 0 | L15: 1000 | N15: 0 | O15: 0 | P15: 0 | Q15: 0 | R15: 1000 | S15: 1536 | T15: 1536000 | U15: 0 | V15: 0 | W15: 0 | X15: 0 | Y15: 0 | Z15: 0 | AA15: 0 | AB15: 0 | AC15: 0 | AD15: 0 | AG15: 0 | AH15: 7 | AI15: 31 | AJ15: 7 | AK15: 360 | AP15: 0 | AQ15: 0 | AR15: 0 | AS15: 0 | AT15: 0 | AU15: 0 | AV15: 0 | AW15: 0 | AX15: 0 | AY15: 0 | AZ15: 0 | BA15: 0 | BB15: 0 | BC15: 0 | BD15: 0 | BE15: 0 | BF15: 0 | BG15: 0 | BH15: 0 | BI15: 0 | BJ15: 0 | BK15: 0 | BL15: 0 | BM15: 0 | BN15: 0 | BO15: 0 | BP15: 0 | BQ15: Não
A16: 46176 | B16: 1000 | D16: 1000 | G16: 1 | I16: 0 | J16: 0 | K16: 0 | L16: 1000 | N16: 0 | O16: 0 | P16: 0 | Q16: 0 | R16: 1000 | S16: 1536 | T16: 1536000 | U16: 0 | V16: 0 | W16: 0 | X16: 0 | Y16: 0 | Z16: 0 | AA16: 0 | AB16: 0 | AC16: 0 | AD16: 0 | AG16: 0 | AH16: 8 | AI16: 31 | AJ16: 8 | AK16: 360 | AP16: 0 | AQ16: 0 | AR16: 0 | AS16: 0 | AT16: 0 | AU16: 0 | AV16: 0 | AW16: 0 | AX16: 0 | AY16: 0 | AZ16: 0 | BA16: 0 | BB16: 0 | BC16: 0 | BD16: 0 | BE16: 0 | BF16: 0 | BG16: 0 | BH16: 0 | BI16: 0 | BJ16: 0 | BK16: 0 | BL16: 0 | BM16: 0 | BN16: 0 | BO16: 0 | BP16: 0 | BQ16: Não
A17: 46177 | B17: 1000 | D17: 1000 | G17: 1 | I17: 0 | J17: 0 | K17: 0 | L17: 1000 | N17: 0 | O17: 0 | P17: 0 | Q17: 0 | R17: 1000 | S17: 1536 | T17: 1536000 | U17: 0 | V17: 0 | W17: 0 | X17: 0 | Y17: 0 | Z17: 0 | AA17: 0 | AB17: 0 | AC17: 0 | AD17: 0 | AG17: 0 | AH17: 9 | AI17: 31 | AJ17: 9 | AK17: 360 | AP17: 0 | AQ17: 0 | AR17: 0 | AS17: 0 | AT17: 0 | AU17: 0 | AV17: 0 | AW17: 0 | AX17: 0 | AY17: 0 | AZ17: 0 | BA17: 0 | BB17: 0 | BC17: 0 | BD17: 0 | BE17: 0 | BF17: 0 | BG17: 0 | BH17: 0 | BI17: 0 | BJ17: 0 | BK17: 0 | BL17: 0 | BM17: 0 | BN17: 0 | BO17: 0 | BP17: 0 | BQ17: Não
A18: 46178 | B18: 1000 | D18: 1000 | G18: 1 | I18: 0 | J18: 0 | K18: 0 | L18: 1000 | N18: 0 | O18: 0 | P18: 0 | Q18: 0 | R18: 1000 | S18: 1536 | T18: 1536000 | U18: 0 | V18: 0 | W18: 0 | X18: 0 | Y18: 0 | Z18: 0 | AA18: 0 | AB18: 0 | AC18: 0 | AD18: 0 | AG18: 0 | AH18: 10 | AI18: 31 | AJ18: 10 | AK18: 360 | AP18: 0 | AQ18: 0 | AR18: 0 | AS18: 0 | AT18: 0 | AU18: 0 | AV18: 0 | AW18: 0 | AX18: 0 | AY18: 0 | AZ18: 0 | BA18: 0 | BB18: 0 | BC18: 0 | BD18: 0 | BE18: 0 | BF18: 0 | BG18: 0 | BH18: 0 | BI18: 0 | BJ18: 0 | BK18: 0 | BL18: 0 | BM18: 0 | BN18: 0 | BO18: 0 | BP18: 0 | BQ18: Não
A19: 46179 | B19: 1000 | D19: 1000 | G19: 1 | I19: 0 | J19: 0 | K19: 0 | L19: 1000 | N19: 0 | O19: 0 | P19: 0 | Q19: 0 | R19: 1000 | S19: 1536 | T19: 1536000 | U19: 0 | V19: 0 | W19: 0 | X19: 0 | Y19: 0 | Z19: 0 | AA19: 0 | AB19: 0 | AC19: 0 | AD19: 0 | AG19: 0 | AH19: 11 | AI19: 31 | AJ19: 11 | AK19: 360 | AP19: 0 | AQ19: 0 | AR19: 0 | AS19: 0 | AT19: 0 | AU19: 0 | AV19: 0 | AW19: 0 | AX19: 0 | AY19: 0 | AZ19: 0 | BA19: 0 | BB19: 0 | BC19: 0 | BD19: 0 | BE19: 0 | BF19: 0 | BG19: 0 | BH19: 0 | BI19: 0 | BJ19: 0 | BK19: 0 | BL19: 0 | BM19: 0 | BN19: 0 | BO19: 0 | BP19: 0 | BQ19: Não
A20: 46180 | B20: 1000 | D20: 1000 | G20: 1 | I20: 0 | J20: 0 | K20: 0 | L20: 1000 | N20: 0 | O20: 0 | P20: 0 | Q20: 0 | R20: 1000 | S20: 1536 | T20: 1536000 | U20: 0 | V20: 0 | W20: 0 | X20: 0 | Y20: 0 | Z20: 0 | AA20: 0 | AB20: 0 | AC20: 0 | AD20: 0 | AG20: 0 | AH20: 12 | AI20: 31 | AJ20: 12 | AK20: 360 | AP20: 0 | AQ20: 0 | AR20: 0 | AS20: 0 | AT20: 0 | AU20: 0 | AV20: 0 | AW20: 0 | AX20: 0 | AY20: 0 | AZ20: 0 | BA20: 0 | BB20: 0 | BC20: 0 | BD20: 0 | BE20: 0 | BF20: 0 | BG20: 0 | BH20: 0 | BI20: 0 | BJ20: 0 | BK20: 0 | BL20: 0 | BM20: 0 | BN20: 0 | BO20: 0 | BP20: 0 | BQ20: Não
... A38: 46198 | B38: 1000 | D38: 1000 | G38: 1 | I38: 0 | J38: 0 | K38: 0 | L38: 1000 | N38: 0 | O38: 0 | P38: 0 | Q38: 0 | R38: 1000 | S38: 1536 | T38: 1536000 | U38: 0 | V38: 0 | W38: 0 | X38: 0 | Y38: 0 | Z38: 0 | AA38: 0 | AB38: 0 | AC38: 0 | AD38: 0 | AG38: 0 | AH38: 30 | AI38: 31 | AJ38: 30 | AK38: 360 | AP38: 0 | AQ38: 0 | AR38: 0 | AS38: 0 | AT38: 0 | AU38: 0 | AV38: 0 | AW38: 0 | AX38: 0 | AY38: 0 | AZ38: 0 | BA38: 0 | BB38: 0 | BC38: 0 | BD38: 0 | BE38: 0 | BF38: 0 | BG38: 0 | BH38: 0 | BI38: 0 | BJ38: 0 | BK38: 0 | BL38: 0 | BM38: 0 | BN38: 0 | BO38: 0 | BP38: 0 | BQ38: Não
A39: 46199 | B39: 1000 | D39: 1000 | G39: 1 | I39: 0 | J39: 0 | K39: 0 | L39: 1000 | M39: 0 | N39: 0 | O39: 0 | P39: 0 | Q39: 0 | R39: 1000 | S39: 1536 | T39: 1536000 | U39: 0 | V39: 0 | W39: 0 | X39: 0 | Y39: 0 | Z39: 0 | AA39: 0 | AB39: 0 | AC39: 0 | AD39: 0 | AG39: 0 | AH39: 31 | AI39: 31 | AJ39: 31 | AK39: 360 | AP39: 0 | AQ39: 0 | AR39: 0 | AS39: 0 | AT39: 0 | AU39: 0 | AV39: 0 | AW39: 0 | AX39: 0 | AY39: 0 | AZ39: 0 | BA39: 0 | BB39: 0 | BC39: 0 | BD39: 0 | BE39: 0 | BF39: 0 | BG39: 0 | BH39: 0 | BI39: 0 | BJ39: 0 | BK39: 0 | BL39: 0 | BM39: 0 | BN39: 0 | BO39: 0 | BP39: 0 | BQ39: Não
A40: 46200 | B40: 1000 | D40: 1000 | G40: 1 | I40: 0 | J40: 0 | K40: 0 | L40: 1000 | N40: 0 | O40: 0 | P40: 0 | Q40: 0 | R40: 1000 | S40: 1536 | T40: 1536000 | U40: 0 | V40: 0 | W40: 0 | X40: 0 | Y40: 0 | Z40: 0 | AA40: 0 | AB40: 0 | AC40: 0 | AD40: 0 | AG40: 0 | AH40: 1 | AI40: 31 | AJ40: 1 | AK40: 360 | AP40: 0 | AQ40: 0 | AR40: 0 | AS40: 0 | AT40: 0 | AU40: 0 | AV40: 0 | AW40: 0 | AX40: 0 | AY40: 0 | AZ40: 0 | BA40: 0 | BB40: 0 | BC40: 0 | BD40: 0 | BE40: 0 | BF40: 0 | BG40: 0 | BH40: 0 | BI40: 0 | BJ40: 0 | BK40: 0 | BL40: 0 | BM40: 0 | BN40: 0 | BO40: 0 | BP40: 0 | BQ40: Não
A41: 46201 | B41: 1000 | D41: 1000 | G41: 1 | I41: 0 | J41: 0 | K41: 0 | L41: 1000 | N41: 0 | O41: 0 | P41: 0 | Q41: 0 | R41: 1000 | S41: 1536 | T41: 1536000 | U41: 0 | V41: 0 | W41: 0 | X41: 0 | Y41: 0 | Z41: 0 | AA41: 0 | AB41: 0 | AC41: 0 | AD41: 0 | AG41: 0 | AH41: 2 | AI41: 31 | AJ41: 2 | AK41: 360 | AP41: 0 | AQ41: 0 | AR41: 0 | AS41: 0 | AT41: 0 | AU41: 0 | AV41: 0 | AW41: 0 | AX41: 0 | AY41: 0 | AZ41: 0 | BA41: 0 | BB41: 0 | BC41: 0 | BD41: 0 | BE41: 0 | BF41: 0 | BG41: 0 | BH41: 0 | BI41: 0 | BJ41: 0 | BK41: 0 | BL41: 0 | BM41: 0 | BN41: 0 | BO41: 0 | BP41: 0 | BQ41: Não
A42: 46202 | B42: 1000 | D42: 1000 | G42: 1 | I42: 0 | J42: 0 | K42: 0 | L42: 1000 | N42: 0 | O42: 0 | P42: 0 | Q42: 0 | R42: 1000 | S42: 1536 | T42: 1536000 | U42: 0 | V42: 0 | W42: 0 | X42: 0 | Y42: 0 | Z42: 0 | AA42: 0 | AB42: 0 | AC42: 0 | AD42: 0 | AG42: 0 | AH42: 3 | AI42: 31 | AJ42: 3 | AK42: 360 | AP42: 0 | AQ42: 0 | AR42: 0 | AS42: 0 | AT42: 0 | AU42: 0 | AV42: 0 | AW42: 0 | AX42: 0 | AY42: 0 | AZ42: 0 | BA42: 0 | BB42: 0 | BC42: 0 | BD42: 0 | BE42: 0 | BF42: 0 | BG42: 0 | BH42: 0 | BI42: 0 | BJ42: 0 | BK42: 0 | BL42: 0 | BM42: 0 | BN42: 0 | BO42: 0 | BP42: 0 | BQ42: Não
A43: 46203 | B43: 1000 | D43: 1000 | G43: 1 | I43: 0 | J43: 0 | K43: 0 | L43: 1000 | N43: 0 | O43: 0 | P43: 0 | Q43: 0 | R43: 1000 | S43: 1536 | T43: 1536000 | U43: 0 | V43: 0 | W43: 0 | X43: 0 | Y43: 0 | Z43: 0 | AA43: 0 | AB43: 0 | AC43: 0 | AD43: 0 | AG43: 0 | AH43: 4 | AI43: 31 | AJ43: 4 | AK43: 360 | AP43: 0 | AQ43: 0 | AR43: 0 | AS43: 0 | AT43: 0 | AU43: 0 | AV43: 0 | AW43: 0 | AX43: 0 | AY43: 0 | AZ43: 0 | BA43: 0 | BB43: 0 | BC43: 0 | BD43: 0 | BE43: 0 | BF43: 0 | BG43: 0 | BH43: 0 | BI43: 0 | BJ43: 0 | BK43: 0 | BL43: 0 | BM43: 0 | BN43: 0 | BO43: 0 | BP43: 0 | BQ43: Não
A44: 46204 | B44: 1000 | D44: 1000 | G44: 1 | I44: 0 | J44: 0 | K44: 0 | L44: 1000 | N44: 0 | O44: 0 | P44: 0 | Q44: 0 | R44: 1000 | S44: 1536 | T44: 1536000 | U44: 0 | V44: 0 | W44: 0 | X44: 0 | Y44: 0 | Z44: 0 | AA44: 0 | AB44: 0 | AC44: 0 | AD44: 0 | AG44: 0 | AH44: 5 | AI44: 31 | AJ44: 5 | AK44: 360 | AP44: 0 | AQ44: 0 | AR44: 0 | AS44: 0 | AT44: 0 | AU44: 0 | AV44: 0 | AW44: 0 | AX44: 0 | AY44: 0 | AZ44: 0 | BA44: 0 | BB44: 0 | BC44: 0 | BD44: 0 | BE44: 0 | BF44: 0 | BG44: 0 | BH44: 0 | BI44: 0 | BJ44: 0 | BK44: 0 | BL44: 0 | BM44: 0 | BN44: 0 | BO44: 0 | BP44: 0 | BQ44: Não
A45: 46205 | B45: 1000 | D45: 1000 | G45: 1 | I45: 0 | J45: 0 | K45: 0 | L45: 1000 | N45: 0 | O45: 0 | P45: 0 | Q45: 0 | R45: 1000 | S45: 1536 | T45: 1536000 | U45: 0 | V45: 0 | W45: 0 | X45: 0 | Y45: 0 | Z45: 0 | AA45: 0 | AB45: 0 | AC45: 0 | AD45: 0 | AG45: 0 | AH45: 6 | AI45: 31 | AJ45: 6 | AK45: 360 | AP45: 0 | AQ45: 0 | AR45: 0 | AS45: 0 | AT45: 0 | AU45: 0 | AV45: 0 | AW45: 0 | AX45: 0 | AY45: 0 | AZ45: 0 | BA45: 0 | BB45: 0 | BC45: 0 | BD45: 0 | BE45: 0 | BF45: 0 | BG45: 0 | BH45: 0 | BI45: 0 | BJ45: 0 | BK45: 0 | BL45: 0 | BM45: 0 | BN45: 0 | BO45: 0 | BP45: 0 | BQ45: Não
A46: 46206 | B46: 1000 | D46: 1000 | G46: 1 | I46: 0 | J46: 0 | K46: 0 | L46: 1000 | N46: 0 | O46: 0 | P46: 0 | Q46: 0 | R46: 1000 | S46: 1536 | T46: 1536000 | U46: 0 | V46: 0 | W46: 0 | X46: 0 | Y46: 0 | Z46: 0 | AA46: 0 | AB46: 0 | AC46: 0 | AD46: 0 | AG46: 0 | AH46: 7 | AI46: 31 | AJ46: 7 | AK46: 360 | AP46: 0 | AQ46: 0 | AR46: 0 | AS46: 0 | AT46: 0 | AU46: 0 | AV46: 0 | AW46: 0 | AX46: 0 | AY46: 0 | AZ46: 0 | BA46: 0 | BB46: 0 | BC46: 0 | BD46: 0 | BE46: 0 | BF46: 0 | BG46: 0 | BH46: 0 | BI46: 0 | BJ46: 0 | BK46: 0 | BL46: 0 | BM46: 0 | BN46: 0 | BO46: 0 | BP46: 0 | BQ46: Não
A47: 46207 | B47: 1000 | D47: 1000 | G47: 1 | I47: 0 | J47: 0 | K47: 0 | L47: 1000 | N47: 0 | O47: 0 | P47: 0 | Q47: 0 | R47: 1000 | S47: 1536 | T47: 1536000 | U47: 0 | V47: 0 | W47: 0 | X47: 0 | Y47: 0 | Z47: 0 | AA47: 0 | AB47: 0 | AC47: 0 | AD47: 0 | AG47: 0 | AH47: 8 | AI47: 31 | AJ47: 8 | AK47: 360 | AP47: 0 | AQ47: 0 | AR47: 0 | AS47: 0 | AT47: 0 | AU47: 0 | AV47: 0 | AW47: 0 | AX47: 0 | AY47: 0 | AZ47: 0 | BA47: 0 | BB47: 0 | BC47: 0 | BD47: 0 | BE47: 0 | BF47: 0 | BG47: 0 | BH47: 0 | BI47: 0 | BJ47: 0 | BK47: 0 | BL47: 0 | BM47: 0 | BN47: 0 | BO47: 0 | BP47: 0 | BQ47: Não
A48: 46208 | B48: 1000 | D48: 1000 | G48: 1 | I48: 0 | J48: 0 | K48: 0 | L48: 1000 | N48: 0 | O48: 0 | P48: 0 | Q48: 0 | R48: 1000 | S48: 1536 | T48: 1536000 | U48: 0 | V48: 0 | W48: 0 | X48: 0 | Y48: 0 | Z48: 0 | AA48: 0 | AB48: 0 | AC48: 0 | AD48: 0 | AG48: 0 | AH48: 9 | AI48: 31 | AJ48: 9 | AK48: 360 | AP48: 0 | AQ48: 0 | AR48: 0 | AS48: 0 | AT48: 0 | AU48: 0 | AV48: 0 | AW48: 0 | AX48: 0 | AY48: 0 | AZ48: 0 | BA48: 0 | BB48: 0 | BC48: 0 | BD48: 0 | BE48: 0 | BF48: 0 | BG48: 0 | BH48: 0 | BI48: 0 | BJ48: 0 | BK48: 0 | BL48: 0 | BM48: 0 | BN48: 0 | BO48: 0 | BP48: 0 | BQ48: Não
A49: 46209 | B49: 1000 | D49: 1000 | G49: 1 | I49: 0 | J49: 0 | K49: 0 | L49: 1000 | N49: 0 | O49: 0 | P49: 0 | Q49: 0 | R49: 1000 | S49: 1536 | T49: 1536000 | U49: 0 | V49: 0 | W49: 0 | X49: 0 | Y49: 0 | Z49: 0 | AA49: 0 | AB49: 0 | AC49: 0 | AD49: 0 | AG49: 0 | AH49: 10 | AI49: 31 | AJ49: 10 | AK49: 360 | AP49: 0 | AQ49: 0 | AR49: 0 | AS49: 0 | AT49: 0 | AU49: 0 | AV49: 0 | AW49: 0 | AX49: 0 | AY49: 0 | AZ49: 0 | BA49: 0 | BB49: 0 | BC49: 0 | BD49: 0 | BE49: 0 | BF49: 0 | BG49: 0 | BH49: 0 | BI49: 0 | BJ49: 0 | BK49: 0 | BL49: 0 | BM49: 0 | BN49: 0 | BO49: 0 | BP49: 0 | BQ49: Não
A50: 46210 | B50: 1000 | D50: 1000 | G50: 1 | I50: 0 | J50: 0 | K50: 0 | L50: 1000 | N50: 0 | O50: 0 | P50: 0 | Q50: 0 | R50: 1000 | S50: 1536 | T50: 1536000 | U50: 0 | V50: 0 | W50: 0 | X50: 0 | Y50: 0 | Z50: 0 | AA50: 0 | AB50: 0 | AC50: 0 | AD50: 0 | AG50: 0 | AH50: 11 | AI50: 31 | AJ50: 11 | AK50: 360 | AP50: 0 | AQ50: 0 | AR50: 0 | AS50: 0 | AT50: 0 | AU50: 0 | AV50: 0 | AW50: 0 | AX50: 0 | AY50: 0 | AZ50: 0 | BA50: 0 | BB50: 0 | BC50: 0 | BD50: 0 | BE50: 0 | BF50: 0 | BG50: 0 | BH50: 0 | BI50: 0 | BJ50: 0 | BK50: 0 | BL50: 0 | BM50: 0 | BN50: 0 | BO50: 0 | BP50: 0 | BQ50: Não
A51: 46211 | B51: 1000 | D51: 1000 | G51: 1 | I51: 0 | J51: 0 | K51: 0 | L51: 1000 | N51: 0 | O51: 0 | P51: 0 | Q51: 0 | R51: 1000 | S51: 1536 | T51: 1536000 | U51: 0 | V51: 0 | W51: 0 | X51: 0 | Y51: 0 | Z51: 0 | AA51: 0 | AB51: 0 | AC51: 0 | AD51: 0 | AG51: 0 | AH51: 12 | AI51: 31 | AJ51: 12 | AK51: 360 | AP51: 0 | AQ51: 0 | AR51: 0 | AS51: 0 | AT51: 0 | AU51: 0 | AV51: 0 | AW51: 0 | AX51: 0 | AY51: 0 | AZ51: 0 | BA51: 0 | BB51: 0 | BC51: 0 | BD51: 0 | BE51: 0 | BF51: 0 | BG51: 0 | BH51: 0 | BI51: 0 | BJ51: 0 | BK51: 0 | BL51: 0 | BM51: 0 | BN51: 0 | BO51: 0 | BP51: 0 | BQ51: Não
... A69: 46229 | B69: 1000 | D69: 1000 | G69: 1 | I69: 0 | J69: 0 | K69: 0 | L69: 1000 | N69: 0 | O69: 0 | P69: 0 | Q69: 0 | R69: 1000 | S69: 1536 | T69: 1536000 | U69: 0 | V69: 0 | W69: 0 | X69: 0 | Y69: 0 | Z69: 0 | AA69: 0 | AB69: 0 | AC69: 0 | AD69: 0 | AG69: 0 | AH69: 30 | AI69: 31 | AJ69: 30 | AK69: 360 | AP69: 0 | AQ69: 0 | AR69: 0 | AS69: 0 | AT69: 0 | AU69: 0 | AV69: 0 | AW69: 0 | AX69: 0 | AY69: 0 | AZ69: 0 | BA69: 0 | BB69: 0 | BC69: 0 | BD69: 0 | BE69: 0 | BF69: 0 | BG69: 0 | BH69: 0 | BI69: 0 | BJ69: 0 | BK69: 0 | BL69: 0 | BM69: 0 | BN69: 0 | BO69: 0 | BP69: 0 | BQ69: Não
A70: 46230 | B70: 1000 | D70: 1000 | G70: 1 | I70: 0 | J70: 0 | K70: 0 | L70: 1000 | M70: 0 | N70: 0 | O70: 0 | P70: 0 | Q70: 0 | R70: 1000 | S70: 1536 | T70: 1536000 | U70: 0 | V70: 0 | W70: 0 | X70: 0 | Y70: 0 | Z70: 0 | AA70: 0 | AB70: 0 | AC70: 0 | AD70: 0 | AG70: 0 | AH70: 31 | AI70: 31 | AJ70: 31 | AK70: 360 | AP70: 0 | AQ70: 0 | AR70: 0 | AS70: 0 | AT70: 0 | AU70: 0 | AV70: 0 | AW70: 0 | AX70: 0 | AY70: 0 | AZ70: 0 | BA70: 0 | BB70: 0 | BC70: 0 | BD70: 0 | BE70: 0 | BF70: 0 | BG70: 0 | BH70: 0 | BI70: 0 | BJ70: 0 | BK70: 0 | BL70: 0 | BM70: 0 | BN70: 0 | BO70: 0 | BP70: 0 | BQ70: Não
A71: 46231 | B71: 1000 | D71: 1000 | G71: 1 | I71: 0 | J71: 0 | K71: 0 | L71: 1000 | N71: 0 | O71: 0 | P71: 0 | Q71: 0 | R71: 1000 | S71: 1536 | T71: 1536000 | U71: 0 | V71: 0 | W71: 0 | X71: 0 | Y71: 0 | Z71: 0 | AA71: 0 | AB71: 0 | AC71: 0 | AD71: 0 | AG71: 0 | AH71: 1 | AI71: 30 | AJ71: 1 | AK71: 360 | AP71: 0 | AQ71: 0 | AR71: 0 | AS71: 0 | AT71: 0 | AU71: 0 | AV71: 0 | AW71: 0 | AX71: 0 | AY71: 0 | AZ71: 0 | BA71: 0 | BB71: 0 | BC71: 0 | BD71: 0 | BE71: 0 | BF71: 0 | BG71: 0 | BH71: 0 | BI71: 0 | BJ71: 0 | BK71: 0 | BL71: 0 | BM71: 0 | BN71: 0 | BO71: 0 | BP71: 0 | BQ71: Não
A72: 46232 | B72: 1000 | D72: 1000 | G72: 1 | I72: 0 | J72: 0 | K72: 0 | L72: 1000 | N72: 0 | O72: 0 | P72: 0 | Q72: 0 | R72: 1000 | S72: 1536 | T72: 1536000 | U72: 0 | V72: 0 | W72: 0 | X72: 0 | Y72: 0 | Z72: 0 | AA72: 0 | AB72: 0 | AC72: 0 | AD72: 0 | AG72: 0 | AH72: 2 | AI72: 30 | AJ72: 2 | AK72: 360 | AP72: 0 | AQ72: 0 | AR72: 0 | AS72: 0 | AT72: 0 | AU72: 0 | AV72: 0 | AW72: 0 | AX72: 0 | AY72: 0 | AZ72: 0 | BA72: 0 | BB72: 0 | BC72: 0 | BD72: 0 | BE72: 0 | BF72: 0 | BG72: 0 | BH72: 0 | BI72: 0 | BJ72: 0 | BK72: 0 | BL72: 0 | BM72: 0 | BN72: 0 | BO72: 0 | BP72: 0 | BQ72: Não
A73: 46233 | B73: 1000 | D73: 1000 | G73: 1 | I73: 0 | J73: 0 | K73: 0 | L73: 1000 | N73: 0 | O73: 0 | P73: 0 | Q73: 0 | R73: 1000 | S73: 1536 | T73: 1536000 | U73: 0 | V73: 0 | W73: 0 | X73: 0 | Y73: 0 | Z73: 0 | AA73: 0 | AB73: 0 | AC73: 0 | AD73: 0 | AG73: 0 | AH73: 3 | AI73: 30 | AJ73: 3 | AK73: 360 | AP73: 0 | AQ73: 0 | AR73: 0 | AS73: 0 | AT73: 0 | AU73: 0 | AV73: 0 | AW73: 0 | AX73: 0 | AY73: 0 | AZ73: 0 | BA73: 0 | BB73: 0 | BC73: 0 | BD73: 0 | BE73: 0 | BF73: 0 | BG73: 0 | BH73: 0 | BI73: 0 | BJ73: 0 | BK73: 0 | BL73: 0 | BM73: 0 | BN73: 0 | BO73: 0 | BP73: 0 | BQ73: Não
A74: 46234 | B74: 1000 | D74: 1000 | G74: 1 | I74: 0 | J74: 0 | K74: 0 | L74: 1000 | N74: 0 | O74: 0 | P74: 0 | Q74: 0 | R74: 1000 | S74: 1536 | T74: 1536000 | U74: 0 | V74: 0 | W74: 0 | X74: 0 | Y74: 0 | Z74: 0 | AA74: 0 | AB74: 0 | AC74: 0 | AD74: 0 | AG74: 0 | AH74: 4 | AI74: 30 | AJ74: 4 | AK74: 360 | AP74: 0 | AQ74: 0 | AR74: 0 | AS74: 0 | AT74: 0 | AU74: 0 | AV74: 0 | AW74: 0 | AX74: 0 | AY74: 0 | AZ74: 0 | BA74: 0 | BB74: 0 | BC74: 0 | BD74: 0 | BE74: 0 | BF74: 0 | BG74: 0 | BH74: 0 | BI74: 0 | BJ74: 0 | BK74: 0 | BL74: 0 | BM74: 0 | BN74: 0 | BO74: 0 | BP74: 0 | BQ74: Não
A75: 46235 | B75: 1000 | D75: 1000 | G75: 1 | I75: 0 | J75: 0 | K75: 0 | L75: 1000 | N75: 0 | O75: 0 | P75: 0 | Q75: 0 | R75: 1000 | S75: 1536 | T75: 1536000 | U75: 0 | V75: 0 | W75: 0 | X75: 0 | Y75: 0 | Z75: 0 | AA75: 0 | AB75: 0 | AC75: 0 | AD75: 0 | AG75: 0 | AH75: 5 | AI75: 30 | AJ75: 5 | AK75: 360 | AP75: 0 | AQ75: 0 | AR75: 0 | AS75: 0 | AT75: 0 | AU75: 0 | AV75: 0 | AW75: 0 | AX75: 0 | AY75: 0 | AZ75: 0 | BA75: 0 | BB75: 0 | BC75: 0 | BD75: 0 | BE75: 0 | BF75: 0 | BG75: 0 | BH75: 0 | BI75: 0 | BJ75: 0 | BK75: 0 | BL75: 0 | BM75: 0 | BN75: 0 | BO75: 0 | BP75: 0 | BQ75: Não
A76: 46236 | B76: 1000 | D76: 1000 | G76: 1 | I76: 0 | J76: 0 | K76: 0 | L76: 1000 | N76: 0 | O76: 0 | P76: 0 | Q76: 0 | R76: 1000 | S76: 1536 | T76: 1536000 | U76: 0 | V76: 0 | W76: 0 | X76: 0 | Y76: 0 | Z76: 0 | AA76: 0 | AB76: 0 | AC76: 0 | AD76: 0 | AG76: 0 | AH76: 6 | AI76: 30 | AJ76: 6 | AK76: 360 | AP76: 0 | AQ76: 0 | AR76: 0 | AS76: 0 | AT76: 0 | AU76: 0 | AV76: 0 | AW76: 0 | AX76: 0 | AY76: 0 | AZ76: 0 | BA76: 0 | BB76: 0 | BC76: 0 | BD76: 0 | BE76: 0 | BF76: 0 | BG76: 0 | BH76: 0 | BI76: 0 | BJ76: 0 | BK76: 0 | BL76: 0 | BM76: 0 | BN76: 0 | BO76: 0 | BP76: 0 | BQ76: Não
A77: 46237 | B77: 1000 | D77: 1000 | G77: 1 | I77: 0 | J77: 0 | K77: 0 | L77: 1000 | N77: 0 | O77: 0 | P77: 0 | Q77: 0 | R77: 1000 | S77: 1536 | T77: 1536000 | U77: 0 | V77: 0 | W77: 0 | X77: 0 | Y77: 0 | Z77: 0 | AA77: 0 | AB77: 0 | AC77: 0 | AD77: 0 | AG77: 0 | AH77: 7 | AI77: 30 | AJ77: 7 | AK77: 360 | AP77: 0 | AQ77: 0 | AR77: 0 | AS77: 0 | AT77: 0 | AU77: 0 | AV77: 0 | AW77: 0 | AX77: 0 | AY77: 0 | AZ77: 0 | BA77: 0 | BB77: 0 | BC77: 0 | BD77: 0 | BE77: 0 | BF77: 0 | BG77: 0 | BH77: 0 | BI77: 0 | BJ77: 0 | BK77: 0 | BL77: 0 | BM77: 0 | BN77: 0 | BO77: 0 | BP77: 0 | BQ77: Não
A78: 46238 | B78: 1000 | D78: 1000 | G78: 1 | I78: 0 | J78: 0 | K78: 0 | L78: 1000 | N78: 0 | O78: 0 | P78: 0 | Q78: 0 | R78: 1000 | S78: 1536 | T78: 1536000 | U78: 0 | V78: 0 | W78: 0 | X78: 0 | Y78: 0 | Z78: 0 | AA78: 0 | AB78: 0 | AC78: 0 | AD78: 0 | AG78: 0 | AH78: 8 | AI78: 30 | AJ78: 8 | AK78: 360 | AP78: 0 | AQ78: 0 | AR78: 0 | AS78: 0 | AT78: 0 | AU78: 0 | AV78: 0 | AW78: 0 | AX78: 0 | AY78: 0 | AZ78: 0 | BA78: 0 | BB78: 0 | BC78: 0 | BD78: 0 | BE78: 0 | BF78: 0 | BG78: 0 | BH78: 0 | BI78: 0 | BJ78: 0 | BK78: 0 | BL78: 0 | BM78: 0 | BN78: 0 | BO78: 0 | BP78: 0 | BQ78: Não
A79: 46239 | B79: 1000 | D79: 1000 | G79: 1 | I79: 0 | J79: 0 | K79: 0 | L79: 1000 | N79: 0 | O79: 0 | P79: 0 | Q79: 0 | R79: 1000 | S79: 1536 | T79: 1536000 | U79: 0 | V79: 0 | W79: 0 | X79: 0 | Y79: 0 | Z79: 0 | AA79: 0 | AB79: 0 | AC79: 0 | AD79: 0 | AG79: 0 | AH79: 9 | AI79: 30 | AJ79: 9 | AK79: 360 | AP79: 0 | AQ79: 0 | AR79: 0 | AS79: 0 | AT79: 0 | AU79: 0 | AV79: 0 | AW79: 0 | AX79: 0 | AY79: 0 | AZ79: 0 | BA79: 0 | BB79: 0 | BC79: 0 | BD79: 0 | BE79: 0 | BF79: 0 | BG79: 0 | BH79: 0 | BI79: 0 | BJ79: 0 | BK79: 0 | BL79: 0 | BM79: 0 | BN79: 0 | BO79: 0 | BP79: 0 | BQ79: Não
A80: 46240 | B80: 1000 | D80: 1000 | G80: 1 | I80: 0 | J80: 0 | K80: 0 | L80: 1000 | N80: 0 | O80: 0 | P80: 0 | Q80: 0 | R80: 1000 | S80: 1536 | T80: 1536000 | U80: 0 | V80: 0 | W80: 0 | X80: 0 | Y80: 0 | Z80: 0 | AA80: 0 | AB80: 0 | AC80: 0 | AD80: 0 | AG80: 0 | AH80: 10 | AI80: 30 | AJ80: 10 | AK80: 360 | AP80: 0 | AQ80: 0 | AR80: 0 | AS80: 0 | AT80: 0 | AU80: 0 | AV80: 0 | AW80: 0 | AX80: 0 | AY80: 0 | AZ80: 0 | BA80: 0 | BB80: 0 | BC80: 0 | BD80: 0 | BE80: 0 | BF80: 0 | BG80: 0 | BH80: 0 | BI80: 0 | BJ80: 0 | BK80: 0 | BL80: 0 | BM80: 0 | BN80: 0 | BO80: 0 | BP80: 0 | BQ80: Não
A81: 46241 | B81: 1000 | D81: 1000 | G81: 1 | I81: 0 | J81: 0 | K81: 0 | L81: 1000 | N81: 0 | O81: 0 | P81: 0 | Q81: 0 | R81: 1000 | S81: 1536 | T81: 1536000 | U81: 0 | V81: 0 | W81: 0 | X81: 0 | Y81: 0 | Z81: 0 | AA81: 0 | AB81: 0 | AC81: 0 | AD81: 0 | AG81: 0 | AH81: 11 | AI81: 30 | AJ81: 11 | AK81: 360 | AP81: 0 | AQ81: 0 | AR81: 0 | AS81: 0 | AT81: 0 | AU81: 0 | AV81: 0 | AW81: 0 | AX81: 0 | AY81: 0 | AZ81: 0 | BA81: 0 | BB81: 0 | BC81: 0 | BD81: 0 | BE81: 0 | BF81: 0 | BG81: 0 | BH81: 0 | BI81: 0 | BJ81: 0 | BK81: 0 | BL81: 0 | BM81: 0 | BN81: 0 | BO81: 0 | BP81: 0 | BQ81: Não
A82: 46242 | B82: 1000 | D82: 1000 | G82: 1 | I82: 0 | J82: 0 | K82: 0 | L82: 1000 | N82: 0 | O82: 0 | P82: 0 | Q82: 0 | R82: 1000 | S82: 1536 | T82: 1536000 | U82: 0 | V82: 0 | W82: 0 | X82: 0 | Y82: 0 | Z82: 0 | AA82: 0 | AB82: 0 | AC82: 0 | AD82: 0 | AG82: 0 | AH82: 12 | AI82: 30 | AJ82: 12 | AK82: 360 | AP82: 0 | AQ82: 0 | AR82: 0 | AS82: 0 | AT82: 0 | AU82: 0 | AV82: 0 | AW82: 0 | AX82: 0 | AY82: 0 | AZ82: 0 | BA82: 0 | BB82: 0 | BC82: 0 | BD82: 0 | BE82: 0 | BF82: 0 | BG82: 0 | BH82: 0 | BI82: 0 | BJ82: 0 | BK82: 0 | BL82: 0 | BM82: 0 | BN82: 0 | BO82: 0 | BP82: 0 | BQ82: Não
... A99: 46259 | B99: 1000 | D99: 1000 | G99: 1 | I99: 0 | J99: 0 | K99: 0 | L99: 1000 | N99: 0 | O99: 0 | P99: 0 | Q99: 0 | R99: 1000 | S99: 1536 | T99: 1536000 | U99: 0 | V99: 0 | W99: 0 | X99: 0 | Y99: 0 | Z99: 0 | AA99: 0 | AB99: 0 | AC99: 0 | AD99: 0 | AG99: 0 | AH99: 29 | AI99: 30 | AJ99: 29 | AK99: 360 | AP99: 0 | AQ99: 0 | AR99: 0 | AS99: 0 | AT99: 0 | AU99: 0 | AV99: 0 | AW99: 0 | AX99: 0 | AY99: 0 | AZ99: 0 | BA99: 0 | BB99: 0 | BC99: 0 | BD99: 0 | BE99: 0 | BF99: 0 | BG99: 0 | BH99: 0 | BI99: 0 | BJ99: 0 | BK99: 0 | BL99: 0 | BM99: 0 | BN99: 0 | BO99: 0 | BP99: 0 | BQ99: Não
A100: 46260 | B100: 1000 | D100: 1000 | G100: 1 | I100: 0 | J100: 0 | K100: 0 | L100: 1000 | M100: 0 | N100: 0 | O100: 0 | P100: 0 | Q100: 0 | R100: 1000 | S100: 1536 | T100: 1536000 | U100: 0 | V100: 0 | W100: 0 | X100: 0 | Y100: 0 | Z100: 0 | AA100: 0 | AB100: 0 | AC100: 0 | AD100: 0 | AG100: 0 | AH100: 30 | AI100: 30 | AJ100: 30 | AK100: 360 | AP100: 0 | AQ100: 0 | AR100: 0 | AS100: 0 | AT100: 0 | AU100: 0 | AV100: 0 | AW100: 0 | AX100: 0 | AY100: 0 | AZ100: 0 | BA100: 0 | BB100: 0 | BC100: 0 | BD100: 0 | BE100: 0 | BF100: 0 | BG100: 0 | BH100: 0 | BI100: 0 | BJ100: 0 | BK100: 0 | BL100: 0 | BM100: 0 | BN100: 0 | BO100: 0 | BP100: 0 | BQ100: Não
A101: 46261 | B101: 1000 | D101: 1000 | G101: 1 | I101: 0 | J101: 0 | K101: 0 | L101: 1000 | N101: 0 | O101: 0 | P101: 0 | Q101: 0 | R101: 1000 | S101: 1536 | T101: 1536000 | U101: 0 | V101: 0 | W101: 0 | X101: 0 | Y101: 0 | Z101: 0 | AA101: 0 | AB101: 0 | AC101: 0 | AD101: 0 | AG101: 0 | AH101: 1 | AI101: 33 | AJ101: 1 | AK101: 360 | AP101: 0 | AQ101: 0 | AR101: 0 | AS101: 0 | AT101: 0 | AU101: 0 | AV101: 0 | AW101: 0 | AX101: 0 | AY101: 0 | AZ101: 0 | BA101: 0 | BB101: 0 | BC101: 0 | BD101: 0 | BE101: 0 | BF101: 0 | BG101: 0 | BH101: 0 | BI101: 0 | BJ101: 0 | BK101: 0 | BL101: 0 | BM101: 0 | BN101: 0 | BO101: 0 | BP101: 0 | BQ101: Não
A102: 46262 | B102: 1000 | D102: 1000 | G102: 1 | I102: 0 | J102: 0 | K102: 0 | L102: 1000 | N102: 0 | O102: 0 | P102: 0 | Q102: 0 | R102: 1000 | S102: 1536 | T102: 1536000 | U102: 0 | V102: 0 | W102: 0 | X102: 0 | Y102: 0 | Z102: 0 | AA102: 0 | AB102: 0 | AC102: 0 | AD102: 0 | AG102: 0 | AH102: 2 | AI102: 33 | AJ102: 2 | AK102: 360 | AP102: 0 | AQ102: 0 | AR102: 0 | AS102: 0 | AT102: 0 | AU102: 0 | AV102: 0 | AW102: 0 | AX102: 0 | AY102: 0 | AZ102: 0 | BA102: 0 | BB102: 0 | BC102: 0 | BD102: 0 | BE102: 0 | BF102: 0 | BG102: 0 | BH102: 0 | BI102: 0 | BJ102: 0 | BK102: 0 | BL102: 0 | BM102: 0 | BN102: 0 | BO102: 0 | BP102: 0 | BQ102: Não
A103: 46263 | B103: 1000 | D103: 1000 | G103: 1 | I103: 0 | J103: 0 | K103: 0 | L103: 1000 | N103: 0 | O103: 0 | P103: 0 | Q103: 0 | R103: 1000 | S103: 1536 | T103: 1536000 | U103: 0 | V103: 0 | W103: 0 | X103: 0 | Y103: 0 | Z103: 0 | AA103: 0 | AB103: 0 | AC103: 0 | AD103: 0 | AG103: 0 | AH103: 3 | AI103: 33 | AJ103: 3 | AK103: 360 | AP103: 0 | AQ103: 0 | AR103: 0 | AS103: 0 | AT103: 0 | AU103: 0 | AV103: 0 | AW103: 0 | AX103: 0 | AY103: 0 | AZ103: 0 | BA103: 0 | BB103: 0 | BC103: 0 | BD103: 0 | BE103: 0 | BF103: 0 | BG103: 0 | BH103: 0 | BI103: 0 | BJ103: 0 | BK103: 0 | BL103: 0 | BM103: 0 | BN103: 0 | BO103: 0 | BP103: 0 | BQ103: Não
A104: 46264 | B104: 1000 | D104: 1000 | G104: 1 | I104: 0 | J104: 0 | K104: 0 | L104: 1000 | N104: 0 | O104: 0 | P104: 0 | Q104: 0 | R104: 1000 | S104: 1536 | T104: 1536000 | U104: 0 | V104: 0 | W104: 0 | X104: 0 | Y104: 0 | Z104: 0 | AA104: 0 | AB104: 0 | AC104: 0 | AD104: 0 | AG104: 0 | AH104: 4 | AI104: 33 | AJ104: 4 | AK104: 360 | AP104: 0 | AQ104: 0 | AR104: 0 | AS104: 0 | AT104: 0 | AU104: 0 | AV104: 0 | AW104: 0 | AX104: 0 | AY104: 0 | AZ104: 0 | BA104: 0 | BB104: 0 | BC104: 0 | BD104: 0 | BE104: 0 | BF104: 0 | BG104: 0 | BH104: 0 | BI104: 0 | BJ104: 0 | BK104: 0 | BL104: 0 | BM104: 0 | BN104: 0 | BO104: 0 | BP104: 0 | BQ104: Não
A105: 46265 | B105: 1000 | D105: 1000 | G105: 1 | I105: 0 | J105: 0 | K105: 0 | L105: 1000 | N105: 0 | O105: 0 | P105: 0 | Q105: 0 | R105: 1000 | S105: 1536 | T105: 1536000 | U105: 0 | V105: 0 | W105: 0 | X105: 0 | Y105: 0 | Z105: 0 | AA105: 0 | AB105: 0 | AC105: 0 | AD105: 0 | AG105: 0 | AH105: 5 | AI105: 33 | AJ105: 5 | AK105: 360 | AP105: 0 | AQ105: 0 | AR105: 0 | AS105: 0 | AT105: 0 | AU105: 0 | AV105: 0 | AW105: 0 | AX105: 0 | AY105: 0 | AZ105: 0 | BA105: 0 | BB105: 0 | BC105: 0 | BD105: 0 | BE105: 0 | BF105: 0 | BG105: 0 | BH105: 0 | BI105: 0 | BJ105: 0 | BK105: 0 | BL105: 0 | BM105: 0 | BN105: 0 | BO105: 0 | BP105: 0 | BQ105: Não
A106: 46266 | B106: 1000 | D106: 1000 | G106: 1 | I106: 0 | J106: 0 | K106: 0 | L106: 1000 | N106: 0 | O106: 0 | P106: 0 | Q106: 0 | R106: 1000 | S106: 1536 | T106: 1536000 | U106: 0 | V106: 0 | W106: 0 | X106: 0 | Y106: 0 | Z106: 0 | AA106: 0 | AB106: 0 | AC106: 0 | AD106: 0 | AG106: 0 | AH106: 6 | AI106: 33 | AJ106: 6 | AK106: 360 | AP106: 0 | AQ106: 0 | AR106: 0 | AS106: 0 | AT106: 0 | AU106: 0 | AV106: 0 | AW106: 0 | AX106: 0 | AY106: 0 | AZ106: 0 | BA106: 0 | BB106: 0 | BC106: 0 | BD106: 0 | BE106: 0 | BF106: 0 | BG106: 0 | BH106: 0 | BI106: 0 | BJ106: 0 | BK106: 0 | BL106: 0 | BM106: 0 | BN106: 0 | BO106: 0 | BP106: 0 | BQ106: Não
A107: 46267 | B107: 1000 | D107: 1000 | G107: 1 | I107: 0 | J107: 0 | K107: 0 | L107: 1000 | N107: 0 | O107: 0 | P107: 0 | Q107: 0 | R107: 1000 | S107: 1536 | T107: 1536000 | U107: 0 | V107: 0 | W107: 0 | X107: 0 | Y107: 0 | Z107: 0 | AA107: 0 | AB107: 0 | AC107: 0 | AD107: 0 | AG107: 0 | AH107: 7 | AI107: 33 | AJ107: 7 | AK107: 360 | AP107: 0 | AQ107: 0 | AR107: 0 | AS107: 0 | AT107: 0 | AU107: 0 | AV107: 0 | AW107: 0 | AX107: 0 | AY107: 0 | AZ107: 0 | BA107: 0 | BB107: 0 | BC107: 0 | BD107: 0 | BE107: 0 | BF107: 0 | BG107: 0 | BH107: 0 | BI107: 0 | BJ107: 0 | BK107: 0 | BL107: 0 | BM107: 0 | BN107: 0 | BO107: 0 | BP107: 0 | BQ107: Não
A108: 46268 | B108: 1000 | D108: 1000 | G108: 1 | I108: 0 | J108: 0 | K108: 0 | L108: 1000 | N108: 0 | O108: 0 | P108: 0 | Q108: 0 | R108: 1000 | S108: 1536 | T108: 1536000 | U108: 0 | V108: 0 | W108: 0 | X108: 0 | Y108: 0 | Z108: 0 | AA108: 0 | AB108: 0 | AC108: 0 | AD108: 0 | AG108: 0 | AH108: 8 | AI108: 33 | AJ108: 8 | AK108: 360 | AP108: 0 | AQ108: 0 | AR108: 0 | AS108: 0 | AT108: 0 | AU108: 0 | AV108: 0 | AW108: 0 | AX108: 0 | AY108: 0 | AZ108: 0 | BA108: 0 | BB108: 0 | BC108: 0 | BD108: 0 | BE108: 0 | BF108: 0 | BG108: 0 | BH108: 0 | BI108: 0 | BJ108: 0 | BK108: 0 | BL108: 0 | BM108: 0 | BN108: 0 | BO108: 0 | BP108: 0 | BQ108: Não
A109: 46269 | B109: 1000 | D109: 1000 | G109: 1 | I109: 0 | J109: 0 | K109: 0 | L109: 1000 | N109: 0 | O109: 0 | P109: 0 | Q109: 0 | R109: 1000 | S109: 1536 | T109: 1536000 | U109: 0 | V109: 0 | W109: 0 | X109: 0 | Y109: 0 | Z109: 0 | AA109: 0 | AB109: 0 | AC109: 0 | AD109: 0 | AG109: 0 | AH109: 9 | AI109: 33 | AJ109: 9 | AK109: 360 | AP109: 0 | AQ109: 0 | AR109: 0 | AS109: 0 | AT109: 0 | AU109: 0 | AV109: 0 | AW109: 0 | AX109: 0 | AY109: 0 | AZ109: 0 | BA109: 0 | BB109: 0 | BC109: 0 | BD109: 0 | BE109: 0 | BF109: 0 | BG109: 0 | BH109: 0 | BI109: 0 | BJ109: 0 | BK109: 0 | BL109: 0 | BM109: 0 | BN109: 0 | BO109: 0 | BP109: 0 | BQ109: Não
A110: 46270 | B110: 1000 | D110: 1000 | G110: 1 | I110: 0 | J110: 0 | K110: 0 | L110: 1000 | N110: 0 | O110: 0 | P110: 0 | Q110: 0 | R110: 1000 | S110: 1536 | T110: 1536000 | U110: 0 | V110: 0 | W110: 0 | X110: 0 | Y110: 0 | Z110: 0 | AA110: 0 | AB110: 0 | AC110: 0 | AD110: 0 | AG110: 0 | AH110: 10 | AI110: 33 | AJ110: 10 | AK110: 360 | AP110: 0 | AQ110: 0 | AR110: 0 | AS110: 0 | AT110: 0 | AU110: 0 | AV110: 0 | AW110: 0 | AX110: 0 | AY110: 0 | AZ110: 0 | BA110: 0 | BB110: 0 | BC110: 0 | BD110: 0 | BE110: 0 | BF110: 0 | BG110: 0 | BH110: 0 | BI110: 0 | BJ110: 0 | BK110: 0 | BL110: 0 | BM110: 0 | BN110: 0 | BO110: 0 | BP110: 0 | BQ110: Não
A111: 46271 | B111: 1000 | D111: 1000 | G111: 1 | I111: 0 | J111: 0 | K111: 0 | L111: 1000 | N111: 0 | O111: 0 | P111: 0 | Q111: 0 | R111: 1000 | S111: 1536 | T111: 1536000 | U111: 0 | V111: 0 | W111: 0 | X111: 0 | Y111: 0 | Z111: 0 | AA111: 0 | AB111: 0 | AC111: 0 | AD111: 0 | AG111: 0 | AH111: 11 | AI111: 33 | AJ111: 11 | AK111: 360 | AP111: 0 | AQ111: 0 | AR111: 0 | AS111: 0 | AT111: 0 | AU111: 0 | AV111: 0 | AW111: 0 | AX111: 0 | AY111: 0 | AZ111: 0 | BA111: 0 | BB111: 0 | BC111: 0 | BD111: 0 | BE111: 0 | BF111: 0 | BG111: 0 | BH111: 0 | BI111: 0 | BJ111: 0 | BK111: 0 | BL111: 0 | BM111: 0 | BN111: 0 | BO111: 0 | BP111: 0 | BQ111: Não
A112: 46272 | B112: 1000 | D112: 1000 | G112: 1 | I112: 0 | J112: 0 | K112: 0 | L112: 1000 | N112: 0 | O112: 0 | P112: 0 | Q112: 0 | R112: 1000 | S112: 1536 | T112: 1536000 | U112: 0 | V112: 0 | W112: 0 | X112: 0 | Y112: 0 | Z112: 0 | AA112: 0 | AB112: 0 | AC112: 0 | AD112: 0 | AG112: 0 | AH112: 12 | AI112: 33 | AJ112: 12 | AK112: 360 | AP112: 0 | AQ112: 0 | AR112: 0 | AS112: 0 | AT112: 0 | AU112: 0 | AV112: 0 | AW112: 0 | AX112: 0 | AY112: 0 | AZ112: 0 | BA112: 0 | BB112: 0 | BC112: 0 | BD112: 0 | BE112: 0 | BF112: 0 | BG112: 0 | BH112: 0 | BI112: 0 | BJ112: 0 | BK112: 0 | BL112: 0 | BM112: 0 | BN112: 0 | BO112: 0 | BP112: 0 | BQ112: Não
... A132: 46292 | B132: 1000 | D132: 1000 | G132: 1 | I132: 0 | J132: 0 | K132: 0 | L132: 1000 | N132: 0 | O132: 0 | P132: 0 | Q132: 0 | R132: 1000 | S132: 1536 | T132: 1536000 | U132: 0 | V132: 0 | W132: 0 | X132: 0 | Y132: 0 | Z132: 0 | AA132: 0 | AB132: 0 | AC132: 0 | AD132: 0 | AG132: 0 | AH132: 32 | AI132: 33 | AJ132: 32 | AK132: 360 | AP132: 0 | AQ132: 0 | AR132: 0 | AS132: 0 | AT132: 0 | AU132: 0 | AV132: 0 | AW132: 0 | AX132: 0 | AY132: 0 | AZ132: 0 | BA132: 0 | BB132: 0 | BC132: 0 | BD132: 0 | BE132: 0 | BF132: 0 | BG132: 0 | BH132: 0 | BI132: 0 | BJ132: 0 | BK132: 0 | BL132: 0 | BM132: 0 | BN132: 0 | BO132: 0 | BP132: 0 | BQ132: Não
A133: 46293 | B133: 1000 | D133: 1000 | G133: 1 | I133: 0 | J133: 0 | K133: 0 | L133: 1000 | M133: 0 | N133: 0 | O133: 0 | P133: 0 | Q133: 0 | R133: 1000 | S133: 1536 | T133: 1536000 | U133: 0 | V133: 0 | W133: 0 | X133: 0 | Y133: 0 | Z133: 0 | AA133: 0 | AB133: 0 | AC133: 0 | AD133: 0 | AG133: 0 | AH133: 33 | AI133: 33 | AJ133: 33 | AK133: 360 | AP133: 0 | AQ133: 0 | AR133: 0 | AS133: 0 | AT133: 0 | AU133: 0 | AV133: 0 | AW133: 0 | AX133: 0 | AY133: 0 | AZ133: 0 | BA133: 0 | BB133: 0 | BC133: 0 | BD133: 0 | BE133: 0 | BF133: 0 | BG133: 0 | BH133: 0 | BI133: 0 | BJ133: 0 | BK133: 0 | BL133: 0 | BM133: 0 | BN133: 0 | BO133: 0 | BP133: 0 | BQ133: Não
A134: 46294 | B134: 1000 | D134: 1000 | G134: 1 | I134: 0 | J134: 0 | K134: 0 | L134: 1000 | N134: 0 | O134: 0 | P134: 0 | Q134: 0 | R134: 1000 | S134: 1536 | T134: 1536000 | U134: 0 | V134: 0 | W134: 0 | X134: 0 | Y134: 0 | Z134: 0 | AA134: 0 | AB134: 0 | AC134: 0 | AD134: 0 | AG134: 0 | AH134: 1 | AI134: 28 | AJ134: 1 | AK134: 360 | AP134: 0 | AQ134: 0 | AR134: 0 | AS134: 0 | AT134: 0 | AU134: 0 | AV134: 0 | AW134: 0 | AX134: 0 | AY134: 0 | AZ134: 0 | BA134: 0 | BB134: 0 | BC134: 0 | BD134: 0 | BE134: 0 | BF134: 0 | BG134: 0 | BH134: 0 | BI134: 0 | BJ134: 0 | BK134: 0 | BL134: 0 | BM134: 0 | BN134: 0 | BO134: 0 | BP134: 0 | BQ134: Não
A135: 46295 | B135: 1000 | D135: 1000 | G135: 1 | I135: 0 | J135: 0 | K135: 0 | L135: 1000 | N135: 0 | O135: 0 | P135: 0 | Q135: 0 | R135: 1000 | S135: 1536 | T135: 1536000 | U135: 0 | V135: 0 | W135: 0 | X135: 0 | Y135: 0 | Z135: 0 | AA135: 0 | AB135: 0 | AC135: 0 | AD135: 0 | AG135: 0 | AH135: 2 | AI135: 28 | AJ135: 2 | AK135: 360 | AP135: 0 | AQ135: 0 | AR135: 0 | AS135: 0 | AT135: 0 | AU135: 0 | AV135: 0 | AW135: 0 | AX135: 0 | AY135: 0 | AZ135: 0 | BA135: 0 | BB135: 0 | BC135: 0 | BD135: 0 | BE135: 0 | BF135: 0 | BG135: 0 | BH135: 0 | BI135: 0 | BJ135: 0 | BK135: 0 | BL135: 0 | BM135: 0 | BN135: 0 | BO135: 0 | BP135: 0 | BQ135: Não
A136: 46296 | B136: 1000 | D136: 1000 | G136: 1 | I136: 0 | J136: 0 | K136: 0 | L136: 1000 | N136: 0 | O136: 0 | P136: 0 | Q136: 0 | R136: 1000 | S136: 1536 | T136: 1536000 | U136: 0 | V136: 0 | W136: 0 | X136: 0 | Y136: 0 | Z136: 0 | AA136: 0 | AB136: 0 | AC136: 0 | AD136: 0 | AG136: 0 | AH136: 3 | AI136: 28 | AJ136: 3 | AK136: 360 | AP136: 0 | AQ136: 0 | AR136: 0 | AS136: 0 | AT136: 0 | AU136: 0 | AV136: 0 | AW136: 0 | AX136: 0 | AY136: 0 | AZ136: 0 | BA136: 0 | BB136: 0 | BC136: 0 | BD136: 0 | BE136: 0 | BF136: 0 | BG136: 0 | BH136: 0 | BI136: 0 | BJ136: 0 | BK136: 0 | BL136: 0 | BM136: 0 | BN136: 0 | BO136: 0 | BP136: 0 | BQ136: Não
A137: 46297 | B137: 1000 | D137: 1000 | G137: 1 | I137: 0 | J137: 0 | K137: 0 | L137: 1000 | N137: 0 | O137: 0 | P137: 0 | Q137: 0 | R137: 1000 | S137: 1536 | T137: 1536000 | U137: 0 | V137: 0 | W137: 0 | X137: 0 | Y137: 0 | Z137: 0 | AA137: 0 | AB137: 0 | AC137: 0 | AD137: 0 | AG137: 0 | AH137: 4 | AI137: 28 | AJ137: 4 | AK137: 360 | AP137: 0 | AQ137: 0 | AR137: 0 | AS137: 0 | AT137: 0 | AU137: 0 | AV137: 0 | AW137: 0 | AX137: 0 | AY137: 0 | AZ137: 0 | BA137: 0 | BB137: 0 | BC137: 0 | BD137: 0 | BE137: 0 | BF137: 0 | BG137: 0 | BH137: 0 | BI137: 0 | BJ137: 0 | BK137: 0 | BL137: 0 | BM137: 0 | BN137: 0 | BO137: 0 | BP137: 0 | BQ137: Não
A138: 46298 | B138: 1000 | D138: 1000 | G138: 1 | I138: 0 | J138: 0 | K138: 0 | L138: 1000 | N138: 0 | O138: 0 | P138: 0 | Q138: 0 | R138: 1000 | S138: 1536 | T138: 1536000 | U138: 0 | V138: 0 | W138: 0 | X138: 0 | Y138: 0 | Z138: 0 | AA138: 0 | AB138: 0 | AC138: 0 | AD138: 0 | AG138: 0 | AH138: 5 | AI138: 28 | AJ138: 5 | AK138: 360 | AP138: 0 | AQ138: 0 | AR138: 0 | AS138: 0 | AT138: 0 | AU138: 0 | AV138: 0 | AW138: 0 | AX138: 0 | AY138: 0 | AZ138: 0 | BA138: 0 | BB138: 0 | BC138: 0 | BD138: 0 | BE138: 0 | BF138: 0 | BG138: 0 | BH138: 0 | BI138: 0 | BJ138: 0 | BK138: 0 | BL138: 0 | BM138: 0 | BN138: 0 | BO138: 0 | BP138: 0 | BQ138: Não
A139: 46299 | B139: 1000 | D139: 1000 | G139: 1 | I139: 0 | J139: 0 | K139: 0 | L139: 1000 | N139: 0 | O139: 0 | P139: 0 | Q139: 0 | R139: 1000 | S139: 1536 | T139: 1536000 | U139: 0 | V139: 0 | W139: 0 | X139: 0 | Y139: 0 | Z139: 0 | AA139: 0 | AB139: 0 | AC139: 0 | AD139: 0 | AG139: 0 | AH139: 6 | AI139: 28 | AJ139: 6 | AK139: 360 | AP139: 0 | AQ139: 0 | AR139: 0 | AS139: 0 | AT139: 0 | AU139: 0 | AV139: 0 | AW139: 0 | AX139: 0 | AY139: 0 | AZ139: 0 | BA139: 0 | BB139: 0 | BC139: 0 | BD139: 0 | BE139: 0 | BF139: 0 | BG139: 0 | BH139: 0 | BI139: 0 | BJ139: 0 | BK139: 0 | BL139: 0 | BM139: 0 | BN139: 0 | BO139: 0 | BP139: 0 | BQ139: Não
A140: 46300 | B140: 1000 | D140: 1000 | G140: 1 | I140: 0 | J140: 0 | K140: 0 | L140: 1000 | N140: 0 | O140: 0 | P140: 0 | Q140: 0 | R140: 1000 | S140: 1536 | T140: 1536000 | U140: 0 | V140: 0 | W140: 0 | X140: 0 | Y140: 0 | Z140: 0 | AA140: 0 | AB140: 0 | AC140: 0 | AD140: 0 | AG140: 0 | AH140: 7 | AI140: 28 | AJ140: 7 | AK140: 360 | AP140: 0 | AQ140: 0 | AR140: 0 | AS140: 0 | AT140: 0 | AU140: 0 | AV140: 0 | AW140: 0 | AX140: 0 | AY140: 0 | AZ140: 0 | BA140: 0 | BB140: 0 | BC140: 0 | BD140: 0 | BE140: 0 | BF140: 0 | BG140: 0 | BH140: 0 | BI140: 0 | BJ140: 0 | BK140: 0 | BL140: 0 | BM140: 0 | BN140: 0 | BO140: 0 | BP140: 0 | BQ140: Não
A141: 46301 | B141: 1000 | D141: 1000 | G141: 1 | I141: 0 | J141: 0 | K141: 0 | L141: 1000 | N141: 0 | O141: 0 | P141: 0 | Q141: 0 | R141: 1000 | S141: 1536 | T141: 1536000 | U141: 0 | V141: 0 | W141: 0 | X141: 0 | Y141: 0 | Z141: 0 | AA141: 0 | AB141: 0 | AC141: 0 | AD141: 0 | AG141: 0 | AH141: 8 | AI141: 28 | AJ141: 8 | AK141: 360 | AP141: 0 | AQ141: 0 | AR141: 0 | AS141: 0 | AT141: 0 | AU141: 0 | AV141: 0 | AW141: 0 | AX141: 0 | AY141: 0 | AZ141: 0 | BA141: 0 | BB141: 0 | BC141: 0 | BD141: 0 | BE141: 0 | BF141: 0 | BG141: 0 | BH141: 0 | BI141: 0 | BJ141: 0 | BK141: 0 | BL141: 0 | BM141: 0 | BN141: 0 | BO141: 0 | BP141: 0 | BQ141: Não
A142: 46302 | B142: 1000 | D142: 1000 | G142: 1 | I142: 0 | J142: 0 | K142: 0 | L142: 1000 | N142: 0 | O142: 0 | P142: 0 | Q142: 0 | R142: 1000 | S142: 1536 | T142: 1536000 | U142: 0 | V142: 0 | W142: 0 | X142: 0 | Y142: 0 | Z142: 0 | AA142: 0 | AB142: 0 | AC142: 0 | AD142: 0 | AG142: 0 | AH142: 9 | AI142: 28 | AJ142: 9 | AK142: 360 | AP142: 0 | AQ142: 0 | AR142: 0 | AS142: 0 | AT142: 0 | AU142: 0 | AV142: 0 | AW142: 0 | AX142: 0 | AY142: 0 | AZ142: 0 | BA142: 0 | BB142: 0 | BC142: 0 | BD142: 0 | BE142: 0 | BF142: 0 | BG142: 0 | BH142: 0 | BI142: 0 | BJ142: 0 | BK142: 0 | BL142: 0 | BM142: 0 | BN142: 0 | BO142: 0 | BP142: 0 | BQ142: Não
A143: 46303 | B143: 1000 | D143: 1000 | G143: 1 | I143: 0 | J143: 0 | K143: 0 | L143: 1000 | N143: 0 | O143: 0 | P143: 0 | Q143: 0 | R143: 1000 | S143: 1536 | T143: 1536000 | U143: 0 | V143: 0 | W143: 0 | X143: 0 | Y143: 0 | Z143: 0 | AA143: 0 | AB143: 0 | AC143: 0 | AD143: 0 | AG143: 0 | AH143: 10 | AI143: 28 | AJ143: 10 | AK143: 360 | AP143: 0 | AQ143: 0 | AR143: 0 | AS143: 0 | AT143: 0 | AU143: 0 | AV143: 0 | AW143: 0 | AX143: 0 | AY143: 0 | AZ143: 0 | BA143: 0 | BB143: 0 | BC143: 0 | BD143: 0 | BE143: 0 | BF143: 0 | BG143: 0 | BH143: 0 | BI143: 0 | BJ143: 0 | BK143: 0 | BL143: 0 | BM143: 0 | BN143: 0 | BO143: 0 | BP143: 0 | BQ143: Não
A144: 46304 | B144: 1000 | D144: 1000 | G144: 1 | I144: 0 | J144: 0 | K144: 0 | L144: 1000 | N144: 0 | O144: 0 | P144: 0 | Q144: 0 | R144: 1000 | S144: 1536 | T144: 1536000 | U144: 0 | V144: 0 | W144: 0 | X144: 0 | Y144: 0 | Z144: 0 | AA144: 0 | AB144: 0 | AC144: 0 | AD144: 0 | AG144: 0 | AH144: 11 | AI144: 28 | AJ144: 11 | AK144: 360 | AP144: 0 | AQ144: 0 | AR144: 0 | AS144: 0 | AT144: 0 | AU144: 0 | AV144: 0 | AW144: 0 | AX144: 0 | AY144: 0 | AZ144: 0 | BA144: 0 | BB144: 0 | BC144: 0 | BD144: 0 | BE144: 0 | BF144: 0 | BG144: 0 | BH144: 0 | BI144: 0 | BJ144: 0 | BK144: 0 | BL144: 0 | BM144: 0 | BN144: 0 | BO144: 0 | BP144: 0 | BQ144: Não
A145: 46305 | B145: 1000 | D145: 1000 | G145: 1 | I145: 0 | J145: 0 | K145: 0 | L145: 1000 | N145: 0 | O145: 0 | P145: 0 | Q145: 0 | R145: 1000 | S145: 1536 | T145: 1536000 | U145: 0 | V145: 0 | W145: 0 | X145: 0 | Y145: 0 | Z145: 0 | AA145: 0 | AB145: 0 | AC145: 0 | AD145: 0 | AG145: 0 | AH145: 12 | AI145: 28 | AJ145: 12 | AK145: 360 | AP145: 0 | AQ145: 0 | AR145: 0 | AS145: 0 | AT145: 0 | AU145: 0 | AV145: 0 | AW145: 0 | AX145: 0 | AY145: 0 | AZ145: 0 | BA145: 0 | BB145: 0 | BC145: 0 | BD145: 0 | BE145: 0 | BF145: 0 | BG145: 0 | BH145: 0 | BI145: 0 | BJ145: 0 | BK145: 0 | BL145: 0 | BM145: 0 | BN145: 0 | BO145: 0 | BP145: 0 | BQ145: Não
... A160: 46320 | B160: 1000 | D160: 1000 | G160: 1 | I160: 0 | J160: 0 | K160: 0 | L160: 1000 | N160: 0 | O160: 0 | P160: 0 | Q160: 0 | R160: 1000 | S160: 1536 | T160: 1536000 | U160: 0 | V160: 0 | W160: 0 | X160: 0 | Y160: 0 | Z160: 0 | AA160: 0 | AB160: 0 | AC160: 0 | AD160: 0 | AG160: 0 | AH160: 27 | AI160: 28 | AJ160: 27 | AK160: 360 | AP160: 0 | AQ160: 0 | AR160: 0 | AS160: 0 | AT160: 0 | AU160: 0 | AV160: 0 | AW160: 0 | AX160: 0 | AY160: 0 | AZ160: 0 | BA160: 0 | BB160: 0 | BC160: 0 | BD160: 0 | BE160: 0 | BF160: 0 | BG160: 0 | BH160: 0 | BI160: 0 | BJ160: 0 | BK160: 0 | BL160: 0 | BM160: 0 | BN160: 0 | BO160: 0 | BP160: 0 | BQ160: Não
A161: 46321 | B161: 1000 | D161: 1000 | G161: 1 | I161: 0 | J161: 0 | K161: 0 | L161: 1000 | M161: 0 | N161: 0 | O161: 0 | P161: 0 | Q161: 0 | R161: 1000 | S161: 1536 | T161: 1536000 | U161: 0 | V161: 0 | W161: 0 | X161: 0 | Y161: 0 | Z161: 0 | AA161: 0 | AB161: 0 | AC161: 0 | AD161: 0 | AG161: 0 | AH161: 28 | AI161: 28 | AJ161: 28 | AK161: 360 | AP161: 0 | AQ161: 0 | AR161: 0 | AS161: 0 | AT161: 0 | AU161: 0 | AV161: 0 | AW161: 0 | AX161: 0 | AY161: 0 | AZ161: 0 | BA161: 0 | BB161: 0 | BC161: 0 | BD161: 0 | BE161: 0 | BF161: 0 | BG161: 0 | BH161: 0 | BI161: 0 | BJ161: 0 | BK161: 0 | BL161: 0 | BM161: 0 | BN161: 0 | BO161: 0 | BP161: 0 | BQ161: Não
A162: 46322 | B162: 1000 | D162: 1000 | G162: 1 | I162: 0 | J162: 0 | K162: 0 | L162: 1000 | N162: 0 | O162: 0 | P162: 0 | Q162: 0 | R162: 1000 | S162: 1536 | T162: 1536000 | U162: 0 | V162: 0 | W162: 0 | X162: 0 | Y162: 0 | Z162: 0 | AA162: 0 | AB162: 0 | AC162: 0 | AD162: 0 | AG162: 0 | AH162: 1 | AI162: 31 | AJ162: 1 | AK162: 360 | AP162: 0 | AQ162: 0 | AR162: 0 | AS162: 0 | AT162: 0 | AU162: 0 | AV162: 0 | AW162: 0 | AX162: 0 | AY162: 0 | AZ162: 0 | BA162: 0 | BB162: 0 | BC162: 0 | BD162: 0 | BE162: 0 | BF162: 0 | BG162: 0 | BH162: 0 | BI162: 0 | BJ162: 0 | BK162: 0 | BL162: 0 | BM162: 0 | BN162: 0 | BO162: 0 | BP162: 0 | BQ162: Não
A163: 46323 | B163: 1000 | D163: 1000 | G163: 1 | I163: 0 | J163: 0 | K163: 0 | L163: 1000 | N163: 0 | O163: 0 | P163: 0 | Q163: 0 | R163: 1000 | S163: 1536 | T163: 1536000 | U163: 0 | V163: 0 | W163: 0 | X163: 0 | Y163: 0 | Z163: 0 | AA163: 0 | AB163: 0 | AC163: 0 | AD163: 0 | AG163: 0 | AH163: 2 | AI163: 31 | AJ163: 2 | AK163: 360 | AP163: 0 | AQ163: 0 | AR163: 0 | AS163: 0 | AT163: 0 | AU163: 0 | AV163: 0 | AW163: 0 | AX163: 0 | AY163: 0 | AZ163: 0 | BA163: 0 | BB163: 0 | BC163: 0 | BD163: 0 | BE163: 0 | BF163: 0 | BG163: 0 | BH163: 0 | BI163: 0 | BJ163: 0 | BK163: 0 | BL163: 0 | BM163: 0 | BN163: 0 | BO163: 0 | BP163: 0 | BQ163: Não
A164: 46324 | B164: 1000 | D164: 1000 | G164: 1 | I164: 0 | J164: 0 | K164: 0 | L164: 1000 | N164: 0 | O164: 0 | P164: 0 | Q164: 0 | R164: 1000 | S164: 1536 | T164: 1536000 | U164: 0 | V164: 0 | W164: 0 | X164: 0 | Y164: 0 | Z164: 0 | AA164: 0 | AB164: 0 | AC164: 0 | AD164: 0 | AG164: 0 | AH164: 3 | AI164: 31 | AJ164: 3 | AK164: 360 | AP164: 0 | AQ164: 0 | AR164: 0 | AS164: 0 | AT164: 0 | AU164: 0 | AV164: 0 | AW164: 0 | AX164: 0 | AY164: 0 | AZ164: 0 | BA164: 0 | BB164: 0 | BC164: 0 | BD164: 0 | BE164: 0 | BF164: 0 | BG164: 0 | BH164: 0 | BI164: 0 | BJ164: 0 | BK164: 0 | BL164: 0 | BM164: 0 | BN164: 0 | BO164: 0 | BP164: 0 | BQ164: Não
A165: 46325 | B165: 1000 | D165: 1000 | G165: 1 | I165: 0 | J165: 0 | K165: 0 | L165: 1000 | N165: 0 | O165: 0 | P165: 0 | Q165: 0 | R165: 1000 | S165: 1536 | T165: 1536000 | U165: 0 | V165: 0 | W165: 0 | X165: 0 | Y165: 0 | Z165: 0 | AA165: 0 | AB165: 0 | AC165: 0 | AD165: 0 | AG165: 0 | AH165: 4 | AI165: 31 | AJ165: 4 | AK165: 360 | AP165: 0 | AQ165: 0 | AR165: 0 | AS165: 0 | AT165: 0 | AU165: 0 | AV165: 0 | AW165: 0 | AX165: 0 | AY165: 0 | AZ165: 0 | BA165: 0 | BB165: 0 | BC165: 0 | BD165: 0 | BE165: 0 | BF165: 0 | BG165: 0 | BH165: 0 | BI165: 0 | BJ165: 0 | BK165: 0 | BL165: 0 | BM165: 0 | BN165: 0 | BO165: 0 | BP165: 0 | BQ165: Não
A166: 46326 | B166: 1000 | D166: 1000 | G166: 1 | I166: 0 | J166: 0 | K166: 0 | L166: 1000 | N166: 0 | O166: 0 | P166: 0 | Q166: 0 | R166: 1000 | S166: 1536 | T166: 1536000 | U166: 0 | V166: 0 | W166: 0 | X166: 0 | Y166: 0 | Z166: 0 | AA166: 0 | AB166: 0 | AC166: 0 | AD166: 0 | AG166: 0 | AH166: 5 | AI166: 31 | AJ166: 5 | AK166: 360 | AP166: 0 | AQ166: 0 | AR166: 0 | AS166: 0 | AT166: 0 | AU166: 0 | AV166: 0 | AW166: 0 | AX166: 0 | AY166: 0 | AZ166: 0 | BA166: 0 | BB166: 0 | BC166: 0 | BD166: 0 | BE166: 0 | BF166: 0 | BG166: 0 | BH166: 0 | BI166: 0 | BJ166: 0 | BK166: 0 | BL166: 0 | BM166: 0 | BN166: 0 | BO166: 0 | BP166: 0 | BQ166: Não
A167: 46327 | B167: 1000 | D167: 1000 | G167: 1 | I167: 0 | J167: 0 | K167: 0 | L167: 1000 | N167: 0 | O167: 0 | P167: 0 | Q167: 0 | R167: 1000 | S167: 1536 | T167: 1536000 | U167: 0 | V167: 0 | W167: 0 | X167: 0 | Y167: 0 | Z167: 0 | AA167: 0 | AB167: 0 | AC167: 0 | AD167: 0 | AG167: 0 | AH167: 6 | AI167: 31 | AJ167: 6 | AK167: 360 | AP167: 0 | AQ167: 0 | AR167: 0 | AS167: 0 | AT167: 0 | AU167: 0 | AV167: 0 | AW167: 0 | AX167: 0 | AY167: 0 | AZ167: 0 | BA167: 0 | BB167: 0 | BC167: 0 | BD167: 0 | BE167: 0 | BF167: 0 | BG167: 0 | BH167: 0 | BI167: 0 | BJ167: 0 | BK167: 0 | BL167: 0 | BM167: 0 | BN167: 0 | BO167: 0 | BP167: 0 | BQ167: Não
A168: 46328 | B168: 1000 | D168: 1000 | G168: 1 | I168: 0 | J168: 0 | K168: 0 | L168: 1000 | N168: 0 | O168: 0 | P168: 0 | Q168: 0 | R168: 1000 | S168: 1536 | T168: 1536000 | U168: 0 | V168: 0 | W168: 0 | X168: 0 | Y168: 0 | Z168: 0 | AA168: 0 | AB168: 0 | AC168: 0 | AD168: 0 | AG168: 0 | AH168: 7 | AI168: 31 | AJ168: 7 | AK168: 360 | AP168: 0 | AQ168: 0 | AR168: 0 | AS168: 0 | AT168: 0 | AU168: 0 | AV168: 0 | AW168: 0 | AX168: 0 | AY168: 0 | AZ168: 0 | BA168: 0 | BB168: 0 | BC168: 0 | BD168: 0 | BE168: 0 | BF168: 0 | BG168: 0 | BH168: 0 | BI168: 0 | BJ168: 0 | BK168: 0 | BL168: 0 | BM168: 0 | BN168: 0 | BO168: 0 | BP168: 0 | BQ168: Não
A169: 46329 | B169: 1000 | D169: 1000 | G169: 1 | I169: 0 | J169: 0 | K169: 0 | L169: 1000 | N169: 0 | O169: 0 | P169: 0 | Q169: 0 | R169: 1000 | S169: 1536 | T169: 1536000 | U169: 0 | V169: 0 | W169: 0 | X169: 0 | Y169: 0 | Z169: 0 | AA169: 0 | AB169: 0 | AC169: 0 | AD169: 0 | AG169: 0 | AH169: 8 | AI169: 31 | AJ169: 8 | AK169: 360 | AP169: 0 | AQ169: 0 | AR169: 0 | AS169: 0 | AT169: 0 | AU169: 0 | AV169: 0 | AW169: 0 | AX169: 0 | AY169: 0 | AZ169: 0 | BA169: 0 | BB169: 0 | BC169: 0 | BD169: 0 | BE169: 0 | BF169: 0 | BG169: 0 | BH169: 0 | BI169: 0 | BJ169: 0 | BK169: 0 | BL169: 0 | BM169: 0 | BN169: 0 | BO169: 0 | BP169: 0 | BQ169: Não
A170: 46330 | B170: 1000 | D170: 1000 | G170: 1 | I170: 0 | J170: 0 | K170: 0 | L170: 1000 | N170: 0 | O170: 0 | P170: 0 | Q170: 0 | R170: 1000 | S170: 1536 | T170: 1536000 | U170: 0 | V170: 0 | W170: 0 | X170: 0 | Y170: 0 | Z170: 0 | AA170: 0 | AB170: 0 | AC170: 0 | AD170: 0 | AG170: 0 | AH170: 9 | AI170: 31 | AJ170: 9 | AK170: 360 | AP170: 0 | AQ170: 0 | AR170: 0 | AS170: 0 | AT170: 0 | AU170: 0 | AV170: 0 | AW170: 0 | AX170: 0 | AY170: 0 | AZ170: 0 | BA170: 0 | BB170: 0 | BC170: 0 | BD170: 0 | BE170: 0 | BF170: 0 | BG170: 0 | BH170: 0 | BI170: 0 | BJ170: 0 | BK170: 0 | BL170: 0 | BM170: 0 | BN170: 0 | BO170: 0 | BP170: 0 | BQ170: Não
A171: 46331 | B171: 1000 | D171: 1000 | G171: 1 | I171: 0 | J171: 0 | K171: 0 | L171: 1000 | N171: 0 | O171: 0 | P171: 0 | Q171: 0 | R171: 1000 | S171: 1536 | T171: 1536000 | U171: 0 | V171: 0 | W171: 0 | X171: 0 | Y171: 0 | Z171: 0 | AA171: 0 | AB171: 0 | AC171: 0 | AD171: 0 | AG171: 0 | AH171: 10 | AI171: 31 | AJ171: 10 | AK171: 360 | AP171: 0 | AQ171: 0 | AR171: 0 | AS171: 0 | AT171: 0 | AU171: 0 | AV171: 0 | AW171: 0 | AX171: 0 | AY171: 0 | AZ171: 0 | BA171: 0 | BB171: 0 | BC171: 0 | BD171: 0 | BE171: 0 | BF171: 0 | BG171: 0 | BH171: 0 | BI171: 0 | BJ171: 0 | BK171: 0 | BL171: 0 | BM171: 0 | BN171: 0 | BO171: 0 | BP171: 0 | BQ171: Não
A172: 46332 | B172: 1000 | D172: 1000 | G172: 1 | I172: 0 | J172: 0 | K172: 0 | L172: 1000 | N172: 0 | O172: 0 | P172: 0 | Q172: 0 | R172: 1000 | S172: 1536 | T172: 1536000 | U172: 0 | V172: 0 | W172: 0 | X172: 0 | Y172: 0 | Z172: 0 | AA172: 0 | AB172: 0 | AC172: 0 | AD172: 0 | AG172: 0 | AH172: 11 | AI172: 31 | AJ172: 11 | AK172: 360 | AP172: 0 | AQ172: 0 | AR172: 0 | AS172: 0 | AT172: 0 | AU172: 0 | AV172: 0 | AW172: 0 | AX172: 0 | AY172: 0 | AZ172: 0 | BA172: 0 | BB172: 0 | BC172: 0 | BD172: 0 | BE172: 0 | BF172: 0 | BG172: 0 | BH172: 0 | BI172: 0 | BJ172: 0 | BK172: 0 | BL172: 0 | BM172: 0 | BN172: 0 | BO172: 0 | BP172: 0 | BQ172: Não
A173: 46333 | B173: 1000 | D173: 1000 | G173: 1 | I173: 0 | J173: 0 | K173: 0 | L173: 1000 | N173: 0 | O173: 0 | P173: 0 | Q173: 0 | R173: 1000 | S173: 1536 | T173: 1536000 | U173: 0 | V173: 0 | W173: 0 | X173: 0 | Y173: 0 | Z173: 0 | AA173: 0 | AB173: 0 | AC173: 0 | AD173: 0 | AG173: 0 | AH173: 12 | AI173: 31 | AJ173: 12 | AK173: 360 | AP173: 0 | AQ173: 0 | AR173: 0 | AS173: 0 | AT173: 0 | AU173: 0 | AV173: 0 | AW173: 0 | AX173: 0 | AY173: 0 | AZ173: 0 | BA173: 0 | BB173: 0 | BC173: 0 | BD173: 0 | BE173: 0 | BF173: 0 | BG173: 0 | BH173: 0 | BI173: 0 | BJ173: 0 | BK173: 0 | BL173: 0 | BM173: 0 | BN173: 0 | BO173: 0 | BP173: 0 | BQ173: Não
... A191: 46351 | B191: 1000 | D191: 1000 | G191: 1 | I191: 0 | J191: 0 | K191: 0 | L191: 1000 | N191: 0 | O191: 0 | P191: 0 | Q191: 0 | R191: 1000 | S191: 1536 | T191: 1536000 | U191: 0 | V191: 0 | W191: 0 | X191: 0 | Y191: 0 | Z191: 0 | AA191: 0 | AB191: 0 | AC191: 0 | AD191: 0 | AG191: 0 | AH191: 30 | AI191: 31 | AJ191: 30 | AK191: 360 | AP191: 0 | AQ191: 0 | AR191: 0 | AS191: 0 | AT191: 0 | AU191: 0 | AV191: 0 | AW191: 0 | AX191: 0 | AY191: 0 | AZ191: 0 | BA191: 0 | BB191: 0 | BC191: 0 | BD191: 0 | BE191: 0 | BF191: 0 | BG191: 0 | BH191: 0 | BI191: 0 | BJ191: 0 | BK191: 0 | BL191: 0 | BM191: 0 | BN191: 0 | BO191: 0 | BP191: 0 | BQ191: Não
A192: 46352 | B192: 1000 | D192: 1000 | G192: 1 | I192: 0 | J192: 0 | K192: 0 | L192: 1000 | M192: 0 | N192: 0 | O192: 0 | P192: 0 | Q192: 0 | R192: 1000 | S192: 1536 | T192: 1536000 | U192: 0 | V192: 0 | W192: 0 | X192: 0 | Y192: 0 | Z192: 0 | AA192: 0 | AB192: 0 | AC192: 0 | AD192: 0 | AG192: 0 | AH192: 31 | AI192: 31 | AJ192: 31 | AK192: 360 | AP192: 0 | AQ192: 0 | AR192: 0 | AS192: 0 | AT192: 0 | AU192: 0 | AV192: 0 | AW192: 0 | AX192: 0 | AY192: 0 | AZ192: 0 | BA192: 0 | BB192: 0 | BC192: 0 | BD192: 0 | BE192: 0 | BF192: 0 | BG192: 0 | BH192: 0 | BI192: 0 | BJ192: 0 | BK192: 0 | BL192: 0 | BM192: 0 | BN192: 0 | BO192: 0 | BP192: 0 | BQ192: Não
A193: 46353 | B193: 1000 | D193: 1000 | G193: 1 | I193: 0 | J193: 0 | K193: 0 | L193: 1000 | N193: 0 | O193: 0 | P193: 0 | Q193: 0 | R193: 1000 | S193: 1536 | T193: 1536000 | U193: 0 | V193: 0 | W193: 0 | X193: 0 | Y193: 0 | Z193: 0 | AA193: 0 | AB193: 0 | AC193: 0 | AD193: 0 | AG193: 0 | AH193: 1 | AI193: 32 | AJ193: 1 | AK193: 360 | AP193: 0 | AQ193: 0 | AR193: 0 | AS193: 0 | AT193: 0 | AU193: 0 | AV193: 0 | AW193: 0 | AX193: 0 | AY193: 0 | AZ193: 0 | BA193: 0 | BB193: 0 | BC193: 0 | BD193: 0 | BE193: 0 | BF193: 0 | BG193: 0 | BH193: 0 | BI193: 0 | BJ193: 0 | BK193: 0 | BL193: 0 | BM193: 0 | BN193: 0 | BO193: 0 | BP193: 0 | BQ193: Não
A194: 46354 | B194: 1000 | D194: 1000 | G194: 1 | I194: 0 | J194: 0 | K194: 0 | L194: 1000 | N194: 0 | O194: 0 | P194: 0 | Q194: 0 | R194: 1000 | S194: 1536 | T194: 1536000 | U194: 0 | V194: 0 | W194: 0 | X194: 0 | Y194: 0 | Z194: 0 | AA194: 0 | AB194: 0 | AC194: 0 | AD194: 0 | AG194: 0 | AH194: 2 | AI194: 32 | AJ194: 2 | AK194: 360 | AP194: 0 | AQ194: 0 | AR194: 0 | AS194: 0 | AT194: 0 | AU194: 0 | AV194: 0 | AW194: 0 | AX194: 0 | AY194: 0 | AZ194: 0 | BA194: 0 | BB194: 0 | BC194: 0 | BD194: 0 | BE194: 0 | BF194: 0 | BG194: 0 | BH194: 0 | BI194: 0 | BJ194: 0 | BK194: 0 | BL194: 0 | BM194: 0 | BN194: 0 | BO194: 0 | BP194: 0 | BQ194: Não
A195: 46355 | B195: 1000 | D195: 1000 | G195: 1 | I195: 0 | J195: 0 | K195: 0 | L195: 1000 | N195: 0 | O195: 0 | P195: 0 | Q195: 0 | R195: 1000 | S195: 1536 | T195: 1536000 | U195: 0 | V195: 0 | W195: 0 | X195: 0 | Y195: 0 | Z195: 0 | AA195: 0 | AB195: 0 | AC195: 0 | AD195: 0 | AG195: 0 | AH195: 3 | AI195: 32 | AJ195: 3 | AK195: 360 | AP195: 0 | AQ195: 0 | AR195: 0 | AS195: 0 | AT195: 0 | AU195: 0 | AV195: 0 | AW195: 0 | AX195: 0 | AY195: 0 | AZ195: 0 | BA195: 0 | BB195: 0 | BC195: 0 | BD195: 0 | BE195: 0 | BF195: 0 | BG195: 0 | BH195: 0 | BI195: 0 | BJ195: 0 | BK195: 0 | BL195: 0 | BM195: 0 | BN195: 0 | BO195: 0 | BP195: 0 | BQ195: Não
A196: 46356 | B196: 1000 | D196: 1000 | G196: 1 | I196: 0 | J196: 0 | K196: 0 | L196: 1000 | N196: 0 | O196: 0 | P196: 0 | Q196: 0 | R196: 1000 | S196: 1536 | T196: 1536000 | U196: 0 | V196: 0 | W196: 0 | X196: 0 | Y196: 0 | Z196: 0 | AA196: 0 | AB196: 0 | AC196: 0 | AD196: 0 | AG196: 0 | AH196: 4 | AI196: 32 | AJ196: 4 | AK196: 360 | AP196: 0 | AQ196: 0 | AR196: 0 | AS196: 0 | AT196: 0 | AU196: 0 | AV196: 0 | AW196: 0 | AX196: 0 | AY196: 0 | AZ196: 0 | BA196: 0 | BB196: 0 | BC196: 0 | BD196: 0 | BE196: 0 | BF196: 0 | BG196: 0 | BH196: 0 | BI196: 0 | BJ196: 0 | BK196: 0 | BL196: 0 | BM196: 0 | BN196: 0 | BO196: 0 | BP196: 0 | BQ196: Não
A197: 46357 | B197: 1000 | D197: 1000 | G197: 1 | I197: 0 | J197: 0 | K197: 0 | L197: 1000 | N197: 0 | O197: 0 | P197: 0 | Q197: 0 | R197: 1000 | S197: 1536 | T197: 1536000 | U197: 0 | V197: 0 | W197: 0 | X197: 0 | Y197: 0 | Z197: 0 | AA197: 0 | AB197: 0 | AC197: 0 | AD197: 0 | AG197: 0 | AH197: 5 | AI197: 32 | AJ197: 5 | AK197: 360 | AP197: 0 | AQ197: 0 | AR197: 0 | AS197: 0 | AT197: 0 | AU197: 0 | AV197: 0 | AW197: 0 | AX197: 0 | AY197: 0 | AZ197: 0 | BA197: 0 | BB197: 0 | BC197: 0 | BD197: 0 | BE197: 0 | BF197: 0 | BG197: 0 | BH197: 0 | BI197: 0 | BJ197: 0 | BK197: 0 | BL197: 0 | BM197: 0 | BN197: 0 | BO197: 0 | BP197: 0 | BQ197: Não
A198: 46358 | B198: 1000 | D198: 1000 | G198: 1 | I198: 0 | J198: 0 | K198: 0 | L198: 1000 | N198: 0 | O198: 0 | P198: 0 | Q198: 0 | R198: 1000 | S198: 1536 | T198: 1536000 | U198: 0 | V198: 0 | W198: 0 | X198: 0 | Y198: 0 | Z198: 0 | AA198: 0 | AB198: 0 | AC198: 0 | AD198: 0 | AG198: 0 | AH198: 6 | AI198: 32 | AJ198: 6 | AK198: 360 | AP198: 0 | AQ198: 0 | AR198: 0 | AS198: 0 | AT198: 0 | AU198: 0 | AV198: 0 | AW198: 0 | AX198: 0 | AY198: 0 | AZ198: 0 | BA198: 0 | BB198: 0 | BC198: 0 | BD198: 0 | BE198: 0 | BF198: 0 | BG198: 0 | BH198: 0 | BI198: 0 | BJ198: 0 | BK198: 0 | BL198: 0 | BM198: 0 | BN198: 0 | BO198: 0 | BP198: 0 | BQ198: Não
A199: 46359 | B199: 1000 | D199: 1000 | G199: 1 | I199: 0 | J199: 0 | K199: 0 | L199: 1000 | N199: 0 | O199: 0 | P199: 0 | Q199: 0 | R199: 1000 | S199: 1536 | T199: 1536000 | U199: 0 | V199: 0 | W199: 0 | X199: 0 | Y199: 0 | Z199: 0 | AA199: 0 | AB199: 0 | AC199: 0 | AD199: 0 | AG199: 0 | AH199: 7 | AI199: 32 | AJ199: 7 | AK199: 360 | AP199: 0 | AQ199: 0 | AR199: 0 | AS199: 0 | AT199: 0 | AU199: 0 | AV199: 0 | AW199: 0 | AX199: 0 | AY199: 0 | AZ199: 0 | BA199: 0 | BB199: 0 | BC199: 0 | BD199: 0 | BE199: 0 | BF199: 0 | BG199: 0 | BH199: 0 | BI199: 0 | BJ199: 0 | BK199: 0 | BL199: 0 | BM199: 0 | BN199: 0 | BO199: 0 | BP199: 0 | BQ199: Não
A200: 46360 | B200: 1000 | D200: 1000 | G200: 1 | I200: 0 | J200: 0 | K200: 0 | L200: 1000 | N200: 0 | O200: 0 | P200: 0 | Q200: 0 | R200: 1000 | S200: 1536 | T200: 1536000 | U200: 0 | V200: 0 | W200: 0 | X200: 0 | Y200: 0 | Z200: 0 | AA200: 0 | AB200: 0 | AC200: 0 | AD200: 0 | AG200: 0 | AH200: 8 | AI200: 32 | AJ200: 8 | AK200: 360 | AP200: 0 | AQ200: 0 | AR200: 0 | AS200: 0 | AT200: 0 | AU200: 0 | AV200: 0 | AW200: 0 | AX200: 0 | AY200: 0 | AZ200: 0 | BA200: 0 | BB200: 0 | BC200: 0 | BD200: 0 | BE200: 0 | BF200: 0 | BG200: 0 | BH200: 0 | BI200: 0 | BJ200: 0 | BK200: 0 | BL200: 0 | BM200: 0 | BN200: 0 | BO200: 0 | BP200: 0 | BQ200: Não
A201: 46361 | B201: 1000 | D201: 1000 | G201: 1 | I201: 0 | J201: 0 | K201: 0 | L201: 1000 | N201: 0 | O201: 0 | P201: 0 | Q201: 0 | R201: 1000 | S201: 1536 | T201: 1536000 | U201: 0 | V201: 0 | W201: 0 | X201: 0 | Y201: 0 | Z201: 0 | AA201: 0 | AB201: 0 | AC201: 0 | AD201: 0 | AG201: 0 | AH201: 9 | AI201: 32 | AJ201: 9 | AK201: 360 | AP201: 0 | AQ201: 0 | AR201: 0 | AS201: 0 | AT201: 0 | AU201: 0 | AV201: 0 | AW201: 0 | AX201: 0 | AY201: 0 | AZ201: 0 | BA201: 0 | BB201: 0 | BC201: 0 | BD201: 0 | BE201: 0 | BF201: 0 | BG201: 0 | BH201: 0 | BI201: 0 | BJ201: 0 | BK201: 0 | BL201: 0 | BM201: 0 | BN201: 0 | BO201: 0 | BP201: 0 | BQ201: Não
...

Sheet Relatorio Investidor 2.0
E3: =Fechamento!C13 -> 46203
A4: Relatório Mensal do DEB 4E Precatório Nomos
A7: Emissão: | B7: 4 | D7: Demostrativo de Pagamento 1ª Serie
A8: Cedente: | B8: =Fechamento!L6 -> Vários PF
D9: Data do Pagamento | E9: =Fechamento!B13 -> 46199
D10: P.U. Juros | E10: Juros
D11: ='PuDiario 4E 1S'!#REF! -> #REF! | E11: =D11*B26 -> #REF!
D12: P.U. Amortização | E12: Amortização
D13: 0 | E13: 0
A14: Características da operação | D14: P.U. Amex | E14: Amex
A15: Valor da Emissão | B15: =B28+B41 -> 10250000 | D15: 0 | E15: 0
A16: Série: | B16: 1 | D16: P.U. Residual | E16: Saldo Residual
A17: Tipo de Série: | B17: Sênior | D17: ='PuDiario 4E 1S'!#REF! -> #REF! | E17: =D17*B26 -> #REF!
A18: Código IF: | B18: =Fechamento!F4 -> SOUS14
A19: Código ISIN: | B19: =Fechamento!F5 -> BRSOUSDBS067 | D19: Demostrativo de Pagamento 2ª Serie
A20: Data Emissão: | B20: =Fechamento!C8 -> 46168
A21: Data de Vencimento: | B21: =Fechamento!C9 -> 46533 | D21: Data do Pagamento | E21: =Fechamento!B13 -> 46199
A22: Indexador | B22: CDI | D22: P.U. Juros | E22: Juros
A23: Juros | B23: 0.07 | D23: =TRUNC(E23/B39,8) -> 0 | E23: =Fechamento!K13 -> 0
A24: Periodicidade: | B24: Mensal | D24: P.U. Amortização | E24: Amortização
A25: Carência: | D25: 0 | E25: 0
A26: Quantidade: | B26: 8714 | D26: P.U. Amex | E26: Amex
A27: PU Emissão: | B27: 1000 | D27: 0 | E27: 0
A28: Volume: | B28: =B26*B27 -> 8714000 | D28: P.U. Residual | E28: Saldo Residual
A29: Série: | B29: 2 | D29: ='PuDiario 4E 2S'!#REF! -> #REF! | E29: =D29*B39 -> #REF!
A30: Tipo de Série: | B30: Subordinada
A31: Código IF: | B31: =Fechamento!F7 -> SOUS24
A32: Código ISIN: | B32: =Fechamento!F8 -> BRSOUSDBS075
A33: Data Emissão: | B33: =Fechamento!C8 -> 46168
A34: Data de Vencimento: | B34: =Fechamento!C9 -> 46533
A35: Indexador | B35: -
A36: Juros | B36: -
A37: Periodicidade: | B37: Mensal
A38: Carência:
A39: Quantidade: | B39: 1536
A40: PU Emissão: | B40: 1000
A41: Volume: | B41: =B39*B40 -> 1536000
D42: Extrato Bancário
A44: Paticipantes | D44: Recebimento Mensal | E44: =IFERROR(VLOOKUP(E3,[1]Banco!$C:$I,3,0),0) -> 0
A45: Agente Fiduciário: | B45: =Fechamento!P5 -> N/A | D45: Despesas | E45: =[1]Banco!F68+[1]Banco!F65 -> 0
A46: Coodernador líder: | B46: =Fechamento!L5 -> Sou Capital | D46: Movimentação Fundos | E46: =IFERROR(VLOOKUP(E3,[1]Banco!$C:$I,5,0),0) -> 0
A47: Escriturador: | B47: =Fechamento!P7 -> Oliveira Trust DTVM | D47: Pag Investidor | E47: =IFERROR(VLOOKUP(E3,[1]Banco!$C:$I,6,0),0) -> 0
A48: Agente Consultivo | B48: - | D48: Dev Excedente
A49: Custodiante: | B49: =Fechamento!P6 -> Oliveira Trust DTVM
A50: Agencia Rating: | B50: N/A
A51: Agente Liquidante: | B51: =Fechamento!P8 -> Oliveira Trust DTVM
D63: Fundo de Despesa
D65: Inicial | E65: =Fundos!H5 -> 130000
D66: Mínimo | E66: =Fundos!H6 -> 25000
D67: Atual | E67: =Fechamento!AA13 -> 130183.08
D68: Status | E68: =IF(E67>=E66,"ENQUADRADO","DESENQUADRADO") -> ENQUADRADO
A86: Informações Complementares

Sheet Feriados!
A1: Data | B1: Dia da Semana | C1: Feriado
A2: 40544 | B2: sábado | C2: Confraternização Universal
A3: 40609 | B3: segunda-feira | C3: Carnaval
A4: 40610 | B4: terça-feira | C4: Carnaval
A5: 40654 | B5: quinta-feira | C5: Paixão de Cristo
A6: 40655 | B6: sexta-feira | C6: Tiradentes
A7: 40664 | B7: domingo | C7: Dia do Trabalho
A8: 40717 | B8: quinta-feira | C8: Corpus Christi
A9: 40793 | B9: quarta-feira | C9: Independência do Brasil
A10: 40828 | B10: quarta-feira | C10: Nossa Sr.a Aparecida - Padroeira do Brasil
A11: 40849 | B11: quarta-feira | C11: Finados
A12: 40862 | B12: terça-feira | C12: Proclamação da República
A13: 40902 | B13: domingo | C13: Natal
... A168: 45611 | B168: sexta-feira | C168: Proclamação da República
A169: 45616
A170: 45651 | B170: quarta-feira | C170: Natal
A171: 45658 | B171: quarta-feira | C171: Confraternização Universal
A172: 45719 | B172: segunda-feira | C172: Carnaval
A173: 45720 | B173: terça-feira | C173: Carnaval
A174: 45765 | B174: sexta-feira | C174: Paixão de Cristo
A175: 45768 | B175: segunda-feira | C175: Tiradentes
A176: 45778 | B176: quinta-feira | C176: Dia do Trabalho
A177: 45827 | B177: quinta-feira | C177: Corpus Christi
A178: 45907 | B178: domingo | C178: Independência do Brasil
A179: 45942 | B179: domingo | C179: Nossa Sr.a Aparecida - Padroeira do Brasil
A180: 45963 | B180: domingo | C180: Finados
A181: 45976 | B181: sábado | C181: Proclamação da República
A182: 45981
A183: 46016 | B183: quinta-feira | C183: Natal
A184: 46023 | B184: quinta-feira | C184: Confraternização Universal
A185: 46069 | B185: segunda-feira | C185: Carnaval
A186: 46070 | B186: terça-feira | C186: Carnaval
A187: 46115 | B187: sexta-feira | C187: Paixão de Cristo
A188: 46133 | B188: terça-feira | C188: Tiradentes
A189: 46143 | B189: sexta-feira | C189: Dia do Trabalho
A190: 46177 | B190: quinta-feira | C190: Corpus Christi
A191: 46272 | B191: segunda-feira | C191: Independência do Brasil
A192: 46307 | B192: segunda-feira | C192: Nossa Sr.a Aparecida - Padroeira do Brasil
A193: 46328 | B193: segunda-feira | C193: Finados
A194: 46341 | B194: domingo | C194: Proclamação da República
A195: 46346
A196: 46381 | B196: sexta-feira | C196: Natal
A197: 46388 | B197: sexta-feira | C197: Confraternização Universal
A198: 46426 | B198: segunda-feira | C198: Carnaval
A199: 46427 | B199: terça-feira | C199: Carnaval
A200: 46472 | B200: sexta-feira | C200: Paixão de Cristo
A201: 46498 | B201: quarta-feira | C201: Tiradentes
A202: 46508 | B202: sábado | C202: Dia do Trabalho
A203: 46534 | B203: quinta-feira | C203: Corpus Christi
A204: 46637 | B204: terça-feira | C204: Independência do Brasil
A205: 46672 | B205: terça-feira | C205: Nossa Sr.a Aparecida - Padroeira do Brasil
A206: 46693 | B206: terça-feira | C206: Finados
A207: 46706 | B207: segunda-feira | C207: Proclamação da República
A208: 46711
A209: 46746 | B209: sábado | C209: Natal
A210: 46753 | B210: sábado | C210: Confraternização Universal
A211: 46811 | B211: segunda-feira | C211: Carnaval
A212: 46812 | B212: terça-feira | C212: Carnaval
A213: 46857 | B213: sexta-feira | C213: Paixão de Cristo
A214: 46864 | B214: sexta-feira | C214: Tiradentes
A215: 46874 | B215: segunda-feira | C215: Dia do Trabalho
A216: 46919 | B216: quinta-feira | C216: Corpus Christi
A217: 47003 | B217: quinta-feira | C217: Independência do Brasil
A218: 47038 | B218: quinta-feira | C218: Nossa Sr.a Aparecida - Padroeira do Brasil
A219: 47059 | B219: quinta-feira | C219: Finados
A220: 47072 | B220: quarta-feira | C220: Proclamação da República
A221: 47077
A222: 47112 | B222: segunda-feira | C222: Natal
A223: 47119 | B223: segunda-feira | C223: Confraternização Universal
A224: 47161 | B224: segunda-feira | C224: Carnaval
A225: 47162 | B225: terça-feira | C225: Carnaval
A226: 47207 | B226: sexta-feira | C226: Paixão de Cristo
A227: 47229 | B227: sábado | C227: Tiradentes
A228: 47239 | B228: terça-feira | C228: Dia do Trabalho
A229: 47269 | B229: quinta-feira | C229: Corpus Christi
A230: 47368 | B230: sexta-feira | C230: Independência do Brasil
A231: 47403 | B231: sexta-feira | C231: Nossa Sr.a Aparecida - Padroeira do Brasil
A232: 47424 | B232: sexta-feira | C232: Finados
A233: 47437 | B233: quinta-feira | C233: Proclamação da República
A234: 47442
A235: 47477 | B235: terça-feira | C235: Natal
A236: 47484 | B236: terça-feira | C236: Confraternização Universal
A237: 47546 | B237: segunda-feira | C237: Carnaval
A238: 47547 | B238: terça-feira | C238: Carnaval
A239: 47592 | B239: sexta-feira | C239: Paixão de Cristo
A240: 47594 | B240: domingo | C240: Tiradentes
A241: 47604 | B241: quarta-feira | C241: Dia do Trabalho
A242: 47654 | B242: quinta-feira | C242: Corpus Christi
A243: 47733 | B243: sábado | C243: Independência do Brasil
A244: 47768 | B244: sábado | C244: Nossa Sr.a Aparecida - Padroeira do Brasil
A245: 47789 | B245: sábado | C245: Finados
A246: 47802 | B246: sexta-feira | C246: Proclamação da República
A247: 47807
A248: 47842 | B248: quarta-feira | C248: Natal
A249: 47849 | B249: quarta-feira | C249: Confraternização Universal
A250: 47903 | B250: segunda-feira | C250: Carnaval
A251: 47904 | B251: terça-feira | C251: Carnaval
A252: 47949 | B252: sexta-feira | C252: Paixão de Cristo
A253: 47959 | B253: segunda-feira | C253: Tiradentes
A254: 47969 | B254: quinta-feira | C254: Dia do Trabalho
...
